Workbook
Name Priorité: PA!$AD$5:$AD$11

Sheet Priorité
G1: SYSTEME DE MANAGEMENT DE L’EHS
A2: Site : | G2: Projet de mise en conformité Machines du site
A3: Manuel EHS Ed
G4: Mise à jour du : 21/01/2019 | N4: Par : Jérôme LACASSAGNE
D6: Examen de vérification de conformité non opportun selon Bureau de contrôle
D7: En veille ou à l'arrêt, en vue d'une cession ou destruction
D8: Cédée ou détruite et évacuée
A10: N° de lignes Invt. | B10: DONNEES MACHINES | N10: ESTMATIONS | T10: Commentaires | AB10: Années | AG10: Coûts
B11: LOCALISATIONS | E11: N° | F11: MSI | G11: NOMS | H11: MARQUES | I11: FONCTIONS | J11: FIXE OU PORTATIF | K11: Vérifications de conformité machines réalisées | L11: Référentiel Règlementaire applicable | M11: PRIORITE | N11: Planification de réalisation | O11: Coûts mises en conformité | P11: Coûts Recep. Par tiers expert | Q11: Temps passé en heures
Q12: Ressources Internes | R12: Ressoureces Externes | AB12: 2018 | AC12: 2019 | AD12: 2020 | AE12: 2021 | AF12: 2022 | AG12: 2018 | AH12: 2018 | AI12: 2020 | AJ12: 2021 | AK12: 2022
A13: ='Invt Machines'!A13 -> 1 | B13: =IF('Invt Machines'!B13="","",'Invt Machines'!B13) -> Channel | C13: 11 | D13: =IF('Invt Machines'!D13="","",'Invt Machines'!D13) -> 16 | E13: =IF('Invt Machines'!E13="","",'Invt Machines'!E13) -> PE500 | F13: =IF('Invt Machines'!F13="","",'Invt Machines'!F13) -> 3187547 | G13: =IF('Invt Machines'!G13="","",'Invt Machines'!G13) -> ARMAY BOREY | H13: =IF('Invt Machines'!H13="","",'Invt Machines'!H13) -> ARMAY BOREY | I13: =IF('Invt Machines'!I13="","",'Invt Machines'!I13) -> Perceuse | J13: =IF('Invt Machines'!J13="","",'Invt Machines'!J13) -> Fixe | K13: =IF('Invt Machines'!X13="","NON","OUI") -> NON | M13: 2 | N13: 2020 | O13: 1500 | Q13: 8 | R13: 24 | T13: =IF('Invt Machines'!AF13="","",'Invt Machines'!AF13) | Z13: 1 | AB13: =IF(N13=2018,1,"") | AC13: =IF(N13=2019,1,"") | AD13: =IF(N13=2020,1,"") -> 1 | AE13: =IF(N13=2021,1,"") | AF13: =IF(N13=2022,1,"") | AG13: =IF(N13=2018,O13,"") | AH13: =IF(N13=2019,O13,"") | AI13: =IF(N13=2020,O13,"") -> 1500 | AJ13: =IF(N13=2021,O13,"") | AK13: =IF(N13=2022,O13,"")
A14: ='Invt Machines'!A14 -> 2 | B14: =IF('Invt Machines'!B14="","",'Invt Machines'!B14) -> Channel | C14: 11 | D14: =IF('Invt Machines'!D14="","",'Invt Machines'!D14) -> 16 | E14: =IF('Invt Machines'!E14="","",'Invt Machines'!E14) -> 742 | F14: =IF('Invt Machines'!F14="","",'Invt Machines'!F14) | G14: =IF('Invt Machines'!G14="","",'Invt Machines'!G14) -> MONTAGE C11 N° 118 | H14: =IF('Invt Machines'!H14="","",'Invt Machines'!H14) -> RKS | I14: =IF('Invt Machines'!I14="","",'Invt Machines'!I14) -> Table de montage | J14: =IF('Invt Machines'!J14="","",'Invt Machines'!J14) -> Fixe | K14: =IF('Invt Machines'!X14="","NON","OUI") -> NON | M14: 2 | N14: 2020 | O14: 6000 | Q14: 8 | R14: 4 | T14: =IF('Invt Machines'!AF14="","",'Invt Machines'!AF14) | Z14: 2 | AB14: =IF(N14=2018,1,"") | AC14: =IF(N14=2019,1,"") | AD14: =IF(N14=2020,1,"") -> 1 | AE14: =IF(N14=2021,1,"") | AF14: =IF(N14=2022,1,"") | AG14: =IF(N14=2018,O14,"") | AH14: =IF(N14=2019,O14,"") | AI14: =IF(N14=2020,O14,"") -> 6000 | AJ14: =IF(N14=2021,O14,"") | AK14: =IF(N14=2022,O14,"")
A15: ='Invt Machines'!A15 -> 3 | B15: =IF('Invt Machines'!B15="","",'Invt Machines'!B15) -> Channel | C15: 11 | D15: =IF('Invt Machines'!D15="","",'Invt Machines'!D15) -> 16 | E15: =IF('Invt Machines'!E15="","",'Invt Machines'!E15) -> 742 | F15: =IF('Invt Machines'!F15="","",'Invt Machines'!F15) | G15: =IF('Invt Machines'!G15="","",'Invt Machines'!G15) -> MONTAGE C11 N° 126 | H15: =IF('Invt Machines'!H15="","",'Invt Machines'!H15) -> RKS | I15: =IF('Invt Machines'!I15="","",'Invt Machines'!I15) -> Table de montage | J15: =IF('Invt Machines'!J15="","",'Invt Machines'!J15) -> Fixe | K15: =IF('Invt Machines'!X15="","NON","OUI") -> OUI | L15: Code du travail | M15: 2 | N15: 2020 | O15: 5000 | Q15: 8 | R15: 4 | T15: =IF('Invt Machines'!AF15="","",'Invt Machines'!AF15) -> Chiffrage en cours. Communiquer le schéma électrique au prochain tiers expert afin qu'il valide les fonctions de sécurité. | Z15: 3 | AB15: =IF(N15=2018,1,"") | AC15: =IF(N15=2019,1,"") | AD15: =IF(N15=2020,1,"") -> 1 | AE15: =IF(N15=2021,1,"") | AF15: =IF(N15=2022,1,"") | AG15: =IF(N15=2018,O15,"") | AH15: =IF(N15=2019,O15,"") | AI15: =IF(N15=2020,O15,"") -> 5000 | AJ15: =IF(N15=2021,O15,"") | AK15: =IF(N15=2022,O15,"")
A16: ='Invt Machines'!A16 -> 4 | B16: =IF('Invt Machines'!B16="","",'Invt Machines'!B16) -> Channel | C16: 11 | D16: =IF('Invt Machines'!D16="","",'Invt Machines'!D16) -> 16 | E16: =IF('Invt Machines'!E16="","",'Invt Machines'!E16) -> 252 | F16: =IF('Invt Machines'!F16="","",'Invt Machines'!F16) -> 3187603 | G16: =IF('Invt Machines'!G16="","",'Invt Machines'!G16) -> TFF100 | H16: =IF('Invt Machines'!H16="","",'Invt Machines'!H16) -> BERTHIEZ | I16: =IF('Invt Machines'!I16="","",'Invt Machines'!I16) -> Tour | J16: =IF('Invt Machines'!J16="","",'Invt Machines'!J16) -> Fixe | K16: =IF('Invt Machines'!X16="","NON","OUI") -> NON | M16: NC | O16: NC | P16: NC | T16: =IF('Invt Machines'!AF16="","",'Invt Machines'!AF16) -> non concernée du fait du projet de la sortir du parc | AB16: =IF(N16=2018,1,"") | AC16: =IF(N16=2019,1,"") | AD16: =IF(N16=2020,1,"") | AE16: =IF(N16=2021,1,"") | AF16: =IF(N16=2022,1,"") | AG16: =IF(N16=2018,O16,"") | AH16: =IF(N16=2019,O16,"") | AI16: =IF(N16=2020,O16,"") | AJ16: =IF(N16=2021,O16,"") | AK16: =IF(N16=2022,O16,"")
A17: ='Invt Machines'!A17 -> 5 | B17: =IF('Invt Machines'!B17="","",'Invt Machines'!B17) -> Channel | C17: 11 | D17: =IF('Invt Machines'!D17="","",'Invt Machines'!D17) -> 16 | E17: =IF('Invt Machines'!E17="","",'Invt Machines'!E17) -> 3322 | F17: =IF('Invt Machines'!F17="","",'Invt Machines'!F17) -> 3187667 | G17: =IF('Invt Machines'!G17="","",'Invt Machines'!G17) -> UNIPORT | H17: =IF('Invt Machines'!H17="","",'Invt Machines'!H17) -> UNISIGN | I17: =IF('Invt Machines'!I17="","",'Invt Machines'!I17) -> Perceuse | J17: =IF('Invt Machines'!J17="","",'Invt Machines'!J17) -> Fixe | K17: =IF('Invt Machines'!X17="","NON","OUI") -> NON | M17: NC | O17: NC | P17: NC | T17: =IF('Invt Machines'!AF17="","",'Invt Machines'!AF17) -> non concernée du fait du projet de la sortir du parc | AB17: =IF(N17=2018,1,"") | AC17: =IF(N17=2019,1,"") | AD17: =IF(N17=2020,1,"") | AE17: =IF(N17=2021,1,"") | AF17: =IF(N17=2022,1,"") | AG17: =IF(N17=2018,O17,"") | AH17: =IF(N17=2019,O17,"") | AI17: =IF(N17=2020,O17,"") | AJ17: =IF(N17=2021,O17,"") | AK17: =IF(N17=2022,O17,"")
A18: ='Invt Machines'!A18 -> 6 | B18: =IF('Invt Machines'!B18="","",'Invt Machines'!B18) -> Channel | C18: 11 | D18: =IF('Invt Machines'!D18="","",'Invt Machines'!D18) -> 16 | E18: =IF('Invt Machines'!E18="","",'Invt Machines'!E18) -> 353 | F18: =IF('Invt Machines'!F18="","",'Invt Machines'!F18) | G18: =IF('Invt Machines'!G18="","",'Invt Machines'!G18) -> FOUR SAT | H18: =IF('Invt Machines'!H18="","",'Invt Machines'!H18) -> SAT | I18: =IF('Invt Machines'!I18="","",'Invt Machines'!I18) -> Four | J18: =IF('Invt Machines'!J18="","",'Invt Machines'!J18) -> Fixe | K18: =IF('Invt Machines'!X18="","NON","OUI") -> OUI | L18: Code du travail | M18: 3 | N18: 2021 | O18: 4000 | Q18: 4 | R18: 16 | T18: =IF('Invt Machines'!AF18="","",'Invt Machines'!AF18) | AB18: =IF(N18=2018,1,"") | AC18: =IF(N18=2019,1,"") | AD18: =IF(N18=2020,1,"") | AE18: =IF(N18=2021,1,"") -> 1 | AF18: =IF(N18=2022,1,"") | AG18: =IF(N18=2018,O18,"") | AH18: =IF(N18=2019,O18,"") | AI18: =IF(N18=2020,O18,"") | AJ18: =IF(N18=2021,O18,"") -> 4000 | AK18: =IF(N18=2022,O18,"")
A19: ='Invt Machines'!A19 -> 7 | B19: =IF('Invt Machines'!B19="","",'Invt Machines'!B19) -> Channel | C19: 11 | D19: =IF('Invt Machines'!D19="","",'Invt Machines'!D19) -> 16 | E19: =IF('Invt Machines'!E19="","",'Invt Machines'!E19) -> 401 | F19: =IF('Invt Machines'!F19="","",'Invt Machines'!F19) -> 3186779 | G19: =IF('Invt Machines'!G19="","",'Invt Machines'!G19) -> L1500 | H19: =IF('Invt Machines'!H19="","",'Invt Machines'!H19) -> LIEBHERR | I19: =IF('Invt Machines'!I19="","",'Invt Machines'!I19) -> Tailleuse | J19: =IF('Invt Machines'!J19="","",'Invt Machines'!J19) -> Fixe | K19: =IF('Invt Machines'!X19="","NON","OUI") -> NON | M19: NC | O19: NC | P19: NC | T19: =IF('Invt Machines'!AF19="","",'Invt Machines'!AF19) -> Sortie du parc. Bon de ferraillage au 25/07/2018 (sortie immob le 14/03/2018) | AB19: =IF(N19=2018,1,"") | AC19: =IF(N19=2019,1,"") | AD19: =IF(N19=2020,1,"") | AE19: =IF(N19=2021,1,"") | AF19: =IF(N19=2022,1,"") | AG19: =IF(N19=2018,O19,"") | AH19: =IF(N19=2019,O19,"") | AI19: =IF(N19=2020,O19,"") | AJ19: =IF(N19=2021,O19,"") | AK19: =IF(N19=2022,O19,"")
A20: ='Invt Machines'!A20 -> 8 | B20: =IF('Invt Machines'!B20="","",'Invt Machines'!B20) -> Channel | C20: 11 | D20: =IF('Invt Machines'!D20="","",'Invt Machines'!D20) -> 16 | E20: =IF('Invt Machines'!E20="","",'Invt Machines'!E20) -> 712 | F20: =IF('Invt Machines'!F20="","",'Invt Machines'!F20) | G20: =IF('Invt Machines'!G20="","",'Invt Machines'!G20) -> MONTAGE C13 N° 135 | H20: =IF('Invt Machines'!H20="","",'Invt Machines'!H20) -> SKF | I20: =IF('Invt Machines'!I20="","",'Invt Machines'!I20) -> Table de montage | J20: =IF('Invt Machines'!J20="","",'Invt Machines'!J20) -> Fixe | K20: =IF('Invt Machines'!X20="","NON","OUI") -> OUI | L20: Code du travail | M20: NC | O20: NC | P20: NC | T20: =IF('Invt Machines'!AF20="","",'Invt Machines'!AF20) -> Sortie du parc. Bon de ferraillage au 19/12/2018 | AB20: =IF(N20=2018,1,"") | AC20: =IF(N20=2019,1,"") | AD20: =IF(N20=2020,1,"") | AE20: =IF(N20=2021,1,"") | AF20: =IF(N20=2022,1,"") | AG20: =IF(N20=2018,O20,"") | AH20: =IF(N20=2019,O20,"") | AI20: =IF(N20=2020,O20,"") | AJ20: =IF(N20=2021,O20,"") | AK20: =IF(N20=2022,O20,"")
A21: ='Invt Machines'!A21 -> 9 | B21: =IF('Invt Machines'!B21="","",'Invt Machines'!B21) -> Channel | C21: 11 | D21: =IF('Invt Machines'!D21="","",'Invt Machines'!D21) -> 16 | E21: =IF('Invt Machines'!E21="","",'Invt Machines'!E21) -> 311 | F21: =IF('Invt Machines'!F21="","",'Invt Machines'!F21) -> 3188515 | G21: =IF('Invt Machines'!G21="","",'Invt Machines'!G21) -> EMA piste | H21: =IF('Invt Machines'!H21="","",'Invt Machines'!H21) -> EMA | I21: =IF('Invt Machines'!I21="","",'Invt Machines'!I21) -> Trempe piste | J21: =IF('Invt Machines'!J21="","",'Invt Machines'!J21) -> Fixe | K21: =IF('Invt Machines'!X21="","NON","OUI") -> NON | M21: NC | O21: NC | P21: NC | T21: =IF('Invt Machines'!AF21="","",'Invt Machines'!AF21) -> Sortie du parc. Bon de ferraillage au 25/07/2018 (sortie immob le 12/09/2018) | AB21: =IF(N21=2018,1,"") | AC21: =IF(N21=2019,1,"") | AD21: =IF(N21=2020,1,"") | AE21: =IF(N21=2021,1,"") | AF21: =IF(N21=2022,1,"") | AG21: =IF(N21=2018,O21,"") | AH21: =IF(N21=2019,O21,"") | AI21: =IF(N21=2020,O21,"") | AJ21: =IF(N21=2021,O21,"") | AK21: =IF(N21=2022,O21,"")
A22: ='Invt Machines'!A22 -> 10 | B22: =IF('Invt Machines'!B22="","",'Invt Machines'!B22) -> Channel | C22: 11 | D22: =IF('Invt Machines'!D22="","",'Invt Machines'!D22) -> 16 | E22: =IF('Invt Machines'!E22="","",'Invt Machines'!E22) -> 313 | F22: =IF('Invt Machines'!F22="","",'Invt Machines'!F22) -> 3188323 | G22: =IF('Invt Machines'!G22="","",'Invt Machines'!G22) -> EMA Denture | H22: =IF('Invt Machines'!H22="","",'Invt Machines'!H22) -> EMA | I22: =IF('Invt Machines'!I22="","",'Invt Machines'!I22) -> Trempe denture | J22: =IF('Invt Machines'!J22="","",'Invt Machines'!J22) -> Fixe | K22: =IF('Invt Machines'!X22="","NON","OUI") -> OUI | L22: DIRECTIVE 98/37/CE ANNEXE I | M22: 2 | N22: 2020 | O22: 8000 | Q22: 4 | R22: 16 | T22: =IF('Invt Machines'!AF22="","",'Invt Machines'!AF22) | AB22: =IF(N22=2018,1,"") | AC22: =IF(N22=2019,1,"") | AD22: =IF(N22=2020,1,"") -> 1 | AE22: =IF(N22=2021,1,"") | AF22: =IF(N22=2022,1,"") | AG22: =IF(N22=2018,O22,"") | AH22: =IF(N22=2019,O22,"") | AI22: =IF(N22=2020,O22,"") -> 8000 | AJ22: =IF(N22=2021,O22,"") | AK22: =IF(N22=2022,O22,"")
A23: ='Invt Machines'!A23 -> 11 | B23: =IF('Invt Machines'!B23="","",'Invt Machines'!B23) -> Channel | C23: 11 | D23: =IF('Invt Machines'!D23="","",'Invt Machines'!D23) -> 16 | E23: =IF('Invt Machines'!E23="","",'Invt Machines'!E23) -> 316 | F23: =IF('Invt Machines'!F23="","",'Invt Machines'!F23) -> 3188075 | G23: =IF('Invt Machines'!G23="","",'Invt Machines'!G23) -> EMA Denture | H23: =IF('Invt Machines'!H23="","",'Invt Machines'!H23) -> EMA | I23: =IF('Invt Machines'!I23="","",'Invt Machines'!I23) -> Trempe denture | J23: =IF('Invt Machines'!J23="","",'Invt Machines'!J23) -> Fixe | K23: =IF('Invt Machines'!X23="","NON","OUI") -> NON | M23: 2 | N23: 2020 | O23: 8000 | Q23: 4 | R23: 16 | T23: =IF('Invt Machines'!AF23="","",'Invt Machines'!AF23) | AB23: =IF(N23=2018,1,"") | AC23: =IF(N23=2019,1,"") | AD23: =IF(N23=2020,1,"") -> 1 | AE23: =IF(N23=2021,1,"") | AF23: =IF(N23=2022,1,"") | AG23: =IF(N23=2018,O23,"") | AH23: =IF(N23=2019,O23,"") | AI23: =IF(N23=2020,O23,"") -> 8000 | AJ23: =IF(N23=2021,O23,"") | AK23: =IF(N23=2022,O23,"")
A24: ='Invt Machines'!A24 -> 12 | B24: =IF('Invt Machines'!B24="","",'Invt Machines'!B24) -> Channel | C24: 11 | D24: =IF('Invt Machines'!D24="","",'Invt Machines'!D24) -> 16 | E24: =IF('Invt Machines'!E24="","",'Invt Machines'!E24) -> 412 | F24: =IF('Invt Machines'!F24="","",'Invt Machines'!F24) -> 3187827 | G24: =IF('Invt Machines'!G24="","",'Invt Machines'!G24) -> L2000 | H24: =IF('Invt Machines'!H24="","",'Invt Machines'!H24) -> LIEBHERR | I24: =IF('Invt Machines'!I24="","",'Invt Machines'!I24) -> Tailleuse | J24: =IF('Invt Machines'!J24="","",'Invt Machines'!J24) -> Fixe | K24: =IF('Invt Machines'!X24="","NON","OUI") -> NON | M24: 2 | N24: 2020 | O24: 15000 | Q24: 16 | R24: 24 | T24: =IF('Invt Machines'!AF24="","",'Invt Machines'!AF24) | AB24: =IF(N24=2018,1,"") | AC24: =IF(N24=2019,1,"") | AD24: =IF(N24=2020,1,"") -> 1 | AE24: =IF(N24=2021,1,"") | AF24: =IF(N24=2022,1,"") | AG24: =IF(N24=2018,O24,"") | AH24: =IF(N24=2019,O24,"") | AI24: =IF(N24=2020,O24,"") -> 15000 | AJ24: =IF(N24=2021,O24,"") | AK24: =IF(N24=2022,O24,"")
A25: ='Invt Machines'!A25 -> 13 | B25: =IF('Invt Machines'!B25="","",'Invt Machines'!B25) -> Channel | C25: 11 | D25: =IF('Invt Machines'!D25="","",'Invt Machines'!D25) -> 16 | E25: =IF('Invt Machines'!E25="","",'Invt Machines'!E25) -> 413 | F25: =IF('Invt Machines'!F25="","",'Invt Machines'!F25) -> 3187259 | G25: =IF('Invt Machines'!G25="","",'Invt Machines'!G25) -> LS2000 | H25: =IF('Invt Machines'!H25="","",'Invt Machines'!H25) -> LIEBHERR | I25: =IF('Invt Machines'!I25="","",'Invt Machines'!I25) -> Tailleuse | J25: =IF('Invt Machines'!J25="","",'Invt Machines'!J25) -> Fixe | K25: =IF('Invt Machines'!X25="","NON","OUI") -> OUI | L25: Code du travail | M25: 1 | N25: 2019 | O25: 15000 | Q25: 16 | R25: 24 | T25: =IF('Invt Machines'!AF25="","",'Invt Machines'!AF25) | AB25: =IF(N25=2018,1,"") | AC25: =IF(N25=2019,1,"") -> 1 | AD25: =IF(N25=2020,1,"") | AE25: =IF(N25=2021,1,"") | AF25: =IF(N25=2022,1,"") | AG25: =IF(N25=2018,O25,"") | AH25: =IF(N25=2019,O25,"") -> 15000 | AI25: =IF(N25=2020,O25,"") | AJ25: =IF(N25=2021,O25,"") | AK25: =IF(N25=2022,O25,"")
A26: ='Invt Machines'!A26 -> 14 | B26: =IF('Invt Machines'!B26="","",'Invt Machines'!B26) -> Channel | C26: 11 | D26: =IF('Invt Machines'!D26="","",'Invt Machines'!D26) -> 16 | E26: =IF('Invt Machines'!E26="","",'Invt Machines'!E26) -> 3270 | F26: =IF('Invt Machines'!F26="","",'Invt Machines'!F26) -> 3187755 | G26: =IF('Invt Machines'!G26="","",'Invt Machines'!G26) -> SCHIESS CN | H26: =IF('Invt Machines'!H26="","",'Invt Machines'!H26) -> SCHIESS | I26: =IF('Invt Machines'!I26="","",'Invt Machines'!I26) -> Tailleuse | J26: =IF('Invt Machines'!J26="","",'Invt Machines'!J26) -> Fixe | K26: =IF('Invt Machines'!X26="","NON","OUI") -> NON | M26: 1 | N26: 2019 | O26: 20000 | Q26: 16 | R26: 24 | T26: =IF('Invt Machines'!AF26="","",'Invt Machines'!AF26) | AB26: =IF(N26=2018,1,"") | AC26: =IF(N26=2019,1,"") -> 1 | AD26: =IF(N26=2020,1,"") | AE26: =IF(N26=2021,1,"") | AF26: =IF(N26=2022,1,"") | AG26: =IF(N26=2018,O26,"") | AH26: =IF(N26=2019,O26,"") -> 20000 | AI26: =IF(N26=2020,O26,"") | AJ26: =IF(N26=2021,O26,"") | AK26: =IF(N26=2022,O26,"")
A27: ='Invt Machines'!A27 -> 15 | B27: =IF('Invt Machines'!B27="","",'Invt Machines'!B27) -> Channel | C27: 11 | D27: =IF('Invt Machines'!D27="","",'Invt Machines'!D27) -> 16 | E27: =IF('Invt Machines'!E27="","",'Invt Machines'!E27) -> 3069 | F27: =IF('Invt Machines'!F27="","",'Invt Machines'!F27) -> 3188595 | G27: =IF('Invt Machines'!G27="","",'Invt Machines'!G27) -> AC15 | H27: =IF('Invt Machines'!H27="","",'Invt Machines'!H27) -> PIETRO CARNAGHI | I27: =IF('Invt Machines'!I27="","",'Invt Machines'!I27) -> Tour vertical / perceuse | J27: =IF('Invt Machines'!J27="","",'Invt Machines'!J27) -> Fixe | K27: =IF('Invt Machines'!X27="","NON","OUI") -> NON | M27: 2 | N27: 2020 | O27: 6000 | Q27: 12 | R27: 24 | T27: =IF('Invt Machines'!AF27="","",'Invt Machines'!AF27) | AB27: =IF(N27=2018,1,"") | AC27: =IF(N27=2019,1,"") | AD27: =IF(N27=2020,1,"") -> 1 | AE27: =IF(N27=2021,1,"") | AF27: =IF(N27=2022,1,"") | AG27: =IF(N27=2018,O27,"") | AH27: =IF(N27=2019,O27,"") | AI27: =IF(N27=2020,O27,"") -> 6000 | AJ27: =IF(N27=2021,O27,"") | AK27: =IF(N27=2022,O27,"")
A28: ='Invt Machines'!A28 -> 16 | B28: =IF('Invt Machines'!B28="","",'Invt Machines'!B28) -> Channel | C28: 11 | D28: =IF('Invt Machines'!D28="","",'Invt Machines'!D28) -> 16 | E28: =IF('Invt Machines'!E28="","",'Invt Machines'!E28) -> 73 | F28: =IF('Invt Machines'!F28="","",'Invt Machines'!F28) -> 3188147 | G28: =IF('Invt Machines'!G28="","",'Invt Machines'!G28) -> AC20 | H28: =IF('Invt Machines'!H28="","",'Invt Machines'!H28) -> PIETRO CARNAGHI | I28: =IF('Invt Machines'!I28="","",'Invt Machines'!I28) -> Tour vertical / perceuse | J28: =IF('Invt Machines'!J28="","",'Invt Machines'!J28) -> Fixe | K28: =IF('Invt Machines'!X28="","NON","OUI") -> OUI | L28: Code du travail | M28: 2 | N28: 2020 | O28: ? | T28: =IF('Invt Machines'!AF28="","",'Invt Machines'!AF28) -> Un rétrofit a été réalisé en juillet 2017 et intègre la levée des réserves et une réception par un bureau de contrôle | AB28: =IF(N28=2018,1,"") | AC28: =IF(N28=2019,1,"") | AD28: =IF(N28=2020,1,"") -> 1 | AE28: =IF(N28=2021,1,"") | AF28: =IF(N28=2022,1,"") | AG28: =IF(N28=2018,O28,"") | AH28: =IF(N28=2019,O28,"") | AI28: =IF(N28=2020,O28,"") -> ? | AJ28: =IF(N28=2021,O28,"") | AK28: =IF(N28=2022,O28,"")
A29: ='Invt Machines'!A29 -> 17 | B29: =IF('Invt Machines'!B29="","",'Invt Machines'!B29) -> Channel | C29: 11 | D29: =IF('Invt Machines'!D29="","",'Invt Machines'!D29) -> 16 | E29: =IF('Invt Machines'!E29="","",'Invt Machines'!E29) -> 3116 | F29: =IF('Invt Machines'!F29="","",'Invt Machines'!F29) -> 3188603 | G29: =IF('Invt Machines'!G29="","",'Invt Machines'!G29) -> AC20 | H29: =IF('Invt Machines'!H29="","",'Invt Machines'!H29) -> PIETRO CARNAGHI | I29: =IF('Invt Machines'!I29="","",'Invt Machines'!I29) -> Tour vertical / perceuse | J29: =IF('Invt Machines'!J29="","",'Invt Machines'!J29) -> Fixe | K29: =IF('Invt Machines'!X29="","NON","OUI") -> OUI | L29: Code du travail | M29: 2 | N29: 2020 | O29: 6000 | Q29: 3 | R29: 24 | T29: =IF('Invt Machines'!AF29="","",'Invt Machines'!AF29) -> Chiffrage en cours. Communiquer le schéma électrique au prochain tiers expert afin qu'il valide les fonctions de sécurité. | AB29: =IF(N29=2018,1,"") | AC29: =IF(N29=2019,1,"") | AD29: =IF(N29=2020,1,"") -> 1 | AE29: =IF(N29=2021,1,"") | AF29: =IF(N29=2022,1,"") | AG29: =IF(N29=2018,O29,"") | AH29: =IF(N29=2019,O29,"") | AI29: =IF(N29=2020,O29,"") -> 6000 | AJ29: =IF(N29=2021,O29,"") | AK29: =IF(N29=2022,O29,"")
A30: ='Invt Machines'!A30 -> 18 | B30: =IF('Invt Machines'!B30="","",'Invt Machines'!B30) -> Channel | C30: 11 | D30: =IF('Invt Machines'!D30="","",'Invt Machines'!D30) -> 16 | E30: =IF('Invt Machines'!E30="","",'Invt Machines'!E30) -> 3265 | F30: =IF('Invt Machines'!F30="","",'Invt Machines'!F30) -> 3187643 | G30: =IF('Invt Machines'!G30="","",'Invt Machines'!G30) -> AC20 | H30: =IF('Invt Machines'!H30="","",'Invt Machines'!H30) -> PIETRO CARNAGHI | I30: =IF('Invt Machines'!I30="","",'Invt Machines'!I30) -> Tour vertical / perceuse | J30: =IF('Invt Machines'!J30="","",'Invt Machines'!J30) -> Fixe | K30: =IF('Invt Machines'!X30="","NON","OUI") -> NON | M30: 2 | N30: 2020 | O30: ? | T30: =IF('Invt Machines'!AF30="","",'Invt Machines'!AF30) -> Un rétrofit est prévu en juillet 2018 et intègrera la levée des réserves et une réception par un bureau de contrôle | AB30: =IF(N30=2018,1,"") | AC30: =IF(N30=2019,1,"") | AD30: =IF(N30=2020,1,"") -> 1 | AE30: =IF(N30=2021,1,"") | AF30: =IF(N30=2022,1,"") | AG30: =IF(N30=2018,O30,"") | AH30: =IF(N30=2019,O30,"") | AI30: =IF(N30=2020,O30,"") -> ? | AJ30: =IF(N30=2021,O30,"") | AK30: =IF(N30=2022,O30,"")
A31: ='Invt Machines'!A31 -> 19 | B31: =IF('Invt Machines'!B31="","",'Invt Machines'!B31) -> Channel | C31: 11 | D31: =IF('Invt Machines'!D31="","",'Invt Machines'!D31) -> 16 | E31: =IF('Invt Machines'!E31="","",'Invt Machines'!E31) -> 702 | F31: =IF('Invt Machines'!F31="","",'Invt Machines'!F31) | G31: =IF('Invt Machines'!G31="","",'Invt Machines'!G31) -> MACHINE A LAVER | H31: =IF('Invt Machines'!H31="","",'Invt Machines'!H31) -> SEMAME | I31: =IF('Invt Machines'!I31="","",'Invt Machines'!I31) -> Machine à laver | J31: =IF('Invt Machines'!J31="","",'Invt Machines'!J31) -> Fixe | K31: =IF('Invt Machines'!X31="","NON","OUI") -> NON | M31: NC | O31: NC | P31: NC | T31: =IF('Invt Machines'!AF31="","",'Invt Machines'!AF31) -> Sortie du parc. Bon de ferraillage au 01/09/2018 (sortie immob le 12/09/2018) | AB31: =IF(N31=2018,1,"") | AC31: =IF(N31=2019,1,"") | AD31: =IF(N31=2020,1,"") | AE31: =IF(N31=2021,1,"") | AF31: =IF(N31=2022,1,"") | AG31: =IF(N31=2018,O31,"") | AH31: =IF(N31=2019,O31,"") | AI31: =IF(N31=2020,O31,"") | AJ31: =IF(N31=2021,O31,"") | AK31: =IF(N31=2022,O31,"")
A32: ='Invt Machines'!A32 -> 20 | B32: =IF('Invt Machines'!B32="","",'Invt Machines'!B32) -> Channel | C32: 11 | D32: =IF('Invt Machines'!D32="","",'Invt Machines'!D32) -> 16 | E32: =IF('Invt Machines'!E32="","",'Invt Machines'!E32) -> 712 | F32: =IF('Invt Machines'!F32="","",'Invt Machines'!F32) -> 3195827 | G32: =IF('Invt Machines'!G32="","",'Invt Machines'!G32) -> MONTAGE C13 N° 134 | H32: =IF('Invt Machines'!H32="","",'Invt Machines'!H32) -> AS2i | I32: =IF('Invt Machines'!I32="","",'Invt Machines'!I32) -> Table de montage | J32: =IF('Invt Machines'!J32="","",'Invt Machines'!J32) -> Fixe | K32: =IF('Invt Machines'!X32="","NON","OUI") -> NON | M32: 2 | N32: 2020 | O32: 6000 | Q32: 8 | R32: 16 | T32: =IF('Invt Machines'!AF32="","",'Invt Machines'!AF32) | AB32: =IF(N32=2018,1,"") | AC32: =IF(N32=2019,1,"") | AD32: =IF(N32=2020,1,"") -> 1 | AE32: =IF(N32=2021,1,"") | AF32: =IF(N32=2022,1,"") | AG32: =IF(N32=2018,O32,"") | AH32: =IF(N32=2019,O32,"") | AI32: =IF(N32=2020,O32,"") -> 6000 | AJ32: =IF(N32=2021,O32,"") | AK32: =IF(N32=2022,O32,"")
A33: ='Invt Machines'!A33 -> 21 | B33: =IF('Invt Machines'!B33="","",'Invt Machines'!B33) -> Channel | C33: 11 | D33: =IF('Invt Machines'!D33="","",'Invt Machines'!D33) -> 16 | E33: =IF('Invt Machines'!E33="","",'Invt Machines'!E33) -> 0014.1 | F33: =IF('Invt Machines'!F33="","",'Invt Machines'!F33) | G33: =IF('Invt Machines'!G33="","",'Invt Machines'!G33) -> POSTE EBAVURAGE | H33: =IF('Invt Machines'!H33="","",'Invt Machines'!H33) -> ? | I33: =IF('Invt Machines'!I33="","",'Invt Machines'!I33) -> Ebavurage | J33: =IF('Invt Machines'!J33="","",'Invt Machines'!J33) -> Appareil portatif | K33: =IF('Invt Machines'!X33="","NON","OUI") -> NON | M33: NC | O33: NC | P33: NC | Q33: NC | R33: NC | T33: =IF('Invt Machines'!AF33="","",'Invt Machines'!AF33) -> Pas opportun selon bureau de contrôle, outil portatif / mobile avec CE en série | AB33: =IF(N33=2018,1,"") | AC33: =IF(N33=2019,1,"") | AD33: =IF(N33=2020,1,"") | AE33: =IF(N33=2021,1,"") | AF33: =IF(N33=2022,1,"") | AG33: =IF(N33=2018,O33,"") | AH33: =IF(N33=2019,O33,"") | AI33: =IF(N33=2020,O33,"") | AJ33: =IF(N33=2021,O33,"") | AK33: =IF(N33=2022,O33,"")
A34: ='Invt Machines'!A34 -> 22 | B34: =IF('Invt Machines'!B34="","",'Invt Machines'!B34) -> Channel | C34: 11 | D34: =IF('Invt Machines'!D34="","",'Invt Machines'!D34) -> 16 | E34: =IF('Invt Machines'!E34="","",'Invt Machines'!E34) -> 013 | F34: =IF('Invt Machines'!F34="","",'Invt Machines'!F34) | G34: =IF('Invt Machines'!G34="","",'Invt Machines'!G34) -> POSTE DE REDRESSAGE | H34: =IF('Invt Machines'!H34="","",'Invt Machines'!H34) -> SKF | I34: =IF('Invt Machines'!I34="","",'Invt Machines'!I34) -> Redressage | J34: =IF('Invt Machines'!J34="","",'Invt Machines'!J34) -> Fixe | K34: =IF('Invt Machines'!X34="","NON","OUI") -> NON | M34: 1 | N34: 2019 | O34: 3000 | Q34: 8 | R34: 16 | T34: =IF('Invt Machines'!AF34="","",'Invt Machines'!AF34) | AB34: =IF(N34=2018,1,"") | AC34: =IF(N34=2019,1,"") -> 1 | AD34: =IF(N34=2020,1,"") | AE34: =IF(N34=2021,1,"") | AF34: =IF(N34=2022,1,"") | AG34: =IF(N34=2018,O34,"") | AH34: =IF(N34=2019,O34,"") -> 3000 | AI34: =IF(N34=2020,O34,"") | AJ34: =IF(N34=2021,O34,"") | AK34: =IF(N34=2022,O34,"")
A35: ='Invt Machines'!A35 -> 23 | B35: =IF('Invt Machines'!B35="","",'Invt Machines'!B35) -> Channel | C35: 11 | D35: =IF('Invt Machines'!D35="","",'Invt Machines'!D35) -> 16 | E35: =IF('Invt Machines'!E35="","",'Invt Machines'!E35) -> 585 | F35: =IF('Invt Machines'!F35="","",'Invt Machines'!F35) | G35: =IF('Invt Machines'!G35="","",'Invt Machines'!G35) -> BRAS TARAUDEUR | H35: =IF('Invt Machines'!H35="","",'Invt Machines'!H35) -> POWERTOOLS | I35: =IF('Invt Machines'!I35="","",'Invt Machines'!I35) -> Bras taraudeur | J35: =IF('Invt Machines'!J35="","",'Invt Machines'!J35) -> Fixe | K35: =IF('Invt Machines'!X35="","NON","OUI") -> NON | M35: NC | O35: NC | P35: NC | T35: =IF('Invt Machines'!AF35="","",'Invt Machines'!AF35) -> Sortie du parc. Bon de ferraillage au 29/08/2018 | AB35: =IF(N35=2018,1,"") | AC35: =IF(N35=2019,1,"") | AD35: =IF(N35=2020,1,"") | AE35: =IF(N35=2021,1,"") | AF35: =IF(N35=2022,1,"") | AG35: =IF(N35=2018,O35,"") | AH35: =IF(N35=2019,O35,"") | AI35: =IF(N35=2020,O35,"") | AJ35: =IF(N35=2021,O35,"") | AK35: =IF(N35=2022,O35,"")
A36: ='Invt Machines'!A36 -> 24 | B36: =IF('Invt Machines'!B36="","",'Invt Machines'!B36) -> Channel | C36: 11 | D36: =IF('Invt Machines'!D36="","",'Invt Machines'!D36) -> 16 | E36: =IF('Invt Machines'!E36="","",'Invt Machines'!E36) -> 561 | F36: =IF('Invt Machines'!F36="","",'Invt Machines'!F36) -> 3186763 | G36: =IF('Invt Machines'!G36="","",'Invt Machines'!G36) -> CHOMIENNE | H36: =IF('Invt Machines'!H36="","",'Invt Machines'!H36) -> CHOMIENNE | I36: =IF('Invt Machines'!I36="","",'Invt Machines'!I36) -> Perceuse | J36: =IF('Invt Machines'!J36="","",'Invt Machines'!J36) -> Fixe | K36: =IF('Invt Machines'!X36="","NON","OUI") -> NON | M36: NC | O36: NC | P36: NC | T36: =IF('Invt Machines'!AF36="","",'Invt Machines'!AF36) -> Sortie du parc. Bon de ferraillage au 05/01/2018 (sortie immob le 25/01/2018) | AB36: =IF(N36=2018,1,"") | AC36: =IF(N36=2019,1,"") | AD36: =IF(N36=2020,1,"") | AE36: =IF(N36=2021,1,"") | AF36: =IF(N36=2022,1,"") | AG36: =IF(N36=2018,O36,"") | AH36: =IF(N36=2019,O36,"") | AI36: =IF(N36=2020,O36,"") | AJ36: =IF(N36=2021,O36,"") | AK36: =IF(N36=2022,O36,"")
A37: ='Invt Machines'!A37 -> 25 | B37: =IF('Invt Machines'!B37="","",'Invt Machines'!B37) -> Channel | C37: 11 | D37: =IF('Invt Machines'!D37="","",'Invt Machines'!D37) -> 16 | E37: =IF('Invt Machines'!E37="","",'Invt Machines'!E37) -> 7221 | F37: =IF('Invt Machines'!F37="","",'Invt Machines'!F37) | G37: =IF('Invt Machines'!G37="","",'Invt Machines'!G37) -> CINTREUSE JONCS | H37: =IF('Invt Machines'!H37="","",'Invt Machines'!H37) -> ? | I37: =IF('Invt Machines'!I37="","",'Invt Machines'!I37) -> Cintreuse | J37: =IF('Invt Machines'!J37="","",'Invt Machines'!J37) -> Fixe | K37: =IF('Invt Machines'!X37="","NON","OUI") -> OUI | L37: Code du travail | M37: 1 | N37: 2019 | O37: 3000 | Q37: 8 | R37: 16 | T37: =IF('Invt Machines'!AF37="","",'Invt Machines'!AF37) | AB37: =IF(N37=2018,1,"") | AC37: =IF(N37=2019,1,"") -> 1 | AD37: =IF(N37=2020,1,"") | AE37: =IF(N37=2021,1,"") | AF37: =IF(N37=2022,1,"") | AG37: =IF(N37=2018,O37,"") | AH37: =IF(N37=2019,O37,"") -> 3000 | AI37: =IF(N37=2020,O37,"") | AJ37: =IF(N37=2021,O37,"") | AK37: =IF(N37=2022,O37,"")
A38: ='Invt Machines'!A38 -> 26 | B38: =IF('Invt Machines'!B38="","",'Invt Machines'!B38) -> Channel | C38: 11 | D38: =IF('Invt Machines'!D38="","",'Invt Machines'!D38) -> 16 | E38: =IF('Invt Machines'!E38="","",'Invt Machines'!E38) -> 048 | F38: =IF('Invt Machines'!F38="","",'Invt Machines'!F38) | G38: =IF('Invt Machines'!G38="","",'Invt Machines'!G38) -> TRONCONNEUSE JONCS | H38: =IF('Invt Machines'!H38="","",'Invt Machines'!H38) -> SIDAMO | I38: =IF('Invt Machines'!I38="","",'Invt Machines'!I38) -> Tronçonneuse | J38: =IF('Invt Machines'!J38="","",'Invt Machines'!J38) -> Fixe | K38: =IF('Invt Machines'!X38="","NON","OUI") -> NON | M38: 3 | N38: 2021 | O38: 100 | Q38: 1 | R38: 1 | T38: =IF('Invt Machines'!AF38="","",'Invt Machines'!AF38) | AB38: =IF(N38=2018,1,"") | AC38: =IF(N38=2019,1,"") | AD38: =IF(N38=2020,1,"") | AE38: =IF(N38=2021,1,"") -> 1 | AF38: =IF(N38=2022,1,"") | AG38: =IF(N38=2018,O38,"") | AH38: =IF(N38=2019,O38,"") | AI38: =IF(N38=2020,O38,"") | AJ38: =IF(N38=2021,O38,"") -> 100 | AK38: =IF(N38=2022,O38,"")
A39: ='Invt Machines'!A39 -> 27 | B39: =IF('Invt Machines'!B39="","",'Invt Machines'!B39) -> Channel | C39: 11 | D39: =IF('Invt Machines'!D39="","",'Invt Machines'!D39) -> 16 | E39: =IF('Invt Machines'!E39="","",'Invt Machines'!E39) -> 70288 | F39: =IF('Invt Machines'!F39="","",'Invt Machines'!F39) | G39: =IF('Invt Machines'!G39="","",'Invt Machines'!G39) -> PERCEUSE A COLONNE (PM17) JONCS | H39: =IF('Invt Machines'!H39="","",'Invt Machines'!H39) -> CINCINNATI MILACRON | I39: =IF('Invt Machines'!I39="","",'Invt Machines'!I39) -> Perceuse | J39: =IF('Invt Machines'!J39="","",'Invt Machines'!J39) -> Fixe | K39: =IF('Invt Machines'!X39="","NON","OUI") -> OUI | L39: Code du travail | M39: 3 | N39: 2021 | O39: 800 | Q39: 2 | R39: 2 | T39: =IF('Invt Machines'!AF39="","",'Invt Machines'!AF39) | AB39: =IF(N39=2018,1,"") | AC39: =IF(N39=2019,1,"") | AD39: =IF(N39=2020,1,"") | AE39: =IF(N39=2021,1,"") -> 1 | AF39: =IF(N39=2022,1,"") | AG39: =IF(N39=2018,O39,"") | AH39: =IF(N39=2019,O39,"") | AI39: =IF(N39=2020,O39,"") | AJ39: =IF(N39=2021,O39,"") -> 800 | AK39: =IF(N39=2022,O39,"")
A40: ='Invt Machines'!A40 -> 28 | B40: =IF('Invt Machines'!B40="","",'Invt Machines'!B40) -> Channel | C40: 11 | D40: =IF('Invt Machines'!D40="","",'Invt Machines'!D40) -> 16 | E40: =IF('Invt Machines'!E40="","",'Invt Machines'!E40) | F40: =IF('Invt Machines'!F40="","",'Invt Machines'!F40) | G40: =IF('Invt Machines'!G40="","",'Invt Machines'!G40) -> GENERATEUR D'IMPLUSION (G100/G0-0,2-20) JONCS | H40: =IF('Invt Machines'!H40="","",'Invt Machines'!H40) -> JOLKE | I40: =IF('Invt Machines'!I40="","",'Invt Machines'!I40) -> Soudeuse Sac VCI | J40: =IF('Invt Machines'!J40="","",'Invt Machines'!J40) -> Appareil portatif | K40: =IF('Invt Machines'!X40="","NON","OUI") -> NON | M40: NC | O40: NC | P40: NC | Q40: NC | R40: NC | T40: =IF('Invt Machines'!AF40="","",'Invt Machines'!AF40) -> Pas opportun selon bureau de contrôle, outil portatif / mobile avec CE en série | AB40: =IF(N40=2018,1,"") | AC40: =IF(N40=2019,1,"") | AD40: =IF(N40=2020,1,"") | AE40: =IF(N40=2021,1,"") | AF40: =IF(N40=2022,1,"") | AG40: =IF(N40=2018,O40,"") | AH40: =IF(N40=2019,O40,"") | AI40: =IF(N40=2020,O40,"") | AJ40: =IF(N40=2021,O40,"") | AK40: =IF(N40=2022,O40,"")
A41: ='Invt Machines'!A41 -> 29 | B41: =IF('Invt Machines'!B41="","",'Invt Machines'!B41) -> Channel | C41: 11 | D41: =IF('Invt Machines'!D41="","",'Invt Machines'!D41) -> 16 | E41: =IF('Invt Machines'!E41="","",'Invt Machines'!E41) | F41: =IF('Invt Machines'!F41="","",'Invt Machines'!F41) | G41: =IF('Invt Machines'!G41="","",'Invt Machines'!G41) -> PINCE A SCELLER (SZ 280) JONCS | H41: =IF('Invt Machines'!H41="","",'Invt Machines'!H41) -> JOLKE | I41: =IF('Invt Machines'!I41="","",'Invt Machines'!I41) -> Soudeuse Sac VCI | J41: =IF('Invt Machines'!J41="","",'Invt Machines'!J41) -> Appareil portatif | K41: =IF('Invt Machines'!X41="","NON","OUI") -> NON | M41: NC | O41: NC | P41: NC | Q41: NC | R41: NC | T41: =IF('Invt Machines'!AF41="","",'Invt Machines'!AF41) -> Pas opportun selon bureau de contrôle, outil portatif / mobile avec CE en série | AB41: =IF(N41=2018,1,"") | AC41: =IF(N41=2019,1,"") | AD41: =IF(N41=2020,1,"") | AE41: =IF(N41=2021,1,"") | AF41: =IF(N41=2022,1,"") | AG41: =IF(N41=2018,O41,"") | AH41: =IF(N41=2019,O41,"") | AI41: =IF(N41=2020,O41,"") | AJ41: =IF(N41=2021,O41,"") | AK41: =IF(N41=2022,O41,"")
A42: ='Invt Machines'!A42 -> 30 | B42: =IF('Invt Machines'!B42="","",'Invt Machines'!B42) -> Channel | C42: 11 | D42: =IF('Invt Machines'!D42="","",'Invt Machines'!D42) -> 16 | E42: =IF('Invt Machines'!E42="","",'Invt Machines'!E42) | F42: =IF('Invt Machines'!F42="","",'Invt Machines'!F42) | G42: =IF('Invt Machines'!G42="","",'Invt Machines'!G42) -> MEULEUSE D'ANGLE JONCS (MODELE GWS13-125 CI) | H42: =IF('Invt Machines'!H42="","",'Invt Machines'!H42) -> BOSH | I42: =IF('Invt Machines'!I42="","",'Invt Machines'!I42) -> Meuleuse | J42: =IF('Invt Machines'!J42="","",'Invt Machines'!J42) -> Appareil portatif | K42: =IF('Invt Machines'!X42="","NON","OUI") -> NON | M42: NC | O42: NC | P42: NC | Q42: NC | R42: NC | T42: =IF('Invt Machines'!AF42="","",'Invt Machines'!AF42) -> Pas opportun selon bureau de contrôle, outil portatif / mobile avec CE en série | AB42: =IF(N42=2018,1,"") | AC42: =IF(N42=2019,1,"") | AD42: =IF(N42=2020,1,"") | AE42: =IF(N42=2021,1,"") | AF42: =IF(N42=2022,1,"") | AG42: =IF(N42=2018,O42,"") | AH42: =IF(N42=2019,O42,"") | AI42: =IF(N42=2020,O42,"") | AJ42: =IF(N42=2021,O42,"") | AK42: =IF(N42=2022,O42,"")
A43: ='Invt Machines'!A43 -> 31 | B43: =IF('Invt Machines'!B43="","",'Invt Machines'!B43) -> Channel | C43: 11 | D43: =IF('Invt Machines'!D43="","",'Invt Machines'!D43) -> 16 | E43: =IF('Invt Machines'!E43="","",'Invt Machines'!E43) | F43: =IF('Invt Machines'!F43="","",'Invt Machines'!F43) | G43: =IF('Invt Machines'!G43="","",'Invt Machines'!G43) -> DISQUEUSE D'EXTREMITE FINITION JONCS | H43: =IF('Invt Machines'!H43="","",'Invt Machines'!H43) -> SIEMENS | I43: =IF('Invt Machines'!I43="","",'Invt Machines'!I43) -> Disqueuse | J43: =IF('Invt Machines'!J43="","",'Invt Machines'!J43) -> Appareil portatif en poste fixe | K43: =IF('Invt Machines'!X43="","NON","OUI") -> NON | M43: 2 | N43: 2020 | O43: 500 | Q43: 2 | R43: 2 | T43: =IF('Invt Machines'!AF43="","",'Invt Machines'!AF43) | AB43: =IF(N43=2018,1,"") | AC43: =IF(N43=2019,1,"") | AD43: =IF(N43=2020,1,"") -> 1 | AE43: =IF(N43=2021,1,"") | AF43: =IF(N43=2022,1,"") | AG43: =IF(N43=2018,O43,"") | AH43: =IF(N43=2019,O43,"") | AI43: =IF(N43=2020,O43,"") -> 500 | AJ43: =IF(N43=2021,O43,"") | AK43: =IF(N43=2022,O43,"")
A44: ='Invt Machines'!A44 -> 32 | B44: =IF('Invt Machines'!B44="","",'Invt Machines'!B44) -> Channel | C44: 11 | D44: =IF('Invt Machines'!D44="","",'Invt Machines'!D44) -> 16 | E44: =IF('Invt Machines'!E44="","",'Invt Machines'!E44) | F44: =IF('Invt Machines'!F44="","",'Invt Machines'!F44) | G44: =IF('Invt Machines'!G44="","",'Invt Machines'!G44) -> FRAISEUSE EXTREMITE FINITION JONCS (MODELE GGS28LC) | H44: =IF('Invt Machines'!H44="","",'Invt Machines'!H44) -> BOSH | I44: =IF('Invt Machines'!I44="","",'Invt Machines'!I44) -> Fraiseuse | J44: =IF('Invt Machines'!J44="","",'Invt Machines'!J44) -> Appareil portatif en poste fixe | K44: =IF('Invt Machines'!X44="","NON","OUI") -> NON | M44: 2 | N44: 2020 | O44: 500 | Q44: 2 | R44: 2 | T44: =IF('Invt Machines'!AF44="","",'Invt Machines'!AF44) | AB44: =IF(N44=2018,1,"") | AC44: =IF(N44=2019,1,"") | AD44: =IF(N44=2020,1,"") -> 1 | AE44: =IF(N44=2021,1,"") | AF44: =IF(N44=2022,1,"") | AG44: =IF(N44=2018,O44,"") | AH44: =IF(N44=2019,O44,"") | AI44: =IF(N44=2020,O44,"") -> 500 | AJ44: =IF(N44=2021,O44,"") | AK44: =IF(N44=2022,O44,"")
A45: ='Invt Machines'!A45 -> 33 | B45: =IF('Invt Machines'!B45="","",'Invt Machines'!B45) -> Channel | C45: 11 | D45: =IF('Invt Machines'!D45="","",'Invt Machines'!D45) -> 16 | E45: =IF('Invt Machines'!E45="","",'Invt Machines'!E45) | F45: =IF('Invt Machines'!F45="","",'Invt Machines'!F45) | G45: =IF('Invt Machines'!G45="","",'Invt Machines'!G45) -> MEULEUSE D'EXTREMITE FINITION JONCS | H45: =IF('Invt Machines'!H45="","",'Invt Machines'!H45) -> ETABLISSEMENT G. RENAULT | I45: =IF('Invt Machines'!I45="","",'Invt Machines'!I45) -> Meuleuse | J45: =IF('Invt Machines'!J45="","",'Invt Machines'!J45) -> Appareil portatif | K45: =IF('Invt Machines'!X45="","NON","OUI") -> NON | M45: NC | O45: NC | P45: NC | Q45: NC | R45: NC | T45: =IF('Invt Machines'!AF45="","",'Invt Machines'!AF45) -> Pas opportun selon bureau de contrôle, outil portatif / mobile avec CE en série | AB45: =IF(N45=2018,1,"") | AC45: =IF(N45=2019,1,"") | AD45: =IF(N45=2020,1,"") | AE45: =IF(N45=2021,1,"") | AF45: =IF(N45=2022,1,"") | AG45: =IF(N45=2018,O45,"") | AH45: =IF(N45=2019,O45,"") | AI45: =IF(N45=2020,O45,"") | AJ45: =IF(N45=2021,O45,"") | AK45: =IF(N45=2022,O45,"")
A46: ='Invt Machines'!A46 -> 34 | B46: =IF('Invt Machines'!B46="","",'Invt Machines'!B46) -> Channel | C46: 11 | D46: =IF('Invt Machines'!D46="","",'Invt Machines'!D46) -> 16 | E46: =IF('Invt Machines'!E46="","",'Invt Machines'!E46) -> 762.1 | F46: =IF('Invt Machines'!F46="","",'Invt Machines'!F46) | G46: =IF('Invt Machines'!G46="","",'Invt Machines'!G46) -> MACHINE A LAVER | H46: =IF('Invt Machines'!H46="","",'Invt Machines'!H46) -> FUCHS | I46: =IF('Invt Machines'!I46="","",'Invt Machines'!I46) -> Machine à laver | J46: =IF('Invt Machines'!J46="","",'Invt Machines'!J46) -> Fixe | K46: =IF('Invt Machines'!X46="","NON","OUI") -> NON | M46: NC | O46: NC | P46: NC | Q46: NC | R46: NC | T46: =IF('Invt Machines'!AF46="","",'Invt Machines'!AF46) -> Pas opportun selon bureau de contrôle, machine/outil avec CE en série | AB46: =IF(N46=2018,1,"") | AC46: =IF(N46=2019,1,"") | AD46: =IF(N46=2020,1,"") | AE46: =IF(N46=2021,1,"") | AF46: =IF(N46=2022,1,"") | AG46: =IF(N46=2018,O46,"") | AH46: =IF(N46=2019,O46,"") | AI46: =IF(N46=2020,O46,"") | AJ46: =IF(N46=2021,O46,"") | AK46: =IF(N46=2022,O46,"")
A47: ='Invt Machines'!A47 -> 35 | B47: =IF('Invt Machines'!B47="","",'Invt Machines'!B47) -> Channel | C47: 11 | D47: =IF('Invt Machines'!D47="","",'Invt Machines'!D47) -> 16 | E47: =IF('Invt Machines'!E47="","",'Invt Machines'!E47) -> 7116 | F47: =IF('Invt Machines'!F47="","",'Invt Machines'!F47) | G47: =IF('Invt Machines'!G47="","",'Invt Machines'!G47) -> Magnéto | H47: =IF('Invt Machines'!H47="","",'Invt Machines'!H47) -> SREM TECHNOLOGIES | I47: =IF('Invt Machines'!I47="","",'Invt Machines'!I47) -> Contrôle par magnétoscopie | J47: =IF('Invt Machines'!J47="","",'Invt Machines'!J47) -> Appareil mobile | K47: =IF('Invt Machines'!X47="","NON","OUI") -> NON | M47: NC | O47: NC | P47: NC | Q47: NC | R47: NC | T47: =IF('Invt Machines'!AF47="","",'Invt Machines'!AF47) -> Pas opportun selon bureau de contrôle, outil portatif / mobile avec CE en série | AB47: =IF(N47=2018,1,"") | AC47: =IF(N47=2019,1,"") | AD47: =IF(N47=2020,1,"") | AE47: =IF(N47=2021,1,"") | AF47: =IF(N47=2022,1,"") | AG47: =IF(N47=2018,O47,"") | AH47: =IF(N47=2019,O47,"") | AI47: =IF(N47=2020,O47,"") | AJ47: =IF(N47=2021,O47,"") | AK47: =IF(N47=2022,O47,"")
A48: ='Invt Machines'!A48 -> 36 | B48: =IF('Invt Machines'!B48="","",'Invt Machines'!B48) -> Channel | C48: 11 | D48: =IF('Invt Machines'!D48="","",'Invt Machines'!D48) -> 16 | E48: =IF('Invt Machines'!E48="","",'Invt Machines'!E48) | F48: =IF('Invt Machines'!F48="","",'Invt Machines'!F48) | G48: =IF('Invt Machines'!G48="","",'Invt Machines'!G48) -> Rouleau entrainement couronne | H48: =IF('Invt Machines'!H48="","",'Invt Machines'!H48) -> SKF | I48: =IF('Invt Machines'!I48="","",'Invt Machines'!I48) -> Contrôle par magnétoscopie | J48: =IF('Invt Machines'!J48="","",'Invt Machines'!J48) -> FIXE | K48: =IF('Invt Machines'!X48="","NON","OUI") -> NON | M48: 3 | N48: 2021 | O48: 4000 | Q48: 8 | R48: 12 | T48: =IF('Invt Machines'!AF48="","",'Invt Machines'!AF48) | AB48: =IF(N48=2018,1,"") | AC48: =IF(N48=2019,1,"") | AD48: =IF(N48=2020,1,"") | AE48: =IF(N48=2021,1,"") -> 1 | AF48: =IF(N48=2022,1,"") | AG48: =IF(N48=2018,O48,"") | AH48: =IF(N48=2019,O48,"") | AI48: =IF(N48=2020,O48,"") | AJ48: =IF(N48=2021,O48,"") -> 4000 | AK48: =IF(N48=2022,O48,"")
A49: ='Invt Machines'!A49 -> 37 | B49: =IF('Invt Machines'!B49="","",'Invt Machines'!B49) -> Channel | C49: 11 | D49: =IF('Invt Machines'!D49="","",'Invt Machines'!D49) -> 16 | E49: =IF('Invt Machines'!E49="","",'Invt Machines'!E49) -> 762 | F49: =IF('Invt Machines'!F49="","",'Invt Machines'!F49) -> 3195891 | G49: =IF('Invt Machines'!G49="","",'Invt Machines'!G49) -> MONTAGE C16 (inclinaison motorisée) | H49: =IF('Invt Machines'!H49="","",'Invt Machines'!H49) -> INA | I49: =IF('Invt Machines'!I49="","",'Invt Machines'!I49) -> Table de montage | J49: =IF('Invt Machines'!J49="","",'Invt Machines'!J49) -> Fixe | K49: =IF('Invt Machines'!X49="","NON","OUI") -> NON | M49: 2 | N49: 2020 | O49: 6000 | Q49: 20 | R49: 30 | T49: =IF('Invt Machines'!AF49="","",'Invt Machines'!AF49) | AB49: =IF(N49=2018,1,"") | AC49: =IF(N49=2019,1,"") | AD49: =IF(N49=2020,1,"") -> 1 | AE49: =IF(N49=2021,1,"") | AF49: =IF(N49=2022,1,"") | AG49: =IF(N49=2018,O49,"") | AH49: =IF(N49=2019,O49,"") | AI49: =IF(N49=2020,O49,"") -> 6000 | AJ49: =IF(N49=2021,O49,"") | AK49: =IF(N49=2022,O49,"")
A50: ='Invt Machines'!A50 -> 38 | B50: =IF('Invt Machines'!B50="","",'Invt Machines'!B50) -> Channel | C50: 11 | D50: =IF('Invt Machines'!D50="","",'Invt Machines'!D50) -> 16 | E50: =IF('Invt Machines'!E50="","",'Invt Machines'!E50) -> 0016 | F50: =IF('Invt Machines'!F50="","",'Invt Machines'!F50) | G50: =IF('Invt Machines'!G50="","",'Invt Machines'!G50) -> POSTE EBAVURAGE | H50: =IF('Invt Machines'!H50="","",'Invt Machines'!H50) -> ? | I50: =IF('Invt Machines'!I50="","",'Invt Machines'!I50) -> Ebavurage | J50: =IF('Invt Machines'!J50="","",'Invt Machines'!J50) -> Appareil portatif | K50: =IF('Invt Machines'!X50="","NON","OUI") -> NON | M50: NC | O50: NC | P50: NC | Q50: NC | R50: NC | T50: =IF('Invt Machines'!AF50="","",'Invt Machines'!AF50) -> Pas opportun selon bureau de contrôle, outil portatif / mobile avec CE en série | AB50: =IF(N50=2018,1,"") | AC50: =IF(N50=2019,1,"") | AD50: =IF(N50=2020,1,"") | AE50: =IF(N50=2021,1,"") | AF50: =IF(N50=2022,1,"") | AG50: =IF(N50=2018,O50,"") | AH50: =IF(N50=2019,O50,"") | AI50: =IF(N50=2020,O50,"") | AJ50: =IF(N50=2021,O50,"") | AK50: =IF(N50=2022,O50,"")
A51: ='Invt Machines'!A51 -> 39 | B51: =IF('Invt Machines'!B51="","",'Invt Machines'!B51) -> Channel | C51: 11 | D51: =IF('Invt Machines'!D51="","",'Invt Machines'!D51) -> 16 | E51: =IF('Invt Machines'!E51="","",'Invt Machines'!E51) -> 691 | F51: =IF('Invt Machines'!F51="","",'Invt Machines'!F51) -> 3187243 | G51: =IF('Invt Machines'!G51="","",'Invt Machines'!G51) -> VGM200 | H51: =IF('Invt Machines'!H51="","",'Invt Machines'!H51) -> BERTHIEZ | I51: =IF('Invt Machines'!I51="","",'Invt Machines'!I51) -> Rectifieuse | J51: =IF('Invt Machines'!J51="","",'Invt Machines'!J51) -> Fixe | K51: =IF('Invt Machines'!X51="","NON","OUI") -> OUI | L51: Code du travail | M51: 2 | N51: 2020 | O51: 6000 | Q51: 16 | R51: 24 | T51: =IF('Invt Machines'!AF51="","",'Invt Machines'!AF51) -> Chiffrage en cours | AB51: =IF(N51=2018,1,"") | AC51: =IF(N51=2019,1,"") | AD51: =IF(N51=2020,1,"") -> 1 | AE51: =IF(N51=2021,1,"") | AF51: =IF(N51=2022,1,"") | AG51: =IF(N51=2018,O51,"") | AH51: =IF(N51=2019,O51,"") | AI51: =IF(N51=2020,O51,"") -> 6000 | AJ51: =IF(N51=2021,O51,"") | AK51: =IF(N51=2022,O51,"")
A52: ='Invt Machines'!A52 -> 40 | B52: =IF('Invt Machines'!B52="","",'Invt Machines'!B52) -> Channel | C52: 11 | D52: =IF('Invt Machines'!D52="","",'Invt Machines'!D52) -> 16 | E52: =IF('Invt Machines'!E52="","",'Invt Machines'!E52) -> 692 | F52: =IF('Invt Machines'!F52="","",'Invt Machines'!F52) -> 3188555 | G52: =IF('Invt Machines'!G52="","",'Invt Machines'!G52) -> ROPC | H52: =IF('Invt Machines'!H52="","",'Invt Machines'!H52) -> BERTHIEZ | I52: =IF('Invt Machines'!I52="","",'Invt Machines'!I52) -> Rectifieuse | J52: =IF('Invt Machines'!J52="","",'Invt Machines'!J52) -> Fixe | K52: =IF('Invt Machines'!X52="","NON","OUI") -> NON | M52: 2 | N52: 2020 | O52: 6000 | Q52: 16 | R52: 24 | T52: =IF('Invt Machines'!AF52="","",'Invt Machines'!AF52) | AB52: =IF(N52=2018,1,"") | AC52: =IF(N52=2019,1,"") | AD52: =IF(N52=2020,1,"") -> 1 | AE52: =IF(N52=2021,1,"") | AF52: =IF(N52=2022,1,"") | AG52: =IF(N52=2018,O52,"") | AH52: =IF(N52=2019,O52,"") | AI52: =IF(N52=2020,O52,"") -> 6000 | AJ52: =IF(N52=2021,O52,"") | AK52: =IF(N52=2022,O52,"")
A53: ='Invt Machines'!A53 -> 41 | B53: =IF('Invt Machines'!B53="","",'Invt Machines'!B53) -> Channel | C53: 11 | D53: =IF('Invt Machines'!D53="","",'Invt Machines'!D53) -> 16 | E53: =IF('Invt Machines'!E53="","",'Invt Machines'!E53) -> 585 | F53: =IF('Invt Machines'!F53="","",'Invt Machines'!F53) | G53: =IF('Invt Machines'!G53="","",'Invt Machines'!G53) -> PERCEUSE A COLONNE SIDAMO | H53: =IF('Invt Machines'!H53="","",'Invt Machines'!H53) -> SIDAMO | I53: =IF('Invt Machines'!I53="","",'Invt Machines'!I53) -> Perceuse | J53: =IF('Invt Machines'!J53="","",'Invt Machines'!J53) -> Fixe | K53: =IF('Invt Machines'!X53="","NON","OUI") -> OUI | L53: DIRECTIVE 98/37/CE ANNEXE II | M53: NC | N53: CONFORME | O53: 0 | P53: NC | T53: =IF('Invt Machines'!AF53="","",'Invt Machines'!AF53) | AB53: =IF(N53=2018,1,"") | AC53: =IF(N53=2019,1,"") | AD53: =IF(N53=2020,1,"") | AE53: =IF(N53=2021,1,"") | AF53: =IF(N53=2022,1,"") | AG53: =IF(N53=2018,O53,"") | AH53: =IF(N53=2019,O53,"") | AI53: =IF(N53=2020,O53,"") | AJ53: =IF(N53=2021,O53,"") | AK53: =IF(N53=2022,O53,"")
A54: ='Invt Machines'!A54 -> 42 | B54: =IF('Invt Machines'!B54="","",'Invt Machines'!B54) -> Channel | C54: 11 | D54: =IF('Invt Machines'!D54="","",'Invt Machines'!D54) -> 16 | E54: =IF('Invt Machines'!E54="","",'Invt Machines'!E54) -> 7221 | F54: =IF('Invt Machines'!F54="","",'Invt Machines'!F54) | G54: =IF('Invt Machines'!G54="","",'Invt Machines'!G54) -> TABLE DE TREMPE JONCS | H54: =IF('Invt Machines'!H54="","",'Invt Machines'!H54) -> ? | I54: =IF('Invt Machines'!I54="","",'Invt Machines'!I54) -> trempe | J54: =IF('Invt Machines'!J54="","",'Invt Machines'!J54) -> Fixe | K54: =IF('Invt Machines'!X54="","NON","OUI") -> OUI | L54: Code du travail | M54: 3 | N54: 2021 | O54: 6000 | Q54: 8 | R54: 12 | T54: =IF('Invt Machines'!AF54="","",'Invt Machines'!AF54) | AB54: =IF(N54=2018,1,"") | AC54: =IF(N54=2019,1,"") | AD54: =IF(N54=2020,1,"") | AE54: =IF(N54=2021,1,"") -> 1 | AF54: =IF(N54=2022,1,"") | AG54: =IF(N54=2018,O54,"") | AH54: =IF(N54=2019,O54,"") | AI54: =IF(N54=2020,O54,"") | AJ54: =IF(N54=2021,O54,"") -> 6000 | AK54: =IF(N54=2022,O54,"")
A55: ='Invt Machines'!A55 -> 43 | B55: =IF('Invt Machines'!B55="","",'Invt Machines'!B55) -> Channel | C55: 11 | D55: =IF('Invt Machines'!D55="","",'Invt Machines'!D55) -> 16 | E55: =IF('Invt Machines'!E55="","",'Invt Machines'!E55) -> 7221 | F55: =IF('Invt Machines'!F55="","",'Invt Machines'!F55) | G55: =IF('Invt Machines'!G55="","",'Invt Machines'!G55) -> SABLEUSE Joncs (MODELE VB 75 H) | H55: =IF('Invt Machines'!H55="","",'Invt Machines'!H55) -> RÖSLER | I55: =IF('Invt Machines'!I55="","",'Invt Machines'!I55) -> Sableuse | J55: =IF('Invt Machines'!J55="","",'Invt Machines'!J55) -> Fixe | K55: =IF('Invt Machines'!X55="","NON","OUI") -> NON | M55: 3 | N55: 2021 | O55: 1000 | Q55: 4 | R55: 8 | T55: =IF('Invt Machines'!AF55="","",'Invt Machines'!AF55) | AB55: =IF(N55=2018,1,"") | AC55: =IF(N55=2019,1,"") | AD55: =IF(N55=2020,1,"") | AE55: =IF(N55=2021,1,"") -> 1 | AF55: =IF(N55=2022,1,"") | AG55: =IF(N55=2018,O55,"") | AH55: =IF(N55=2019,O55,"") | AI55: =IF(N55=2020,O55,"") | AJ55: =IF(N55=2021,O55,"") -> 1000 | AK55: =IF(N55=2022,O55,"")
A56: ='Invt Machines'!A56 -> 44 | B56: =IF('Invt Machines'!B56="","",'Invt Machines'!B56) -> Channel | C56: 11 | D56: =IF('Invt Machines'!D56="","",'Invt Machines'!D56) -> 16 | E56: =IF('Invt Machines'!E56="","",'Invt Machines'!E56) -> 70 | F56: =IF('Invt Machines'!F56="","",'Invt Machines'!F56) -> 3186395 | G56: =IF('Invt Machines'!G56="","",'Invt Machines'!G56) -> CN | H56: =IF('Invt Machines'!H56="","",'Invt Machines'!H56) -> EMA | I56: =IF('Invt Machines'!I56="","",'Invt Machines'!I56) -> Trempe denture et piste | J56: =IF('Invt Machines'!J56="","",'Invt Machines'!J56) -> Fixe | K56: =IF('Invt Machines'!X56="","NON","OUI") -> OUI | L56: DIRECTIVE 2006/42/CE ANNEXE I | M56: 2 | N56: 2020 | O56: 8000 | Q56: 4 | R56: 16 | T56: =IF('Invt Machines'!AF56="","",'Invt Machines'!AF56) -> Chiffrage en cours | AB56: =IF(N56=2018,1,"") | AC56: =IF(N56=2019,1,"") | AD56: =IF(N56=2020,1,"") -> 1 | AE56: =IF(N56=2021,1,"") | AF56: =IF(N56=2022,1,"") | AG56: =IF(N56=2018,O56,"") | AH56: =IF(N56=2019,O56,"") | AI56: =IF(N56=2020,O56,"") -> 8000 | AJ56: =IF(N56=2021,O56,"") | AK56: =IF(N56=2022,O56,"")
A57: ='Invt Machines'!A57 -> 45 | B57: =IF('Invt Machines'!B57="","",'Invt Machines'!B57) -> Usine | C57: 11 | D57: =IF('Invt Machines'!D57="","",'Invt Machines'!D57) -> 16 | E57: =IF('Invt Machines'!E57="","",'Invt Machines'!E57) -> 313 | F57: =IF('Invt Machines'!F57="","",'Invt Machines'!F57) -> 3635752 | G57: =IF('Invt Machines'!G57="","",'Invt Machines'!G57) -> BAC LIQUIDE DE TREMPS (Station de pompage) | H57: =IF('Invt Machines'!H57="","",'Invt Machines'!H57) -> OMSAT | I57: =IF('Invt Machines'!I57="","",'Invt Machines'!I57) -> Station de pompage | J57: =IF('Invt Machines'!J57="","",'Invt Machines'!J57) -> Fixe | K57: =IF('Invt Machines'!X57="","NON","OUI") -> NON | L57: DIRECTIVE 98/37/CE ANNEXE I | M57: 3 | N57: 2021 | O57: 6000 | Q57: 8 | R57: 12 | T57: =IF('Invt Machines'!AF57="","",'Invt Machines'!AF57) -> Au delà de la conformité machine, la sécurisation des accès est commandé à la société Joussot qui doit programmer son intervention avec SKF. | AB57: =IF(N57=2018,1,"") | AC57: =IF(N57=2019,1,"") | AD57: =IF(N57=2020,1,"") | AE57: =IF(N57=2021,1,"") -> 1 | AF57: =IF(N57=2022,1,"") | AG57: =IF(N57=2018,O57,"") | AH57: =IF(N57=2019,O57,"") | AI57: =IF(N57=2020,O57,"") | AJ57: =IF(N57=2021,O57,"") -> 6000 | AK57: =IF(N57=2022,O57,"")
A58: ='Invt Machines'!A58 -> 46 | B58: =IF('Invt Machines'!B58="","",'Invt Machines'!B58) -> CMI | C58: 11 | D58: =IF('Invt Machines'!D58="","",'Invt Machines'!D58) -> 16 | E58: =IF('Invt Machines'!E58="","",'Invt Machines'!E58) -> 762 | F58: =IF('Invt Machines'!F58="","",'Invt Machines'!F58) | G58: =IF('Invt Machines'!G58="","",'Invt Machines'!G58) -> TABLE DE CONTRÔLE | H58: =IF('Invt Machines'!H58="","",'Invt Machines'!H58) -> ? | I58: =IF('Invt Machines'!I58="","",'Invt Machines'!I58) -> Table de contrôle | J58: =IF('Invt Machines'!J58="","",'Invt Machines'!J58) -> Fixe | K58: =IF('Invt Machines'!X58="","NON","OUI") -> NON | M58: 3 | N58: 2021 | O58: 1000 | Q58: 4 | R58: 8 | T58: =IF('Invt Machines'!AF58="","",'Invt Machines'!AF58) | AB58: =IF(N58=2018,1,"") | AC58: =IF(N58=2019,1,"") | AD58: =IF(N58=2020,1,"") | AE58: =IF(N58=2021,1,"") -> 1 | AF58: =IF(N58=2022,1,"") | AG58: =IF(N58=2018,O58,"") | AH58: =IF(N58=2019,O58,"") | AI58: =IF(N58=2020,O58,"") | AJ58: =IF(N58=2021,O58,"") -> 1000 | AK58: =IF(N58=2022,O58,"")
A59: ='Invt Machines'!A59 -> 47 | B59: =IF('Invt Machines'!B59="","",'Invt Machines'!B59) -> Channel | C59: 11 | D59: =IF('Invt Machines'!D59="","",'Invt Machines'!D59) -> 20 | E59: =IF('Invt Machines'!E59="","",'Invt Machines'!E59) -> ASSEMB01 | F59: =IF('Invt Machines'!F59="","",'Invt Machines'!F59) -> 3190107 | G59: =IF('Invt Machines'!G59="","",'Invt Machines'!G59) -> MONTAGE C14 | H59: =IF('Invt Machines'!H59="","",'Invt Machines'!H59) -> AS2i | I59: =IF('Invt Machines'!I59="","",'Invt Machines'!I59) -> Table de montage | J59: =IF('Invt Machines'!J59="","",'Invt Machines'!J59) -> Fixe | K59: =IF('Invt Machines'!X59="","NON","OUI") -> OUI | L59: DIRECTIVE 98/37/CE ANNEXE I | M59: 2 | N59: 2020 | O59: 6000 | Q59: 8 | R59: 16 | T59: =IF('Invt Machines'!AF59="","",'Invt Machines'!AF59) -> Chiffrage en cours | AB59: =IF(N59=2018,1,"") | AC59: =IF(N59=2019,1,"") | AD59: =IF(N59=2020,1,"") -> 1 | AE59: =IF(N59=2021,1,"") | AF59: =IF(N59=2022,1,"") | AG59: =IF(N59=2018,O59,"") | AH59: =IF(N59=2019,O59,"") | AI59: =IF(N59=2020,O59,"") -> 6000 | AJ59: =IF(N59=2021,O59,"") | AK59: =IF(N59=2022,O59,"")
A60: ='Invt Machines'!A60 -> 48 | B60: =IF('Invt Machines'!B60="","",'Invt Machines'!B60) -> Channel | C60: 11 | D60: =IF('Invt Machines'!D60="","",'Invt Machines'!D60) -> 20 | E60: =IF('Invt Machines'!E60="","",'Invt Machines'!E60) -> ASSEMB01 | F60: =IF('Invt Machines'!F60="","",'Invt Machines'!F60) | G60: =IF('Invt Machines'!G60="","",'Invt Machines'!G60) -> APPAREIL DE MESURE DE PROFIL | H60: =IF('Invt Machines'!H60="","",'Invt Machines'!H60) -> MAHR | I60: =IF('Invt Machines'!I60="","",'Invt Machines'!I60) -> Appareil de mesure | J60: =IF('Invt Machines'!J60="","",'Invt Machines'!J60) -> Fixe | K60: =IF('Invt Machines'!X60="","NON","OUI") -> NON | L60: DIRECTIVE 98/37/CE ANNEXE I | M60: 3 | N60: 2021 | O60: 1000 | Q60: 4 | R60: 8 | T60: =IF('Invt Machines'!AF60="","",'Invt Machines'!AF60) | AB60: =IF(N60=2018,1,"") | AC60: =IF(N60=2019,1,"") | AD60: =IF(N60=2020,1,"") | AE60: =IF(N60=2021,1,"") -> 1 | AF60: =IF(N60=2022,1,"") | AG60: =IF(N60=2018,O60,"") | AH60: =IF(N60=2019,O60,"") | AI60: =IF(N60=2020,O60,"") | AJ60: =IF(N60=2021,O60,"") -> 1000 | AK60: =IF(N60=2022,O60,"")
A61: ='Invt Machines'!A61 -> 49 | B61: =IF('Invt Machines'!B61="","",'Invt Machines'!B61) -> Channel | C61: 11 | D61: =IF('Invt Machines'!D61="","",'Invt Machines'!D61) -> 20 | E61: =IF('Invt Machines'!E61="","",'Invt Machines'!E61) -> FOU36 | F61: =IF('Invt Machines'!F61="","",'Invt Machines'!F61) -> 3186043 | G61: =IF('Invt Machines'!G61="","",'Invt Machines'!G61) -> FOUR SAT (354) | H61: =IF('Invt Machines'!H61="","",'Invt Machines'!H61) -> SAT | I61: =IF('Invt Machines'!I61="","",'Invt Machines'!I61) -> Four | J61: =IF('Invt Machines'!J61="","",'Invt Machines'!J61) -> Fixe | K61: =IF('Invt Machines'!X61="","NON","OUI") -> NON | M61: 3 | N61: 2021 | O61: 4000 | Q61: 4 | R61: 16 | T61: =IF('Invt Machines'!AF61="","",'Invt Machines'!AF61) | AB61: =IF(N61=2018,1,"") | AC61: =IF(N61=2019,1,"") | AD61: =IF(N61=2020,1,"") | AE61: =IF(N61=2021,1,"") -> 1 | AF61: =IF(N61=2022,1,"") | AG61: =IF(N61=2018,O61,"") | AH61: =IF(N61=2019,O61,"") | AI61: =IF(N61=2020,O61,"") | AJ61: =IF(N61=2021,O61,"") -> 4000 | AK61: =IF(N61=2022,O61,"")
A62: ='Invt Machines'!A62 -> 50 | B62: =IF('Invt Machines'!B62="","",'Invt Machines'!B62) -> Channel | C62: 11 | D62: =IF('Invt Machines'!D62="","",'Invt Machines'!D62) -> 20 | E62: =IF('Invt Machines'!E62="","",'Invt Machines'!E62) -> 341 | F62: =IF('Invt Machines'!F62="","",'Invt Machines'!F62) -> 3187619 | G62: =IF('Invt Machines'!G62="","",'Invt Machines'!G62) -> EMA Piste | H62: =IF('Invt Machines'!H62="","",'Invt Machines'!H62) -> EMA | I62: =IF('Invt Machines'!I62="","",'Invt Machines'!I62) -> Trempe denture et piste | J62: =IF('Invt Machines'!J62="","",'Invt Machines'!J62) -> Fixe | K62: =IF('Invt Machines'!X62="","NON","OUI") -> OUI | L62: DIRECTIVE 2006/42/CE & Code du travail | M62: NC | O62: 3000 | Q62: 40 | R62: 8 | T62: =IF('Invt Machines'!AF62="","",'Invt Machines'!AF62) -> Rétrofit en cours, réception conditionnée à la conformité par bureau de contrôle. Prévoir en mise en conformité, l'accès sécurisé à la fosse machine | AB62: =IF(N62=2018,1,"") | AC62: =IF(N62=2019,1,"") | AD62: =IF(N62=2020,1,"") | AE62: =IF(N62=2021,1,"") | AF62: =IF(N62=2022,1,"") | AG62: =IF(N62=2018,O62,"") | AH62: =IF(N62=2019,O62,"") | AI62: =IF(N62=2020,O62,"") | AJ62: =IF(N62=2021,O62,"") | AK62: =IF(N62=2022,O62,"")
A63: ='Invt Machines'!A63 -> 51 | B63: =IF('Invt Machines'!B63="","",'Invt Machines'!B63) -> Channel | C63: 11 | D63: =IF('Invt Machines'!D63="","",'Invt Machines'!D63) -> 20 | E63: =IF('Invt Machines'!E63="","",'Invt Machines'!E63) -> TAILL3500 | F63: =IF('Invt Machines'!F63="","",'Invt Machines'!F63) -> 3188283 | G63: =IF('Invt Machines'!G63="","",'Invt Machines'!G63) -> LC3500 | H63: =IF('Invt Machines'!H63="","",'Invt Machines'!H63) -> LIEBHERR | I63: =IF('Invt Machines'!I63="","",'Invt Machines'!I63) -> Tailleuse | J63: =IF('Invt Machines'!J63="","",'Invt Machines'!J63) -> Fixe | K63: =IF('Invt Machines'!X63="","NON","OUI") -> OUI | L63: DIRECTIVE 98/37/CE ANNEXE I & Code du travail | M63: 3 | N63: 2021 | O63: 1000 | Q63: 4 | R63: 8 | T63: =IF('Invt Machines'!AF63="","",'Invt Machines'!AF63) -> Chiffrage en cours. Communiquer le rapport de contrôle du "safety integrated" au prochain tiers expert afin qu'il finalise la vérification de conformité. | AB63: =IF(N63=2018,1,"") | AC63: =IF(N63=2019,1,"") | AD63: =IF(N63=2020,1,"") | AE63: =IF(N63=2021,1,"") -> 1 | AF63: =IF(N63=2022,1,"") | AG63: =IF(N63=2018,O63,"") | AH63: =IF(N63=2019,O63,"") | AI63: =IF(N63=2020,O63,"") | AJ63: =IF(N63=2021,O63,"") -> 1000 | AK63: =IF(N63=2022,O63,"")
A64: ='Invt Machines'!A64 -> 52 | B64: =IF('Invt Machines'!B64="","",'Invt Machines'!B64) -> Channel | C64: 11 | D64: =IF('Invt Machines'!D64="","",'Invt Machines'!D64) -> 20 | E64: =IF('Invt Machines'!E64="","",'Invt Machines'!E64) -> LAVAG14 | F64: =IF('Invt Machines'!F64="","",'Invt Machines'!F64) -> 3635264 | G64: =IF('Invt Machines'!G64="","",'Invt Machines'!G64) -> MACHINE A LAVER | H64: =IF('Invt Machines'!H64="","",'Invt Machines'!H64) -> BREL (IM Idea Machine) | I64: =IF('Invt Machines'!I64="","",'Invt Machines'!I64) -> Machine à laver | J64: =IF('Invt Machines'!J64="","",'Invt Machines'!J64) -> Fixe | K64: =IF('Invt Machines'!X64="","NON","OUI") -> NON | M64: 3 | N64: 2021 | O64: 1000 | Q64: 4 | R64: 8 | T64: =IF('Invt Machines'!AF64="","",'Invt Machines'!AF64) | AB64: =IF(N64=2018,1,"") | AC64: =IF(N64=2019,1,"") | AD64: =IF(N64=2020,1,"") | AE64: =IF(N64=2021,1,"") -> 1 | AF64: =IF(N64=2022,1,"") | AG64: =IF(N64=2018,O64,"") | AH64: =IF(N64=2019,O64,"") | AI64: =IF(N64=2020,O64,"") | AJ64: =IF(N64=2021,O64,"") -> 1000 | AK64: =IF(N64=2022,O64,"")
A65: ='Invt Machines'!A65 -> 53 | B65: =IF('Invt Machines'!B65="","",'Invt Machines'!B65) -> Channel | C65: 11 | D65: =IF('Invt Machines'!D65="","",'Invt Machines'!D65) -> 20 | E65: =IF('Invt Machines'!E65="","",'Invt Machines'!E65) -> 634 | F65: =IF('Invt Machines'!F65="","",'Invt Machines'!F65) -> 3188667 | G65: =IF('Invt Machines'!G65="","",'Invt Machines'!G65) -> DRH3200 | H65: =IF('Invt Machines'!H65="","",'Invt Machines'!H65) -> Matra Schneider | I65: =IF('Invt Machines'!I65="","",'Invt Machines'!I65) -> Rectifieuse | J65: =IF('Invt Machines'!J65="","",'Invt Machines'!J65) -> Fixe | K65: =IF('Invt Machines'!X65="","NON","OUI") -> NON | M65: NC | O65: NC | P65: NC | T65: =IF('Invt Machines'!AF65="","",'Invt Machines'!AF65) -> non concernée du fait du projet de la sortir du parc | AB65: =IF(N65=2018,1,"") | AC65: =IF(N65=2019,1,"") | AD65: =IF(N65=2020,1,"") | AE65: =IF(N65=2021,1,"") | AF65: =IF(N65=2022,1,"") | AG65: =IF(N65=2018,O65,"") | AH65: =IF(N65=2019,O65,"") | AI65: =IF(N65=2020,O65,"") | AJ65: =IF(N65=2021,O65,"") | AK65: =IF(N65=2022,O65,"")
A66: ='Invt Machines'!A66 -> 54 | B66: =IF('Invt Machines'!B66="","",'Invt Machines'!B66) -> Channel | C66: 11 | D66: =IF('Invt Machines'!D66="","",'Invt Machines'!D66) -> 20 | E66: =IF('Invt Machines'!E66="","",'Invt Machines'!E66) -> TOUAC361 | F66: =IF('Invt Machines'!F66="","",'Invt Machines'!F66) -> 3188483 | G66: =IF('Invt Machines'!G66="","",'Invt Machines'!G66) -> AC36 TMTM-3200 | H66: =IF('Invt Machines'!H66="","",'Invt Machines'!H66) -> PIETRO CARNAGHI | I66: =IF('Invt Machines'!I66="","",'Invt Machines'!I66) -> Tour vertical / perceuse et rectif | J66: =IF('Invt Machines'!J66="","",'Invt Machines'!J66) -> Fixe | K66: =IF('Invt Machines'!X66="","NON","OUI") -> NON | M66: 3 | N66: 2021 | O66: 6000 | Q66: 8 | R66: 16 | T66: =IF('Invt Machines'!AF66="","",'Invt Machines'!AF66) | AB66: =IF(N66=2018,1,"") | AC66: =IF(N66=2019,1,"") | AD66: =IF(N66=2020,1,"") | AE66: =IF(N66=2021,1,"") -> 1 | AF66: =IF(N66=2022,1,"") | AG66: =IF(N66=2018,O66,"") | AH66: =IF(N66=2019,O66,"") | AI66: =IF(N66=2020,O66,"") | AJ66: =IF(N66=2021,O66,"") -> 6000 | AK66: =IF(N66=2022,O66,"")
A67: ='Invt Machines'!A67 -> 55 | B67: =IF('Invt Machines'!B67="","",'Invt Machines'!B67) -> Channel | C67: 11 | D67: =IF('Invt Machines'!D67="","",'Invt Machines'!D67) -> 20 | E67: =IF('Invt Machines'!E67="","",'Invt Machines'!E67) -> TOUAC362 | F67: =IF('Invt Machines'!F67="","",'Invt Machines'!F67) -> 3188475 | G67: =IF('Invt Machines'!G67="","",'Invt Machines'!G67) -> AC36 TMTM-3200 | H67: =IF('Invt Machines'!H67="","",'Invt Machines'!H67) -> PIETRO CARNAGHI | I67: =IF('Invt Machines'!I67="","",'Invt Machines'!I67) -> Tour vertical / perceuse et rectif | J67: =IF('Invt Machines'!J67="","",'Invt Machines'!J67) -> Fixe | K67: =IF('Invt Machines'!X67="","NON","OUI") -> OUI | L67: DIRECTIVE 98/37/CE ANNEXE I & Code du travail | M67: 3 | N67: 2021 | O67: 6000 | Q67: 8 | R67: 16 | T67: =IF('Invt Machines'!AF67="","",'Invt Machines'!AF67) -> Communiquer le rapport de contrôle du "safety integrated" au prochain tiers expert afin qu'il finalise la vérification de conformité. | AB67: =IF(N67=2018,1,"") | AC67: =IF(N67=2019,1,"") | AD67: =IF(N67=2020,1,"") | AE67: =IF(N67=2021,1,"") -> 1 | AF67: =IF(N67=2022,1,"") | AG67: =IF(N67=2018,O67,"") | AH67: =IF(N67=2019,O67,"") | AI67: =IF(N67=2020,O67,"") | AJ67: =IF(N67=2021,O67,"") -> 6000 | AK67: =IF(N67=2022,O67,"")
A68: ='Invt Machines'!A68 -> 56 | B68: =IF('Invt Machines'!B68="","",'Invt Machines'!B68) -> Channel | C68: 11 | D68: =IF('Invt Machines'!D68="","",'Invt Machines'!D68) -> 20 | E68: =IF('Invt Machines'!E68="","",'Invt Machines'!E68) -> PERC3500 | F68: =IF('Invt Machines'!F68="","",'Invt Machines'!F68) -> 3188499 | G68: =IF('Invt Machines'!G68="","",'Invt Machines'!G68) -> IBARMIA | H68: =IF('Invt Machines'!H68="","",'Invt Machines'!H68) -> IBARMIA INNOVATER | I68: =IF('Invt Machines'!I68="","",'Invt Machines'!I68) -> Perceuse | J68: =IF('Invt Machines'!J68="","",'Invt Machines'!J68) -> Fixe | K68: =IF('Invt Machines'!X68="","NON","OUI") -> NON | M68: NC | O68: NC | P68: NC | T68: =IF('Invt Machines'!AF68="","",'Invt Machines'!AF68) -> non concernée du fait du projet de la sortir du parc | AB68: =IF(N68=2018,1,"") | AC68: =IF(N68=2019,1,"") | AD68: =IF(N68=2020,1,"") | AE68: =IF(N68=2021,1,"") | AF68: =IF(N68=2022,1,"") | AG68: =IF(N68=2018,O68,"") | AH68: =IF(N68=2019,O68,"") | AI68: =IF(N68=2020,O68,"") | AJ68: =IF(N68=2021,O68,"") | AK68: =IF(N68=2022,O68,"")
A69: ='Invt Machines'!A69 -> 57 | B69: =IF('Invt Machines'!B69="","",'Invt Machines'!B69) -> Channel | C69: 11 | D69: =IF('Invt Machines'!D69="","",'Invt Machines'!D69) -> 20 | E69: =IF('Invt Machines'!E69="","",'Invt Machines'!E69) -> 0014.4 | F69: =IF('Invt Machines'!F69="","",'Invt Machines'!F69) | G69: =IF('Invt Machines'!G69="","",'Invt Machines'!G69) -> POSTE EBAVURAGE | H69: =IF('Invt Machines'!H69="","",'Invt Machines'!H69) -> ? | I69: =IF('Invt Machines'!I69="","",'Invt Machines'!I69) -> Ebavurage | J69: =IF('Invt Machines'!J69="","",'Invt Machines'!J69) -> Appareil portatif | K69: =IF('Invt Machines'!X69="","NON","OUI") -> NON | M69: NC | O69: NC | P69: NC | Q69: NC | R69: NC | T69: =IF('Invt Machines'!AF69="","",'Invt Machines'!AF69) -> Pas opportun selon bureau de contrôle, outil portatif / mobile avec CE en série | AB69: =IF(N69=2018,1,"") | AC69: =IF(N69=2019,1,"") | AD69: =IF(N69=2020,1,"") | AE69: =IF(N69=2021,1,"") | AF69: =IF(N69=2022,1,"") | AG69: =IF(N69=2018,O69,"") | AH69: =IF(N69=2019,O69,"") | AI69: =IF(N69=2020,O69,"") | AJ69: =IF(N69=2021,O69,"") | AK69: =IF(N69=2022,O69,"")
A70: ='Invt Machines'!A70 -> 58 | B70: =IF('Invt Machines'!B70="","",'Invt Machines'!B70) -> Channel | C70: 11 | D70: =IF('Invt Machines'!D70="","",'Invt Machines'!D70) -> 21 | E70: =IF('Invt Machines'!E70="","",'Invt Machines'!E70) -> ASSEMB752 | F70: =IF('Invt Machines'!F70="","",'Invt Machines'!F70) -> 3197923 | G70: =IF('Invt Machines'!G70="","",'Invt Machines'!G70) -> MONTAGE C21 | H70: =IF('Invt Machines'!H70="","",'Invt Machines'!H70) -> AS2i/SKF | I70: =IF('Invt Machines'!I70="","",'Invt Machines'!I70) -> Table de montage | J70: =IF('Invt Machines'!J70="","",'Invt Machines'!J70) -> Fixe | K70: =IF('Invt Machines'!X70="","NON","OUI") -> OUI | L70: DIRECTIVE 98/37/CE ANNEXE I & ANNEXE II A | N70: 2018 | O70: 4815 | P70: 540 | Q70: 20 | R70: 20 | T70: =IF('Invt Machines'!AF70="","",'Invt Machines'!AF70) -> Actémium à réaliser la levée des réserves du rapport de DEKRA. Une visite de réception a été réalisée par DEKRA le 08/11/2018. Seule une observation administrative perdure et n'est pas résolvable. Elle ne caractérise pas de risque pour l'opérateur. La machine est jugée conforme. | AB70: =IF(N70=2018,1,"") -> 1 | AC70: =IF(N70=2019,1,"") | AD70: =IF(N70=2020,1,"") | AE70: =IF(N70=2021,1,"") | AF70: =IF(N70=2022,1,"") | AG70: =IF(N70=2018,O70,"") -> 4815 | AH70: =IF(N70=2019,O70,"") | AI70: =IF(N70=2020,O70,"") | AJ70: =IF(N70=2021,O70,"") | AK70: =IF(N70=2022,O70,"")
A71: ='Invt Machines'!A71 -> 59 | B71: =IF('Invt Machines'!B71="","",'Invt Machines'!B71) -> Channel | C71: 11 | D71: =IF('Invt Machines'!D71="","",'Invt Machines'!D71) -> 21 | E71: =IF('Invt Machines'!E71="","",'Invt Machines'!E71) -> 253 | F71: =IF('Invt Machines'!F71="","",'Invt Machines'!F71) -> 3186971 | G71: =IF('Invt Machines'!G71="","",'Invt Machines'!G71) -> BM225 | H71: =IF('Invt Machines'!H71="","",'Invt Machines'!H71) -> BERTHIEZ | I71: =IF('Invt Machines'!I71="","",'Invt Machines'!I71) -> Tour | J71: =IF('Invt Machines'!J71="","",'Invt Machines'!J71) -> Fixe | K71: =IF('Invt Machines'!X71="","NON","OUI") -> NON | M71: 1 | N71: 2019 | O71: 10000 | Q71: 16 | R71: 40 | T71: =IF('Invt Machines'!AF71="","",'Invt Machines'!AF71) | AB71: =IF(N71=2018,1,"") | AC71: =IF(N71=2019,1,"") -> 1 | AD71: =IF(N71=2020,1,"") | AE71: =IF(N71=2021,1,"") | AF71: =IF(N71=2022,1,"") | AG71: =IF(N71=2018,O71,"") | AH71: =IF(N71=2019,O71,"") -> 10000 | AI71: =IF(N71=2020,O71,"") | AJ71: =IF(N71=2021,O71,"") | AK71: =IF(N71=2022,O71,"")
A72: ='Invt Machines'!A72 -> 60 | B72: =IF('Invt Machines'!B72="","",'Invt Machines'!B72) -> Channel | C72: 11 | D72: =IF('Invt Machines'!D72="","",'Invt Machines'!D72) -> 21 | E72: =IF('Invt Machines'!E72="","",'Invt Machines'!E72) -> 568 | F72: =IF('Invt Machines'!F72="","",'Invt Machines'!F72) -> 3188563 | G72: =IF('Invt Machines'!G72="","",'Invt Machines'!G72) -> DUFIEUX TB | H72: =IF('Invt Machines'!H72="","",'Invt Machines'!H72) -> DUFIEUX | I72: =IF('Invt Machines'!I72="","",'Invt Machines'!I72) -> Perceuse | J72: =IF('Invt Machines'!J72="","",'Invt Machines'!J72) -> Fixe | K72: =IF('Invt Machines'!X72="","NON","OUI") -> NON | M72: NC | O72: NC | P72: NC | T72: =IF('Invt Machines'!AF72="","",'Invt Machines'!AF72) -> Sortie du parc. Bon de ferraillage et sortie immob au 25/07/2017 | AB72: =IF(N72=2018,1,"") | AC72: =IF(N72=2019,1,"") | AD72: =IF(N72=2020,1,"") | AE72: =IF(N72=2021,1,"") | AF72: =IF(N72=2022,1,"") | AG72: =IF(N72=2018,O72,"") | AH72: =IF(N72=2019,O72,"") | AI72: =IF(N72=2020,O72,"") | AJ72: =IF(N72=2021,O72,"") | AK72: =IF(N72=2022,O72,"")
A73: ='Invt Machines'!A73 -> 61 | B73: =IF('Invt Machines'!B73="","",'Invt Machines'!B73) -> Channel | C73: 11 | D73: =IF('Invt Machines'!D73="","",'Invt Machines'!D73) -> 16 | E73: =IF('Invt Machines'!E73="","",'Invt Machines'!E73) -> PE600 | F73: =IF('Invt Machines'!F73="","",'Invt Machines'!F73) -> 3192051 | G73: =IF('Invt Machines'!G73="","",'Invt Machines'!G73) -> GSP Radiale 46016 N° 928 | H73: =IF('Invt Machines'!H73="","",'Invt Machines'!H73) -> GSP | I73: =IF('Invt Machines'!I73="","",'Invt Machines'!I73) -> Perceuse | J73: =IF('Invt Machines'!J73="","",'Invt Machines'!J73) -> Fixe | K73: =IF('Invt Machines'!X73="","NON","OUI") -> NON | M73: 2 | N73: 2020 | O73: 5000 | Q73: 4 | R73: 8 | T73: =IF('Invt Machines'!AF73="","",'Invt Machines'!AF73) | AB73: =IF(N73=2018,1,"") | AC73: =IF(N73=2019,1,"") | AD73: =IF(N73=2020,1,"") -> 1 | AE73: =IF(N73=2021,1,"") | AF73: =IF(N73=2022,1,"") | AG73: =IF(N73=2018,O73,"") | AH73: =IF(N73=2019,O73,"") | AI73: =IF(N73=2020,O73,"") -> 5000 | AJ73: =IF(N73=2021,O73,"") | AK73: =IF(N73=2022,O73,"")
A74: ='Invt Machines'!A74 -> 62 | B74: =IF('Invt Machines'!B74="","",'Invt Machines'!B74) -> Channel | C74: 11 | D74: =IF('Invt Machines'!D74="","",'Invt Machines'!D74) -> 21 | E74: =IF('Invt Machines'!E74="","",'Invt Machines'!E74) -> 752 | F74: =IF('Invt Machines'!F74="","",'Invt Machines'!F74) | G74: =IF('Invt Machines'!G74="","",'Invt Machines'!G74) -> MACHINE A LAVER | H74: =IF('Invt Machines'!H74="","",'Invt Machines'!H74) -> FUCHS | I74: =IF('Invt Machines'!I74="","",'Invt Machines'!I74) -> Machine à laver | J74: =IF('Invt Machines'!J74="","",'Invt Machines'!J74) -> Fixe | K74: =IF('Invt Machines'!X74="","NON","OUI") -> NON | M74: NC | O74: NC | P74: NC | Q74: NC | R74: NC | T74: =IF('Invt Machines'!AF74="","",'Invt Machines'!AF74) -> Pas opportun selon bureau de contrôle, machine/outil avec CE en série | AB74: =IF(N74=2018,1,"") | AC74: =IF(N74=2019,1,"") | AD74: =IF(N74=2020,1,"") | AE74: =IF(N74=2021,1,"") | AF74: =IF(N74=2022,1,"") | AG74: =IF(N74=2018,O74,"") | AH74: =IF(N74=2019,O74,"") | AI74: =IF(N74=2020,O74,"") | AJ74: =IF(N74=2021,O74,"") | AK74: =IF(N74=2022,O74,"")
A75: ='Invt Machines'!A75 -> 63 | B75: =IF('Invt Machines'!B75="","",'Invt Machines'!B75) -> Channel | C75: 11 | D75: =IF('Invt Machines'!D75="","",'Invt Machines'!D75) -> 21 | E75: =IF('Invt Machines'!E75="","",'Invt Machines'!E75) -> 7113 | F75: =IF('Invt Machines'!F75="","",'Invt Machines'!F75) | G75: =IF('Invt Machines'!G75="","",'Invt Machines'!G75) -> Magnéto | H75: =IF('Invt Machines'!H75="","",'Invt Machines'!H75) -> SREM TECHNOLOGIES | I75: =IF('Invt Machines'!I75="","",'Invt Machines'!I75) -> Contrôle par magnétoscopie | J75: =IF('Invt Machines'!J75="","",'Invt Machines'!J75) -> Appareil mobile | K75: =IF('Invt Machines'!X75="","NON","OUI") -> NON | M75: NC | O75: NC | P75: NC | Q75: NC | R75: NC | T75: =IF('Invt Machines'!AF75="","",'Invt Machines'!AF75) -> Pas opportun selon bureau de contrôle, outil portatif / mobile avec CE en série | AB75: =IF(N75=2018,1,"") | AC75: =IF(N75=2019,1,"") | AD75: =IF(N75=2020,1,"") | AE75: =IF(N75=2021,1,"") | AF75: =IF(N75=2022,1,"") | AG75: =IF(N75=2018,O75,"") | AH75: =IF(N75=2019,O75,"") | AI75: =IF(N75=2020,O75,"") | AJ75: =IF(N75=2021,O75,"") | AK75: =IF(N75=2022,O75,"")
A76: ='Invt Machines'!A76 -> 64 | B76: =IF('Invt Machines'!B76="","",'Invt Machines'!B76) -> Channel | C76: 11 | D76: =IF('Invt Machines'!D76="","",'Invt Machines'!D76) -> 21 | E76: =IF('Invt Machines'!E76="","",'Invt Machines'!E76) -> 13-B | F76: =IF('Invt Machines'!F76="","",'Invt Machines'!F76) | G76: =IF('Invt Machines'!G76="","",'Invt Machines'!G76) -> Rouleau entrainement couronne | H76: =IF('Invt Machines'!H76="","",'Invt Machines'!H76) -> SKF | I76: =IF('Invt Machines'!I76="","",'Invt Machines'!I76) -> Contrôle par magnétoscopie | J76: =IF('Invt Machines'!J76="","",'Invt Machines'!J76) -> FIXE | K76: =IF('Invt Machines'!X76="","NON","OUI") -> NON | M76: 3 | N76: 2021 | O76: 4000 | Q76: 8 | R76: 12 | T76: =IF('Invt Machines'!AF76="","",'Invt Machines'!AF76) -> Proto Maréchal | AB76: =IF(N76=2018,1,"") | AC76: =IF(N76=2019,1,"") | AD76: =IF(N76=2020,1,"") | AE76: =IF(N76=2021,1,"") -> 1 | AF76: =IF(N76=2022,1,"") | AG76: =IF(N76=2018,O76,"") | AH76: =IF(N76=2019,O76,"") | AI76: =IF(N76=2020,O76,"") | AJ76: =IF(N76=2021,O76,"") -> 4000 | AK76: =IF(N76=2022,O76,"")
A77: ='Invt Machines'!A77 -> 65 | B77: =IF('Invt Machines'!B77="","",'Invt Machines'!B77) -> Channel | C77: 11 | D77: =IF('Invt Machines'!D77="","",'Invt Machines'!D77) -> 21 | E77: =IF('Invt Machines'!E77="","",'Invt Machines'!E77) -> TOUAC46 | F77: =IF('Invt Machines'!F77="","",'Invt Machines'!F77) -> 3187099 | G77: =IF('Invt Machines'!G77="","",'Invt Machines'!G77) -> AC46 | H77: =IF('Invt Machines'!H77="","",'Invt Machines'!H77) -> PIETRO CARNAGHI | I77: =IF('Invt Machines'!I77="","",'Invt Machines'!I77) -> Tour vertical / perceuse et rectif | J77: =IF('Invt Machines'!J77="","",'Invt Machines'!J77) -> Fixe | K77: =IF('Invt Machines'!X77="","NON","OUI") -> OUI | L77: DIRECTIVE 98/37/CE ANNEXE I | M77: 2 | N77: 2020 | O77: 3000 | Q77: 8 | R77: 16 | T77: =IF('Invt Machines'!AF77="","",'Invt Machines'!AF77) -> Chiffrage en cours. Communiquer le rapport de contrôle du "safety integrated" au prochain tiers expert afin qu'il finalise la vérification de conformité. | AB77: =IF(N77=2018,1,"") | AC77: =IF(N77=2019,1,"") | AD77: =IF(N77=2020,1,"") -> 1 | AE77: =IF(N77=2021,1,"") | AF77: =IF(N77=2022,1,"") | AG77: =IF(N77=2018,O77,"") | AH77: =IF(N77=2019,O77,"") | AI77: =IF(N77=2020,O77,"") -> 3000 | AJ77: =IF(N77=2021,O77,"") | AK77: =IF(N77=2022,O77,"")
A78: ='Invt Machines'!A78 -> 66 | B78: =IF('Invt Machines'!B78="","",'Invt Machines'!B78) -> Channel | C78: 11 | D78: =IF('Invt Machines'!D78="","",'Invt Machines'!D78) -> 21 | E78: =IF('Invt Machines'!E78="","",'Invt Machines'!E78) -> 752 | F78: =IF('Invt Machines'!F78="","",'Invt Machines'!F78) | G78: =IF('Invt Machines'!G78="","",'Invt Machines'!G78) -> MONTAGE C21 | H78: =IF('Invt Machines'!H78="","",'Invt Machines'!H78) -> SKF | I78: =IF('Invt Machines'!I78="","",'Invt Machines'!I78) -> Table de montage | J78: =IF('Invt Machines'!J78="","",'Invt Machines'!J78) -> Fixe | K78: =IF('Invt Machines'!X78="","NON","OUI") -> NON | M78: NC | O78: NC | P78: NC | T78: =IF('Invt Machines'!AF78="","",'Invt Machines'!AF78) -> Sortie du parc. Bon de ferraillage 11/06/2018 | AB78: =IF(N78=2018,1,"") | AC78: =IF(N78=2019,1,"") | AD78: =IF(N78=2020,1,"") | AE78: =IF(N78=2021,1,"") | AF78: =IF(N78=2022,1,"") | AG78: =IF(N78=2018,O78,"") | AH78: =IF(N78=2019,O78,"") | AI78: =IF(N78=2020,O78,"") | AJ78: =IF(N78=2021,O78,"") | AK78: =IF(N78=2022,O78,"")
A79: ='Invt Machines'!A79 -> 67 | B79: =IF('Invt Machines'!B79="","",'Invt Machines'!B79) -> Channel | C79: 11 | D79: =IF('Invt Machines'!D79="","",'Invt Machines'!D79) -> 21 | E79: =IF('Invt Machines'!E79="","",'Invt Machines'!E79) -> TO200 | F79: =IF('Invt Machines'!F79="","",'Invt Machines'!F79) -> 3186707 | G79: =IF('Invt Machines'!G79="","",'Invt Machines'!G79) -> SPMO | H79: =IF('Invt Machines'!H79="","",'Invt Machines'!H79) -> SPMO | I79: =IF('Invt Machines'!I79="","",'Invt Machines'!I79) -> Tour vertical / perceuse | J79: =IF('Invt Machines'!J79="","",'Invt Machines'!J79) -> Fixe | K79: =IF('Invt Machines'!X79="","NON","OUI") -> OUI | L79: DIRECTIVE 98/37/CE ANNEXE I | M79: 1 | N79: 2019 | O79: 10000 | Q79: 8 | R79: 24 | T79: =IF('Invt Machines'!AF79="","",'Invt Machines'!AF79) -> Chiffrage en cours. Communiquer le rapport de contrôle du "safety integrated" au prochain tiers expert afin qu'il finalise la vérification de conformité. | AB79: =IF(N79=2018,1,"") | AC79: =IF(N79=2019,1,"") -> 1 | AD79: =IF(N79=2020,1,"") | AE79: =IF(N79=2021,1,"") | AF79: =IF(N79=2022,1,"") | AG79: =IF(N79=2018,O79,"") | AH79: =IF(N79=2019,O79,"") -> 10000 | AI79: =IF(N79=2020,O79,"") | AJ79: =IF(N79=2021,O79,"") | AK79: =IF(N79=2022,O79,"")
A80: ='Invt Machines'!A80 -> 68 | B80: =IF('Invt Machines'!B80="","",'Invt Machines'!B80) -> Channel | C80: 11 | D80: =IF('Invt Machines'!D80="","",'Invt Machines'!D80) -> 21 | E80: =IF('Invt Machines'!E80="","",'Invt Machines'!E80) -> TOUTITAN | F80: =IF('Invt Machines'!F80="","",'Invt Machines'!F80) -> 3188491 | G80: =IF('Invt Machines'!G80="","",'Invt Machines'!G80) -> TITAN | H80: =IF('Invt Machines'!H80="","",'Invt Machines'!H80) -> POPECI | I80: =IF('Invt Machines'!I80="","",'Invt Machines'!I80) -> Tour vertical / perceuse et rectif | J80: =IF('Invt Machines'!J80="","",'Invt Machines'!J80) -> Fixe | K80: =IF('Invt Machines'!X80="","NON","OUI") -> OUI | L80: DIRECTIVE 98/37/CE ANNEXE I | M80: 1 | N80: 2019 | O80: 10000 | Q80: 6 | R80: 16 | T80: =IF('Invt Machines'!AF80="","",'Invt Machines'!AF80) -> Chiffrage en cours. | AB80: =IF(N80=2018,1,"") | AC80: =IF(N80=2019,1,"") -> 1 | AD80: =IF(N80=2020,1,"") | AE80: =IF(N80=2021,1,"") | AF80: =IF(N80=2022,1,"") | AG80: =IF(N80=2018,O80,"") | AH80: =IF(N80=2019,O80,"") -> 10000 | AI80: =IF(N80=2020,O80,"") | AJ80: =IF(N80=2021,O80,"") | AK80: =IF(N80=2022,O80,"")
A81: ='Invt Machines'!A81 -> 69 | B81: =IF('Invt Machines'!B81="","",'Invt Machines'!B81) -> Channel | C81: 11 | D81: =IF('Invt Machines'!D81="","",'Invt Machines'!D81) -> 22 | E81: =IF('Invt Machines'!E81="","",'Invt Machines'!E81) -> 355 | F81: =IF('Invt Machines'!F81="","",'Invt Machines'!F81) -> 3186379 | G81: =IF('Invt Machines'!G81="","",'Invt Machines'!G81) -> FOUR CFI | H81: =IF('Invt Machines'!H81="","",'Invt Machines'!H81) -> CFI | I81: =IF('Invt Machines'!I81="","",'Invt Machines'!I81) -> Four | J81: =IF('Invt Machines'!J81="","",'Invt Machines'!J81) -> Fixe | K81: =IF('Invt Machines'!X81="","NON","OUI") -> OUI | L81: Code du travail | M81: 1 | N81: 2019 | O81: 1000 | Q81: 2 | R81: 8 | T81: =IF('Invt Machines'!AF81="","",'Invt Machines'!AF81) -> En attente de visite de levée d'observation par Dekra prévue le 31/01/2019 | AB81: =IF(N81=2018,1,"") | AC81: =IF(N81=2019,1,"") -> 1 | AD81: =IF(N81=2020,1,"") | AE81: =IF(N81=2021,1,"") | AF81: =IF(N81=2022,1,"") | AG81: =IF(N81=2018,O81,"") | AH81: =IF(N81=2019,O81,"") -> 1000 | AI81: =IF(N81=2020,O81,"") | AJ81: =IF(N81=2021,O81,"") | AK81: =IF(N81=2022,O81,"")
A82: ='Invt Machines'!A82 -> 70 | B82: =IF('Invt Machines'!B82="","",'Invt Machines'!B82) -> Channel | C82: 11 | D82: =IF('Invt Machines'!D82="","",'Invt Machines'!D82) -> 22 | E82: =IF('Invt Machines'!E82="","",'Invt Machines'!E82) -> 7102 | F82: =IF('Invt Machines'!F82="","",'Invt Machines'!F82) -> 3192251 | G82: =IF('Invt Machines'!G82="","",'Invt Machines'!G82) -> Laser Tracker | H82: =IF('Invt Machines'!H82="","",'Invt Machines'!H82) -> LEICA | I82: =IF('Invt Machines'!I82="","",'Invt Machines'!I82) -> Appareil de mesure | J82: =IF('Invt Machines'!J82="","",'Invt Machines'!J82) -> Appareil mobile | K82: =IF('Invt Machines'!X82="","NON","OUI") -> NON | M82: NC | O82: NC | P82: NC | T82: =IF('Invt Machines'!AF82="","",'Invt Machines'!AF82) -> Sortie du parc. Bon de ferraillage29/08/2018 | AB82: =IF(N82=2018,1,"") | AC82: =IF(N82=2019,1,"") | AD82: =IF(N82=2020,1,"") | AE82: =IF(N82=2021,1,"") | AF82: =IF(N82=2022,1,"") | AG82: =IF(N82=2018,O82,"") | AH82: =IF(N82=2019,O82,"") | AI82: =IF(N82=2020,O82,"") | AJ82: =IF(N82=2021,O82,"") | AK82: =IF(N82=2022,O82,"")
A83: ='Invt Machines'!A83 -> 71 | B83: =IF('Invt Machines'!B83="","",'Invt Machines'!B83) -> Channel | C83: 11 | D83: =IF('Invt Machines'!D83="","",'Invt Machines'!D83) -> 22 | E83: =IF('Invt Machines'!E83="","",'Invt Machines'!E83) -> 7102 | F83: =IF('Invt Machines'!F83="","",'Invt Machines'!F83) | G83: =IF('Invt Machines'!G83="","",'Invt Machines'!G83) -> Laser Tracker AT960 | H83: =IF('Invt Machines'!H83="","",'Invt Machines'!H83) -> LEICA | I83: =IF('Invt Machines'!I83="","",'Invt Machines'!I83) -> Appareil de mesure | J83: =IF('Invt Machines'!J83="","",'Invt Machines'!J83) -> Mobile | K83: =IF('Invt Machines'!X83="","NON","OUI") -> NON | M83: NC | O83: NC | P83: NC | Q83: NC | R83: NC | T83: Appareil neuf | AB83: =IF(N83=2018,1,"") | AC83: =IF(N83=2019,1,"") | AD83: =IF(N83=2020,1,"") | AE83: =IF(N83=2021,1,"") | AF83: =IF(N83=2022,1,"") | AG83: =IF(N83=2018,O83,"") | AH83: =IF(N83=2019,O83,"") | AI83: =IF(N83=2020,O83,"") | AJ83: =IF(N83=2021,O83,"") | AK83: =IF(N83=2022,O83,"")
A84: ='Invt Machines'!A84 -> 72 | B84: =IF('Invt Machines'!B84="","",'Invt Machines'!B84) -> Channel | C84: 11 | D84: =IF('Invt Machines'!D84="","",'Invt Machines'!D84) -> 22 | E84: =IF('Invt Machines'!E84="","",'Invt Machines'!E84) -> 7114 | F84: =IF('Invt Machines'!F84="","",'Invt Machines'!F84) | G84: =IF('Invt Machines'!G84="","",'Invt Machines'!G84) -> Magnéto | H84: =IF('Invt Machines'!H84="","",'Invt Machines'!H84) -> ? | I84: =IF('Invt Machines'!I84="","",'Invt Machines'!I84) -> Contrôle par magnétoscopie | J84: =IF('Invt Machines'!J84="","",'Invt Machines'!J84) -> Appareil mobile | K84: =IF('Invt Machines'!X84="","NON","OUI") -> NON | M84: NC | O84: NC | P84: NC | Q84: NC | R84: NC | T84: =IF('Invt Machines'!AF84="","",'Invt Machines'!AF84) -> Pas opportun selon bureau de contrôle, outil portatif / mobile avec CE en série | AB84: =IF(N84=2018,1,"") | AC84: =IF(N84=2019,1,"") | AD84: =IF(N84=2020,1,"") | AE84: =IF(N84=2021,1,"") | AF84: =IF(N84=2022,1,"") | AG84: =IF(N84=2018,O84,"") | AH84: =IF(N84=2019,O84,"") | AI84: =IF(N84=2020,O84,"") | AJ84: =IF(N84=2021,O84,"") | AK84: =IF(N84=2022,O84,"")
A85: ='Invt Machines'!A85 -> 73 | B85: =IF('Invt Machines'!B85="","",'Invt Machines'!B85) -> Channel | C85: 11 | D85: =IF('Invt Machines'!D85="","",'Invt Machines'!D85) -> 22 | E85: =IF('Invt Machines'!E85="","",'Invt Machines'!E85) -> 5T3 | F85: =IF('Invt Machines'!F85="","",'Invt Machines'!F85) | G85: =IF('Invt Machines'!G85="","",'Invt Machines'!G85) -> Rouleau entrainement couronne | H85: =IF('Invt Machines'!H85="","",'Invt Machines'!H85) -> SKF | I85: =IF('Invt Machines'!I85="","",'Invt Machines'!I85) -> Contrôle par magnétoscopie | J85: =IF('Invt Machines'!J85="","",'Invt Machines'!J85) -> Fixe | K85: =IF('Invt Machines'!X85="","NON","OUI") -> NON | M85: 3 | N85: 2021 | O85: 4000 | Q85: 8 | R85: 12 | T85: =IF('Invt Machines'!AF85="","",'Invt Machines'!AF85) -> Proto Maréchal | AB85: =IF(N85=2018,1,"") | AC85: =IF(N85=2019,1,"") | AD85: =IF(N85=2020,1,"") | AE85: =IF(N85=2021,1,"") -> 1 | AF85: =IF(N85=2022,1,"") | AG85: =IF(N85=2018,O85,"") | AH85: =IF(N85=2019,O85,"") | AI85: =IF(N85=2020,O85,"") | AJ85: =IF(N85=2021,O85,"") -> 4000 | AK85: =IF(N85=2022,O85,"")
A86: ='Invt Machines'!A86 -> 74 | B86: =IF('Invt Machines'!B86="","",'Invt Machines'!B86) -> Channel | C86: 11 | D86: =IF('Invt Machines'!D86="","",'Invt Machines'!D86) -> 22 | E86: =IF('Invt Machines'!E86="","",'Invt Machines'!E86) -> 471 | F86: =IF('Invt Machines'!F86="","",'Invt Machines'!F86) -> 3186819 | G86: =IF('Invt Machines'!G86="","",'Invt Machines'!G86) -> MODUL | H86: =IF('Invt Machines'!H86="","",'Invt Machines'!H86) -> KombinatsbetrieB MODUL | I86: =IF('Invt Machines'!I86="","",'Invt Machines'!I86) -> Tailleuse | J86: =IF('Invt Machines'!J86="","",'Invt Machines'!J86) -> Fixe | K86: =IF('Invt Machines'!X86="","NON","OUI") -> NON | M86: 1 | N86: 2019 | O86: 40000 | Q86: 24 | R86: 40 | T86: =IF('Invt Machines'!AF86="","",'Invt Machines'!AF86) | AB86: =IF(N86=2018,1,"") | AC86: =IF(N86=2019,1,"") -> 1 | AD86: =IF(N86=2020,1,"") | AE86: =IF(N86=2021,1,"") | AF86: =IF(N86=2022,1,"") | AG86: =IF(N86=2018,O86,"") | AH86: =IF(N86=2019,O86,"") -> 40000 | AI86: =IF(N86=2020,O86,"") | AJ86: =IF(N86=2021,O86,"") | AK86: =IF(N86=2022,O86,"")
A87: ='Invt Machines'!A87 -> 75 | B87: =IF('Invt Machines'!B87="","",'Invt Machines'!B87) -> Channel | C87: 11 | D87: =IF('Invt Machines'!D87="","",'Invt Machines'!D87) -> 22 | E87: =IF('Invt Machines'!E87="","",'Invt Machines'!E87) -> 7102 | F87: =IF('Invt Machines'!F87="","",'Invt Machines'!F87) -> 3193483 | G87: =IF('Invt Machines'!G87="","",'Invt Machines'!G87) -> MONTAGE C22 | H87: =IF('Invt Machines'!H87="","",'Invt Machines'!H87) -> ERI Automation | I87: =IF('Invt Machines'!I87="","",'Invt Machines'!I87) -> Table de montage | J87: =IF('Invt Machines'!J87="","",'Invt Machines'!J87) -> Fixe | K87: =IF('Invt Machines'!X87="","NON","OUI") -> OUI | L87: DIRECTIVE 98/37/CE ANNEXE I | M87: 2 | N87: 2020 | O87: 12000 | Q87: 24 | R87: 24 | T87: =IF('Invt Machines'!AF87="","",'Invt Machines'!AF87) -> Prestataire racheté par Groupe CFH / BFI | AB87: =IF(N87=2018,1,"") | AC87: =IF(N87=2019,1,"") | AD87: =IF(N87=2020,1,"") -> 1 | AE87: =IF(N87=2021,1,"") | AF87: =IF(N87=2022,1,"") | AG87: =IF(N87=2018,O87,"") | AH87: =IF(N87=2019,O87,"") | AI87: =IF(N87=2020,O87,"") -> 12000 | AJ87: =IF(N87=2021,O87,"") | AK87: =IF(N87=2022,O87,"")
A88: ='Invt Machines'!A88 -> 76 | C88: 11 | E88: =IF('Invt Machines'!E88="","",'Invt Machines'!E88) | F88: =IF('Invt Machines'!F88="","",'Invt Machines'!F88) | G88: =IF('Invt Machines'!G88="","",'Invt Machines'!G88) | H88: =IF('Invt Machines'!H88="","",'Invt Machines'!H88) | I88: =IF('Invt Machines'!I88="","",'Invt Machines'!I88) | K88: =IF('Invt Machines'!X88="","NON","OUI") -> OUI | T88: =IF('Invt Machines'!AF88="","",'Invt Machines'!AF88) | AB88: =IF(N88=2018,1,"") | AC88: =IF(N88=2019,1,"") | AD88: =IF(N88=2020,1,"") | AE88: =IF(N88=2021,1,"") | AF88: =IF(N88=2022,1,"") | AG88: =IF(N88=2018,O88,"") | AH88: =IF(N88=2019,O88,"") | AI88: =IF(N88=2020,O88,"") | AJ88: =IF(N88=2021,O88,"") | AK88: =IF(N88=2022,O88,"")
A89: ='Invt Machines'!A89 -> 77 | B89: =IF('Invt Machines'!B89="","",'Invt Machines'!B89) -> Channel | C89: 11 | D89: =IF('Invt Machines'!D89="","",'Invt Machines'!D89) -> 22 | E89: =IF('Invt Machines'!E89="","",'Invt Machines'!E89) -> 302 | F89: =IF('Invt Machines'!F89="","",'Invt Machines'!F89) -> 3186227 | G89: =IF('Invt Machines'!G89="","",'Invt Machines'!G89) -> PEDDINGHAUS | H89: =IF('Invt Machines'!H89="","",'Invt Machines'!H89) -> PEDDINGHAUS / EMA | I89: =IF('Invt Machines'!I89="","",'Invt Machines'!I89) -> Trempe piste et denture | J89: =IF('Invt Machines'!J89="","",'Invt Machines'!J89) -> Fixe | K89: =IF('Invt Machines'!X89="","NON","OUI") -> OUI | L89: Code du travail | M89: 1 | N89: 2019 | O89: 15000 | Q89: 50 | R89: 70 | T89: =IF('Invt Machines'!AF89="","",'Invt Machines'!AF89) -> Chiffrage en cours | AB89: =IF(N89=2018,1,"") | AC89: =IF(N89=2019,1,"") -> 1 | AD89: =IF(N89=2020,1,"") | AE89: =IF(N89=2021,1,"") | AF89: =IF(N89=2022,1,"") | AG89: =IF(N89=2018,O89,"") | AH89: =IF(N89=2019,O89,"") -> 15000 | AI89: =IF(N89=2020,O89,"") | AJ89: =IF(N89=2021,O89,"") | AK89: =IF(N89=2022,O89,"")
A90: ='Invt Machines'!A90 -> 78 | B90: =IF('Invt Machines'!B90="","",'Invt Machines'!B90) -> Channel | C90: 11 | D90: =IF('Invt Machines'!D90="","",'Invt Machines'!D90) -> 22 | E90: =IF('Invt Machines'!E90="","",'Invt Machines'!E90) -> 0014.3 | F90: =IF('Invt Machines'!F90="","",'Invt Machines'!F90) | G90: =IF('Invt Machines'!G90="","",'Invt Machines'!G90) -> POSTE EBAVURAGE | H90: =IF('Invt Machines'!H90="","",'Invt Machines'!H90) -> ? | I90: =IF('Invt Machines'!I90="","",'Invt Machines'!I90) -> Ebavurage | J90: =IF('Invt Machines'!J90="","",'Invt Machines'!J90) -> Appareil portatif | K90: =IF('Invt Machines'!X90="","NON","OUI") -> NON | M90: NC | O90: NC | P90: NC | Q90: NC | R90: NC | T90: =IF('Invt Machines'!AF90="","",'Invt Machines'!AF90) -> Pas opportun selon bureau de contrôle, outil portatif / mobile avec CE en série | AB90: =IF(N90=2018,1,"") | AC90: =IF(N90=2019,1,"") | AD90: =IF(N90=2020,1,"") | AE90: =IF(N90=2021,1,"") | AF90: =IF(N90=2022,1,"") | AG90: =IF(N90=2018,O90,"") | AH90: =IF(N90=2019,O90,"") | AI90: =IF(N90=2020,O90,"") | AJ90: =IF(N90=2021,O90,"") | AK90: =IF(N90=2022,O90,"")
A91: ='Invt Machines'!A91 -> 79 | B91: =IF('Invt Machines'!B91="","",'Invt Machines'!B91) -> Channel | C91: 11 | D91: =IF('Invt Machines'!D91="","",'Invt Machines'!D91) -> 22 | E91: =IF('Invt Machines'!E91="","",'Invt Machines'!E91) -> 7102 | F91: =IF('Invt Machines'!F91="","",'Invt Machines'!F91) | G91: =IF('Invt Machines'!G91="","",'Invt Machines'!G91) -> SCIE | H91: =IF('Invt Machines'!H91="","",'Invt Machines'!H91) -> KASTO | I91: =IF('Invt Machines'!I91="","",'Invt Machines'!I91) -> Scie | J91: =IF('Invt Machines'!J91="","",'Invt Machines'!J91) -> Fixe | K91: =IF('Invt Machines'!X91="","NON","OUI") -> NON | M91: 2 | N91: 2020 | O91: 3000 | Q91: 8 | R91: 16 | T91: =IF('Invt Machines'!AF91="","",'Invt Machines'!AF91) | AB91: =IF(N91=2018,1,"") | AC91: =IF(N91=2019,1,"") | AD91: =IF(N91=2020,1,"") -> 1 | AE91: =IF(N91=2021,1,"") | AF91: =IF(N91=2022,1,"") | AG91: =IF(N91=2018,O91,"") | AH91: =IF(N91=2019,O91,"") | AI91: =IF(N91=2020,O91,"") -> 3000 | AJ91: =IF(N91=2021,O91,"") | AK91: =IF(N91=2022,O91,"")
A92: ='Invt Machines'!A92 -> 80 | B92: =IF('Invt Machines'!B92="","",'Invt Machines'!B92) -> Channel | C92: 11 | D92: =IF('Invt Machines'!D92="","",'Invt Machines'!D92) -> 22 | E92: =IF('Invt Machines'!E92="","",'Invt Machines'!E92) -> 3546 | F92: =IF('Invt Machines'!F92="","",'Invt Machines'!F92) -> 3186899 | G92: =IF('Invt Machines'!G92="","",'Invt Machines'!G92) -> SOMEX | H92: =IF('Invt Machines'!H92="","",'Invt Machines'!H92) -> SOMEX | I92: =IF('Invt Machines'!I92="","",'Invt Machines'!I92) -> Perceuse | J92: =IF('Invt Machines'!J92="","",'Invt Machines'!J92) -> Fixe | K92: =IF('Invt Machines'!X92="","NON","OUI") -> OUI | L92: DIRECTIVE 98/37/CE ANNEXE I | M92: 2 | N92: 2020 | O92: 15000 | Q92: 8 | R92: 12 | T92: =IF('Invt Machines'!AF92="","",'Invt Machines'!AF92) -> Communiquer la notice d'utilisation au prochain tiers expert afin qu'il finalise la vérification de conformité | AB92: =IF(N92=2018,1,"") | AC92: =IF(N92=2019,1,"") | AD92: =IF(N92=2020,1,"") -> 1 | AE92: =IF(N92=2021,1,"") | AF92: =IF(N92=2022,1,"") | AG92: =IF(N92=2018,O92,"") | AH92: =IF(N92=2019,O92,"") | AI92: =IF(N92=2020,O92,"") -> 15000 | AJ92: =IF(N92=2021,O92,"") | AK92: =IF(N92=2022,O92,"")
A93: ='Invt Machines'!A93 -> 81 | B93: =IF('Invt Machines'!B93="","",'Invt Machines'!B93) -> Channel | C93: 11 | D93: =IF('Invt Machines'!D93="","",'Invt Machines'!D93) -> 22 | E93: =IF('Invt Machines'!E93="","",'Invt Machines'!E93) -> 511 | F93: =IF('Invt Machines'!F93="","",'Invt Machines'!F93) -> 3187419 | G93: =IF('Invt Machines'!G93="","",'Invt Machines'!G93) -> VR8 | H93: =IF('Invt Machines'!H93="","",'Invt Machines'!H93) -> MAS | I93: =IF('Invt Machines'!I93="","",'Invt Machines'!I93) -> Perceuse | J93: =IF('Invt Machines'!J93="","",'Invt Machines'!J93) -> Fixe | K93: =IF('Invt Machines'!X93="","NON","OUI") -> OUI | L93: Code du travail | M93: NC | N93: 2019 | O93: 7000 | Q93: 8 | R93: 16 | T93: =IF('Invt Machines'!AF93="","",'Invt Machines'!AF93) -> Sortie du parc. Bon de ferraillage au 19/12/2018 | AB93: =IF(N93=2018,1,"") | AC93: =IF(N93=2019,1,"") -> 1 | AD93: =IF(N93=2020,1,"") | AE93: =IF(N93=2021,1,"") | AF93: =IF(N93=2022,1,"") | AG93: =IF(N93=2018,O93,"") | AH93: =IF(N93=2019,O93,"") -> 7000 | AI93: =IF(N93=2020,O93,"") | AJ93: =IF(N93=2021,O93,"") | AK93: =IF(N93=2022,O93,"")
A94: ='Invt Machines'!A94 -> 82 | B94: =IF('Invt Machines'!B94="","",'Invt Machines'!B94) -> Channel | C94: 11 | D94: =IF('Invt Machines'!D94="","",'Invt Machines'!D94) -> 22 | E94: =IF('Invt Machines'!E94="","",'Invt Machines'!E94) -> 586 | F94: =IF('Invt Machines'!F94="","",'Invt Machines'!F94) -> 3187971 | G94: =IF('Invt Machines'!G94="","",'Invt Machines'!G94) -> DUFIEUX CN | H94: =IF('Invt Machines'!H94="","",'Invt Machines'!H94) -> DUFIEUX | I94: =IF('Invt Machines'!I94="","",'Invt Machines'!I94) -> Perceuse | J94: =IF('Invt Machines'!J94="","",'Invt Machines'!J94) -> Fixe | K94: =IF('Invt Machines'!X94="","NON","OUI") -> OUI | L94: Code du travail | M94: 1 | N94: 2019 | O94: 35000 | Q94: 24 | R94: 40 | T94: =IF('Invt Machines'!AF94="","",'Invt Machines'!AF94) -> Chiffrage en cours | AB94: =IF(N94=2018,1,"") | AC94: =IF(N94=2019,1,"") -> 1 | AD94: =IF(N94=2020,1,"") | AE94: =IF(N94=2021,1,"") | AF94: =IF(N94=2022,1,"") | AG94: =IF(N94=2018,O94,"") | AH94: =IF(N94=2019,O94,"") -> 35000 | AI94: =IF(N94=2020,O94,"") | AJ94: =IF(N94=2021,O94,"") | AK94: =IF(N94=2022,O94,"")
A95: ='Invt Machines'!A95 -> 83 | B95: =IF('Invt Machines'!B95="","",'Invt Machines'!B95) -> Channel | C95: 11 | D95: =IF('Invt Machines'!D95="","",'Invt Machines'!D95) -> 22 | E95: =IF('Invt Machines'!E95="","",'Invt Machines'!E95) -> 693 | F95: =IF('Invt Machines'!F95="","",'Invt Machines'!F95) -> 3188363 | G95: =IF('Invt Machines'!G95="","",'Invt Machines'!G95) -> AS 65 | H95: =IF('Invt Machines'!H95="","",'Invt Machines'!H95) -> PIETRO CARNAGHI | I95: =IF('Invt Machines'!I95="","",'Invt Machines'!I95) -> Tour / Rectifieuse | J95: =IF('Invt Machines'!J95="","",'Invt Machines'!J95) -> Fixe | K95: =IF('Invt Machines'!X95="","NON","OUI") -> OUI | L95: Code du travail | M95: 1 | N95: 2018 | O95: 100000 | Q95: 60 | R95: 140 | T95: =IF('Invt Machines'!AF95="","",'Invt Machines'!AF95) -> Chiffrage en cours / IRE validée / doit être réalisée en 2018 | AB95: =IF(N95=2018,1,"") -> 1 | AC95: =IF(N95=2019,1,"") | AD95: =IF(N95=2020,1,"") | AE95: =IF(N95=2021,1,"") | AF95: =IF(N95=2022,1,"") | AG95: =IF(N95=2018,O95,"") -> 100000 | AH95: =IF(N95=2019,O95,"") | AI95: =IF(N95=2020,O95,"") | AJ95: =IF(N95=2021,O95,"") | AK95: =IF(N95=2022,O95,"")
A96: ='Invt Machines'!A96 -> 84 | B96: =IF('Invt Machines'!B96="","",'Invt Machines'!B96) -> Channel | C96: 11 | D96: =IF('Invt Machines'!D96="","",'Invt Machines'!D96) -> 22 | E96: =IF('Invt Machines'!E96="","",'Invt Machines'!E96) -> TOUAS60 | F96: =IF('Invt Machines'!F96="","",'Invt Machines'!F96) -> 3187563 | G96: =IF('Invt Machines'!G96="","",'Invt Machines'!G96) -> AS 60 | H96: =IF('Invt Machines'!H96="","",'Invt Machines'!H96) -> PIETRO CARNAGHI | I96: =IF('Invt Machines'!I96="","",'Invt Machines'!I96) -> Tour vertical / perceuse et rectif | J96: =IF('Invt Machines'!J96="","",'Invt Machines'!J96) -> Fixe | K96: =IF('Invt Machines'!X96="","NON","OUI") -> OUI | L96: DIRECTIVE 98/37/CE ANNEXE I & Code du travail | M96: 1 | N96: 2019 | O96: 25000 | Q96: 30 | R96: 70 | T96: =IF('Invt Machines'!AF96="","",'Invt Machines'!AF96) -> Chiffrage en cours | AB96: =IF(N96=2018,1,"") | AC96: =IF(N96=2019,1,"") -> 1 | AD96: =IF(N96=2020,1,"") | AE96: =IF(N96=2021,1,"") | AF96: =IF(N96=2022,1,"") | AG96: =IF(N96=2018,O96,"") | AH96: =IF(N96=2019,O96,"") -> 25000 | AI96: =IF(N96=2020,O96,"") | AJ96: =IF(N96=2021,O96,"") | AK96: =IF(N96=2022,O96,"")
A97: ='Invt Machines'!A97 -> 85 | B97: =IF('Invt Machines'!B97="","",'Invt Machines'!B97) -> Channel | C97: 11 | D97: =IF('Invt Machines'!D97="","",'Invt Machines'!D97) -> 22 | E97: =IF('Invt Machines'!E97="","",'Invt Machines'!E97) -> 251 | F97: =IF('Invt Machines'!F97="","",'Invt Machines'!F97) -> 3186827 | G97: =IF('Invt Machines'!G97="","",'Invt Machines'!G97) -> BM225 | H97: =IF('Invt Machines'!H97="","",'Invt Machines'!H97) -> BERTHIEZ | I97: =IF('Invt Machines'!I97="","",'Invt Machines'!I97) -> Tour | J97: =IF('Invt Machines'!J97="","",'Invt Machines'!J97) -> Fixe | K97: =IF('Invt Machines'!X97="","NON","OUI") -> OUI | L97: Code du travail | M97: NC | O97: NC | P97: NC | T97: =IF('Invt Machines'!AF97="","",'Invt Machines'!AF97) -> Sortie du parc. Bon de ferraillage au 09/03/2018 | AB97: =IF(N97=2018,1,"") | AC97: =IF(N97=2019,1,"") | AD97: =IF(N97=2020,1,"") | AE97: =IF(N97=2021,1,"") | AF97: =IF(N97=2022,1,"") | AG97: =IF(N97=2018,O97,"") | AH97: =IF(N97=2019,O97,"") | AI97: =IF(N97=2020,O97,"") | AJ97: =IF(N97=2021,O97,"") | AK97: =IF(N97=2022,O97,"")
A98: ='Invt Machines'!A98 -> 86 | B98: =IF('Invt Machines'!B98="","",'Invt Machines'!B98) -> Channel | C98: 11 | D98: =IF('Invt Machines'!D98="","",'Invt Machines'!D98) -> 25 | E98: =IF('Invt Machines'!E98="","",'Invt Machines'!E98) -> Banc | F98: =IF('Invt Machines'!F98="","",'Invt Machines'!F98) -> 3190531 | G98: =IF('Invt Machines'!G98="","",'Invt Machines'!G98) -> Banc de test 01 (SOL) | H98: =IF('Invt Machines'!H98="","",'Invt Machines'!H98) -> ? | I98: =IF('Invt Machines'!I98="","",'Invt Machines'!I98) -> Banc test / montage | J98: =IF('Invt Machines'!J98="","",'Invt Machines'!J98) -> Fixe | K98: =IF('Invt Machines'!X98="","NON","OUI") -> NON | M98: 3 | N98: 2021 | O98: 6000 | Q98: 8 | R98: 24 | T98: =IF('Invt Machines'!AF98="","",'Invt Machines'!AF98) | AB98: =IF(N98=2018,1,"") | AC98: =IF(N98=2019,1,"") | AD98: =IF(N98=2020,1,"") | AE98: =IF(N98=2021,1,"") -> 1 | AF98: =IF(N98=2022,1,"") | AG98: =IF(N98=2018,O98,"") | AH98: =IF(N98=2019,O98,"") | AI98: =IF(N98=2020,O98,"") | AJ98: =IF(N98=2021,O98,"") -> 6000 | AK98: =IF(N98=2022,O98,"")
A99: ='Invt Machines'!A99 -> 87 | B99: =IF('Invt Machines'!B99="","",'Invt Machines'!B99) -> Channel | C99: 11 | D99: =IF('Invt Machines'!D99="","",'Invt Machines'!D99) -> 25 | E99: =IF('Invt Machines'!E99="","",'Invt Machines'!E99) -> Banc | F99: =IF('Invt Machines'!F99="","",'Invt Machines'!F99) | G99: =IF('Invt Machines'!G99="","",'Invt Machines'!G99) -> Banc de test 02 (EN HAUTEUR) | H99: =IF('Invt Machines'!H99="","",'Invt Machines'!H99) -> ? | I99: =IF('Invt Machines'!I99="","",'Invt Machines'!I99) -> Banc test / montage | J99: =IF('Invt Machines'!J99="","",'Invt Machines'!J99) -> Fixe | K99: =IF('Invt Machines'!X99="","NON","OUI") -> NON | M99: 3 | N99: 2021 | O99: 6000 | Q99: 8 | R99: 24 | T99: =IF('Invt Machines'!AF99="","",'Invt Machines'!AF99) | AB99: =IF(N99=2018,1,"") | AC99: =IF(N99=2019,1,"") | AD99: =IF(N99=2020,1,"") | AE99: =IF(N99=2021,1,"") -> 1 | AF99: =IF(N99=2022,1,"") | AG99: =IF(N99=2018,O99,"") | AH99: =IF(N99=2019,O99,"") | AI99: =IF(N99=2020,O99,"") | AJ99: =IF(N99=2021,O99,"") -> 6000 | AK99: =IF(N99=2022,O99,"")
A100: ='Invt Machines'!A100 -> 88 | B100: =IF('Invt Machines'!B100="","",'Invt Machines'!B100) -> Usine | C100: 11 | D100: =IF('Invt Machines'!D100="","",'Invt Machines'!D100) -> USINE | E100: =IF('Invt Machines'!E100="","",'Invt Machines'!E100) -> Ater 01 | F100: =IF('Invt Machines'!F100="","",'Invt Machines'!F100) | G100: =IF('Invt Machines'!G100="","",'Invt Machines'!G100) -> Appareil test étanchéité roulement | H100: =IF('Invt Machines'!H100="","",'Invt Machines'!H100) -> ? | I100: =IF('Invt Machines'!I100="","",'Invt Machines'!I100) | J100: =IF('Invt Machines'!J100="","",'Invt Machines'!J100) -> Appareil mobile | K100: =IF('Invt Machines'!X100="","NON","OUI") -> NON | M100: NC | O100: NC | P100: NC | Q100: NC | R100: NC | T100: =IF('Invt Machines'!AF100="","",'Invt Machines'!AF100) -> Pas opportun selon bureau de contrôle, outil portatif / mobile avec CE en série | AB100: =IF(N100=2018,1,"") | AC100: =IF(N100=2019,1,"") | AD100: =IF(N100=2020,1,"") | AE100: =IF(N100=2021,1,"") | AF100: =IF(N100=2022,1,"") | AG100: =IF(N100=2018,O100,"") | AH100: =IF(N100=2019,O100,"") | AI100: =IF(N100=2020,O100,"") | AJ100: =IF(N100=2021,O100,"") | AK100: =IF(N100=2022,O100,"")
A101: ='Invt Machines'!A101 -> 89 | B101: =IF('Invt Machines'!B101="","",'Invt Machines'!B101) -> Usine | C101: 11 | D101: =IF('Invt Machines'!D101="","",'Invt Machines'!D101) -> ASPROD Atelier | E101: =IF('Invt Machines'!E101="","",'Invt Machines'!E101) -> 62 02 40 | F101: =IF('Invt Machines'!F101="","",'Invt Machines'!F101) | G101: =IF('Invt Machines'!G101="","",'Invt Machines'!G101) -> TABLE ASPIRANTE ( POSTE SOUDAGE OXY ACETYLENE) | H101: =IF('Invt Machines'!H101="","",'Invt Machines'!H101) -> DELTA NEU INTERNATIONAL | I101: =IF('Invt Machines'!I101="","",'Invt Machines'!I101) -> Aspiration | J101: =IF('Invt Machines'!J101="","",'Invt Machines'!J101) -> Fixe | K101: =IF('Invt Machines'!X101="","NON","OUI") -> OUI | L101: Code du travail | M101: 3 | N101: 2021 | O101: 2000 | Q101: 2 | R101: 8 | T101: =IF('Invt Machines'!AF101="","",'Invt Machines'!AF101) | AB101: =IF(N101=2018,1,"") | AC101: =IF(N101=2019,1,"") | AD101: =IF(N101=2020,1,"") | AE101: =IF(N101=2021,1,"") -> 1 | AF101: =IF(N101=2022,1,"") | AG101: =IF(N101=2018,O101,"") | AH101: =IF(N101=2019,O101,"") | AI101: =IF(N101=2020,O101,"") | AJ101: =IF(N101=2021,O101,"") -> 2000 | AK101: =IF(N101=2022,O101,"")
A102: ='Invt Machines'!A102 -> 90 | B102: =IF('Invt Machines'!B102="","",'Invt Machines'!B102) -> Usine | C102: 11 | D102: =IF('Invt Machines'!D102="","",'Invt Machines'!D102) -> ASPROD Affûtage | E102: =IF('Invt Machines'!E102="","",'Invt Machines'!E102) | F102: =IF('Invt Machines'!F102="","",'Invt Machines'!F102) | G102: =IF('Invt Machines'!G102="","",'Invt Machines'!G102) -> PORTE FRAISE | H102: =IF('Invt Machines'!H102="","",'Invt Machines'!H102) -> ? | I102: =IF('Invt Machines'!I102="","",'Invt Machines'!I102) -> PORTE OUTIL | J102: =IF('Invt Machines'!J102="","",'Invt Machines'!J102) -> Fixe | K102: =IF('Invt Machines'!X102="","NON","OUI") -> OUI | L102: Code du travail | M102: 3 | N102: 2021 | O102: 300 | Q102: 1 | R102: 4 | T102: =IF('Invt Machines'!AF102="","",'Invt Machines'!AF102) | AB102: =IF(N102=2018,1,"") | AC102: =IF(N102=2019,1,"") | AD102: =IF(N102=2020,1,"") | AE102: =IF(N102=2021,1,"") -> 1 | AF102: =IF(N102=2022,1,"") | AG102: =IF(N102=2018,O102,"") | AH102: =IF(N102=2019,O102,"") | AI102: =IF(N102=2020,O102,"") | AJ102: =IF(N102=2021,O102,"") -> 300 | AK102: =IF(N102=2022,O102,"")
...

Sheet Feuil3

Sheet PA
G1: SYSTEME DE MANAGEMENT DE L’EHS | AQ1: =TODAY() -> 43489
A2: Site : | G2: Plan d'Actions Conformité Machine du site
A3: Manuel EHS Ed
G4: Mise à jour du : 21/01/2019 | R4: Par : Jérôme LACASSAGNE | AB4: Validation des données | AI4: Bilan | AN4: Recherche de critères
A5: N° de lignes Invt. | B5: N° | C5: Date | D5: Thème | E5: Identifications / Sources | J5: Urgence | K5: Type de risque | L5: Référentiel | N5: Anomalies / Pistes d'Amélioration | O5: Action(s) | P5: Pièces justificatives | Q5: Pilote | R5: Acteur | S5: Date prévue de réalisation | T5: Date effective de la réalisation | U5: Statut | V5: Commentaire | W5: Vérifié par | X5: Efficacité de l'action | AB5: Thème | AC5: Channels | AD5: Priorités (H = Urgence 1) (O = Urgence 2) (T = Urgence 3) | AE5: Types de risques | AF5: Statuts | AG5: Efficacités | AI5: Ter dans les délais | AJ5: Ter dans hors délais | AK5: A Ter dans les délais | AL5: A Ter hors délais | AN5: rechecher statut "à faire" de l'observation | AO5: rechecher statut "en-cours" de l'observation | AP5: rechecher statut "terminée" de l'observation | AQ5: Les délais sont-ils respectés
E6: Quoi ? | H6: Document | L6: Source | M6: Art. / Chapitre
E7: OU | F7: Workcenter/Id Const. | G7: Fonction & Nom | H7: Référence document | I7: Point, Page, Index...
A8: 83 | B8: 001 | C8: 42786 | D8: Sécurité | E8: Ch22 | F8: 693 | G8: AS65 TOUR / RECTIFIEUSE | H8: Société ANCANTHE R01565_06002-1a | I8: Page 7 Obs. n° 1 | J8: U 1 | K8: Mécanique | L8: C. trav | M8: R4324-2 | N8: Absence de protection ou protection très incomplète des zones de travail de la machine (plateau, zone d'usinage, zone de rectifiage, zone du magasin d'outils et zone de dressage de la meule). | O8: Réaliser un encagement par des enceintes en tôle d’acier et/ou panneaux de polycarbonate transparent de résistance approprié (épaisseur 6 mm mini) au niveau : • de la périphérie du plateau, • de la zone de dressage, • du magasin d’outils. Ces enceintes de protection devront être équipées de portes et ouvrants inter-verrouillés électriquement permettant l’accès de l’opérateur, pour la mise en œuvre et le réglage de la machine. Les système d’inter-verrouillage devront être câblés suivant les principe de la catégorie « 3 » avec un niveau de performance « d ». Un mode manuel, avec protecteur de la zone du plateau ouvert, pourra être mis en œuvre, ce mode ne devra être accessible que par sélecteur à clef ou équivalent câblé suivant la catégorie 1 avec un niveau de performance « c ». Les conditions suivantes devront être mises en œuvre : • commandes des mouvement par appui maintenu de l’opérateur, sur la CN ou la manivelle électronique en mode manuel ou incrémental, • mouvements des axes (X, Z, U et W) à vitesse réduite (2m/min maxi) avec surveillance câblée suivant la catégorie 3 avec un niveau de performance « d », • rotation de la broche porte meule interdite, • dressage de la meule et changement d’outils interdit, • rotation du plateau pourra être autorisé à vitesse réduite (dépendante du temps et de la distance d’arrêt), si l’opérateur peut se maintenir debout à proximité des zones d’usinage sans être exposé directement. | Q8: JRL | R8: ACTEMIUM AUXERRE | S8: 43343 | U8: A faire | AI8: =IF(AND(U8="Terminé",T8<=S8),1,"") | AN8: =IF(U8="","",IF(U8=$AF$9,"oui","non")) -> oui | AO8: =IF(U8="","",IF(U8=$AF$10,"oui","non")) -> non | AP8: =IF(U8="","",IF(U8=$AF$11,"oui","non")) -> non | AQ8: =IF(S8="","",IF(S8>=T8,"non","SI(R8<AP1;""oui")) -> non
A9: 83 | B9: 002 | C9: 42786 | D9: Sécurité | E9: Ch22 | F9: 693 | G9: AS65 TOUR / RECTIFIEUSE | H9: Société ANCANTHE R01565_06002-1a | I9: Page 8 Obs. n° 2 | J9: U 1 | K9: Mécanique | L9: C. trav | M9: R4324-2 R4324-3 | N9: Les protecteurs mobiles existants au niveau des zones de dressage et du magasin d'outils ne sont pas verrouillés ou interverrouillés électriquement. | O9: Mise en conformité selon les prescriptions de l'article R4324-2 du code du travail. | Q9: JRL | R9: ACTEMIUM AUXERRE | S9: 43343 | U9: En-cours | V9: Chiffrage en cours | AB9: Santé | AC9: Ch13 | AD9: U 1 | AE9: Mécanique | AF9: A faire | AG9: Oui
A10: 83 | B10: 003 | C10: 42786 | D10: Sécurité | E10: Ch22 | F10: 693 | G10: AS65 TOUR / RECTIFIEUSE | H10: Société ANCANTHE R01565_06002-1a | I10: Page 8 Obs. n° 3 | J10: U 1 | K10: Mécanique | L10: C. trav | M10: R4324-4 | N10: Les flexibles à la sortie de la centrale hydrauliques ne sont pas fixés et bridés. | O10: Mettre en place des supports type chemin de câble ou équivalent et brider les flexibles sur ceux-ci | Q10: JRL | R10: ACTEMIUM AUXERRE | S10: 43343 | U10: En-cours | V10: Chiffrage en cours | AB10: Sécurité | AC10: Ch14 | AD10: U 2 | AE10: Circuit de commande | AF10: En-cours | AG10: Non
A11: 83 | B11: 004 | C11: 42786 | D11: Sécurité | E11: Ch22 | F11: 693 | G11: AS65 TOUR / RECTIFIEUSE | H11: Société ANCANTHE R01565_06002-1a | I11: Page 8 Obs. n° 4 | J11: U 1 | K11: Mécanique | L11: C. trav | M11: R4224-5 | N11: La protection des opérateurs contre les risques d'éclatement ou de projection des outils copeaux pièces et meules suite à une rupture ou erreur de manipulation n'est pas correctement réalisée. | O11: Mise en conformité selon les prescriptions de l'article R4324-2 du code du travail. | Q11: JRL | R11: ACTEMIUM AUXERRE | S11: 43343 | U11: En-cours | V11: Chiffrage en cours | AB11: Hygiène | AC11: Ch16 | AD11: U 3 | AE11: Conduite machine | AF11: Terminée | AG11: En attente de mesure complémentaire
A12: 83 | B12: 005 | C12: 42786 | D12: Sécurité | E12: Ch22 | F12: 693 | G12: AS65 TOUR / RECTIFIEUSE | H12: Société ANCANTHE R01565_06002-1a | I12: Page 8 Obs. n° 5 | J12: U 1 | K12: Circuit de commande | L12: C. trav | M12: R4324-8 | N12: La protection contre les démarrages intempestifs ou non arrêt suite à des défauts d'isolement n'est pas correctement réalisé sur les circuits de télécommande. | O12: Assurer la coupure au premier défaut d'isolement sur tous les circuits de télécommande (24Vca et 110Vca) par mise à la terre du commun des bobines directement à la sortie des alimentations et transformateurs (T2.11 et T2.13). Si le transformateur T2.19 intervient dans les circuits de télécommande, lui appliquer ce principe. | Q12: JRL | R12: ACTEMIUM AUXERRE | S12: 43343 | U12: En-cours | V12: Chiffrage en cours | AB12: Environnement | AC12: Ch20 | AE12: Electrique
A13: 83 | B13: 006 | C13: 42786 | D13: Sécurité | E13: Ch22 | F13: 693 | G13: AS65 TOUR / RECTIFIEUSE | H13: Société ANCANTHE R01565_06002-1a | I13: Page 9 Obs. n° 8 | J13: U 3 | K13: Electrique | L13: C. trav | M13: R4324-21 | N13: Le schéma n'est pas à jour au propre (manivelle électronique) et comporte des erreurs d'identification au niveau des repères de filerie de câblage (folio 39, fil repère 712 sur Q57,6, alors que 710). Le transformateur T2.19 fixé au fond de l'armoire n'est pas représenté sur le schéma. | O13: Mettre le schéma à jour au propre en tenant compte des modifications à réaliser | Q13: JRL | R13: ACTEMIUM AUXERRE | S13: 43343 | U13: En-cours | V13: Chiffrage en cours | AC13: Ch21 | AE13: Autre
A14: 83 | B14: 007 | C14: 42786 | D14: Sécurité | E14: Ch22 | F14: 693 | G14: AS65 TOUR / RECTIFIEUSE | H14: Société ANCANTHE R01565_06002-1a | I14: Page 9 Obs. n° 8 | J14: U 2 | K14: Electrique | L14: C. trav | M14: R4324-21 | N14: La protection contre les contacts indirects est mal réalisée au niveau des circuits secondaire repris sous les transformateurs T1.4 et T2.11 actuellement en régime IT sans CPI. | O14: Réaliser le schéma TNS à la sortie de ces transformateurs. | Q14: JRL | R14: ACTEMIUM AUXERRE | S14: 43343 | U14: En-cours | V14: Chiffrage en cours | AC14: Ch22 | AE14: Indication
A15: 83 | B15: 008 | C15: 42786 | D15: Sécurité | E15: Ch22 | F15: 693 | G15: AS65 TOUR / RECTIFIEUSE | H15: Société ANCANTHE R01565_06002-1a | I15: Page 9 Obs. n° 8 | J15: U 2 | K15: Electrique | L15: C. trav | M15: R4324-21 | N15: La protection contre les surintensités n'est pas assurée correctement au secondaire du transformateur T1.4 (absence de protection générale et somme des protections en place dépassant l'intensité maximale délivrée par ce transformateur). | O15: Mettre en place une protection générale adapté à l'intensité maximale du secondaire du transformateur. | Q15: JRL | R15: ACTEMIUM AUXERRE | S15: 43343 | U15: En-cours | V15: Chiffrage en cours | AC15: Ch25 | AE15: Environnement
A16: 83 | B16: 009 | C16: 42786 | D16: Sécurité | E16: Ch22 | F16: 693 | G16: AS65 TOUR / RECTIFIEUSE | H16: Société ANCANTHE R01565_06002-1a | I16: Page 9 Obs. n° 7 | J16: U 2 | K16: Autre | L16: C. trav | M16: R4324-20 | N16: Absence de dispositif permettant la purge des accumulateurs de la centrale hydraulique. | O16: Installer des vannes 3 voies permettant la décharge vers la bâche des pressions hydrauliques accumulées. | Q16: JRL | R16: ACTEMIUM AUXERRE | S16: 43343 | U16: En-cours | V16: Chiffrage en cours | AC16: Atelier JONCS
A17: 83 | B17: 010 | C17: 42786 | D17: Sécurité | E17: Ch22 | F17: 693 | G17: AS65 TOUR / RECTIFIEUSE | H17: Société ANCANTHE R01565_06002-1a | I17: Page 10 Obs. n° 7 | J17: U 1 | K17: Autre | L17: C. trav | M17: R4324-20 | N17: Le montage des serres câbles est mal réalisé sur le tirant d'équilibrage des poutres | O17: Refaire le montage conformément aux règles de l'art. | Q17: JRL | R17: ACTEMIUM AUXERRE | S17: 43343 | U17: En-cours | V17: Chiffrage en cours | AC17: ASPROD Affûtage
A18: 83 | B18: 011 | C18: 42786 | D18: Sécurité | E18: Ch22 | F18: 693 | G18: AS65 TOUR / RECTIFIEUSE | H18: Société ANCANTHE R01565_06002-1a | I18: Page 10 nota n° 1 | J18: U 2 | K18: Autre | L18: C. trav | M18: R4323-9 | N18: Le fluide de coupe de la machine doit être remplacer régulièrement et aussi souvent que nécessaire. | O18: Il conviendra de réaliser le remplacement ou l'enlèvement du fluide de coupe avant toute période de congé des opérateurs ou mise en chômage de la machine, afin d'éviter la stagnation de celui-ci et sa pollution par des bactéries et/ou particules de métaux et huiles. | P18: Instructions de contrôles Bon de vidange | Q18: JRL | R18: NIP | S18: 43373 | T18: 43340 | U18: Terminée | V18: Courriel fait à Nicolas le 14/08/2018, qui devrait pouvoir me fournir les plannings de vidange des fluides de coupes et les BSD. TPM200, analyse… | W18: JED | X18: Oui | AC18: ASPROD Atelier
A19: 83 | B19: 012 | C19: 42786 | D19: Sécurité | E19: Ch22 | F19: 693 | G19: AS65 TOUR / RECTIFIEUSE | H19: Société ANCANTHE R01565_06002-1a | I19: Page 10 Obs. n° 6 | J19: U 3 | K19: Indication | L19: C. trav | M19: R4324-17 | N19: Absence d'indication claires sur les diamètres et vitesses maximales admissibles au niveau de la broche porte meule et du plateau. | O19: Afficher clairement et lisiblement les vitesses et diamètres de meule maximaux autorisés par la machine. | P19: Instruction, diffusion et photo | Q19: JRL | R19: SAS | S19: 43373 | T19: 43402 | U19: Terminée | V19: Je crée des étiquettes d'identifications et consulte Samuel (courriel du 16/08/2108) pour obtenir les informations non trouvées dans le dossier machine sur Lotus. Les informations ont été communiquées par le service Méthode, j'ai rédigé l'IT0639 et fait une info TV. | AC19: ASPROD LABO
A20: 85 | B20: 013 | C20: 42786 | D20: Sécurité | E20: Ch22 | F20: 251 | G20: BM225 TOUR vertical | H20: Société ANCANTHE R01565_06002-1a | I20: Page 13 Obs. n° 1 | J20: U 1 | K20: Mécanique | L20: C. trav | M20: 4324-1 | N20: La protection des éléments mobiles de transmission est incomplètement réalisée, du fait de la possibilité d'atteindre la vis de l'axe X, depuis le poste opérateur. | O20: Interdire l'accès à la vis par mise en place de protecteur ou éloignement. | P20: Bon de ferraillage 09/03/2018 | Q20: JRL | R20: DAR | S20: 44926 | T20: 43168 | U20: Terminée | V20: Démonté et sortie du parc machine | W20: DRA | X20: Oui | AC20: ASPROD Métrologie
A21: 85 | B21: 014 | C21: 42786 | D21: Sécurité | E21: Ch22 | F21: 251 | G21: BM225 TOUR vertical | H21: Société ANCANTHE R01565_06002-1a | I21: Page 13 - 14 Obs. n° 2 | J21: U 1 | K21: Mécanique | L21: C. trav | M21: R4324-2 | N21: L'enceinte de protection grillagée existante n'assure pas totalement la protection des opérateurs | O21: Compéter l’encagement existant comme ci-dessous proposé : • Au niveau du poste opérateur, surmonter (H= 2 m) les protecteurs par des panneaux de polycarbonate transparent de résistance approprié (épaisseur = 6-mm) afin d’interdire l’accès à la traverse et la tourelle porte outils. • Compléter et surmonter (H =2m) la porte d’accès à la zone de travail. Interverrouillée électriquement cette porte. • Modifier la protection à l’arrière de la machine afin de permettre l’accès aux armoire électrique sans entrer dans l’enceinte de protection (voir schéma de principe en commentaire ci-contre). Compéter les protections existantes en périphérie du plateau afin d’interdire ’accès par l’arrière de la machine Il conviendra d’interverrouiller électriquement la porte battante existante au niveau du poste opérateur et les portes coulissantes permettant le chargement et déchargement de la machine. Les système l’interverrouillage devront être câblés suivant les principe de la catégorie « 3 » avec un niveau de performance « d ». • Un mode manuel, avec protecteur de la zone du plateau ouvert, pourra être mis en œuvre, ce mode ne devra être accessible que par sélecteur à clef ou équivalent câblé suivant la catégorie 1 avec un niveau de performance « c ». Les conditions suivantes devront être mises en œuvre : • commandes des mouvement par appui maintenu de l’opérateur, sur la CN ou la manivelle électronique en mode manuel ou incrémental, • mouvements des axes (X, Z,) à vitesse réduite (2m/min maxi) avec surveillance câblée suivant la catégorie 3 avec un niveau de performance « d », • rotation de la tourelle porte outils interdit, • la rotation du plateau pourra être autorisé à vitesse réduite (dépendante du temps et de la distance d’arrêt), si l’opérateur peut se maintenir debout à proximité des zones d’usinage sans être exposé directement. | P21: Bon de ferraillage 09/03/2018 | Q21: JRL | R21: DAR | S21: 44926 | T21: 43168 | U21: Terminée | V21: Démonté et sortie du parc machine | W21: DRA | X21: Oui | AC21: BAT D
A22: 85 | B22: 015 | C22: 42786 | D22: Sécurité | E22: Ch22 | F22: 251 | G22: BM225 TOUR vertical | H22: Société ANCANTHE R01565_06002-1a | I22: Page 14 Obs. n° 3 | J22: U 1 | K22: Mécanique | L22: C. trav | M22: R4324-3 | N22: Les portes existantes sur l'enceinte de protection ne sont pas toutes verrouillées électriquement. | O22: Mise en conformité selon les prescriptions de l'article R4324-2 du code du travail. | P22: Bon de ferraillage 09/03/2018 | Q22: JRL | R22: DAR | S22: 44926 | T22: 43168 | U22: Terminée | V22: Démonté et sortie du parc machine | W22: DRA | X22: Oui | AC22: MAGASIN
A23: 85 | B23: 016 | C23: 42786 | D23: Sécurité | E23: Ch22 | F23: 251 | G23: BM225 TOUR vertical | H23: Société ANCANTHE R01565_06002-1a | I23: Page 14 Obs. n° 4 | J23: U 1 | K23: Mécanique | L23: C. trav | M23: R4324-5 | N23: La protection des opérateurs contre les risques d’éclatement ou de projection des outils et copeaux suite à une rupture ou erreur de manipulation n’est pas correctement réalisée. | O23: Mise en conformité selon les prescriptions de l'article R4324-2 du code du travail. | P23: Bon de ferraillage 09/03/2018 | Q23: JRL | R23: DAR | S23: 44926 | T23: 43168 | U23: Terminée | V23: Démonté et sortie du parc machine | W23: DRA | X23: Oui | AC23: MAINT. Atelier
A24: 85 | B24: 017 | C24: 42786 | D24: Sécurité | E24: Ch22 | F24: 251 | G24: BM225 TOUR vertical | H24: Société ANCANTHE R01565_06002-1a | I24: Page 15 Obs. n° 5 | J24: U 1 | K24: Circuit de commande | L24: C. trav | M24: R4324-8 | N24: La protection contre les démarrages intempestifs ou non arrêt suite à des défauts d’isolement n’est pas correctement réalisée sur tous les circuits de télécommande. | O24: Assurer la coupure au premier défaut d’isolement sur tous les circuits de télécommande (24Vcc, 24Vca et 110Vca) par mise à la terre du commun des bobines directement à la sortie des alimentations et transformateurs. | P24: Bon de ferraillage 09/03/2018 | Q24: JRL | R24: DAR | S24: 44926 | T24: 43168 | U24: Terminée | V24: Démonté et sortie du parc machine | W24: DRA | X24: Oui | AC24: MAINT. BAT E
A25: 85 | B25: 018 | C25: 42786 | D25: Sécurité | E25: Ch22 | F25: 251 | G25: BM225 TOUR vertical | H25: Société ANCANTHE R01565_06002-1a | I25: Page 15 Obs. n° 7 | J25: U 3 | K25: Electrique | L25: C. trav | M25: R4324-21 | N25: Le schéma n’est pas à jour au propre. Une partie de l’installation électrique est vétuste et très encrassée. | O25: Nous vous conseillons la réfection de cette partie d’installation conformément aux règles de la norme EN 60204-1. | P25: Bon de ferraillage 09/03/2018 | Q25: JRL | R25: DAR | S25: 44926 | T25: 43168 | U25: Terminée | V25: Démonté et sortie du parc machine | W25: DRA | X25: Oui | AC25: USINE
A26: 85 | B26: 019 | C26: 42786 | D26: Sécurité | E26: Ch22 | F26: 251 | G26: BM225 TOUR vertical | H26: Société ANCANTHE R01565_06002-1a | I26: Page 15 Obs. n° 7 | J26: U 1 | K26: Electrique | L26: C. trav | M26: R4324-21 | N26: La protection contre les contacts indirect n’est pas correctement assurée sur tous les circuits repris sous les transformateurs de séparation. | O26: Réaliser le schéma TNS à la sortie de tous les transformateurs (tension supérieure à 50Vca). | P26: Bon de ferraillage 09/03/2018 | Q26: JRL | R26: DAR | S26: 44926 | T26: 43168 | U26: Terminée | V26: Démonté et sortie du parc machine | W26: DRA | X26: Oui
A27: 85 | B27: 020 | C27: 42786 | D27: Santé | E27: Ch22 | F27: 251 | G27: BM225 TOUR vertical | H27: Société ANCANTHE R01565_06002-1a | I27: Page 15 nota n° 1 | J27: U 2 | K27: Autre | L27: C. trav | M27: R4324-9 | N27: Le fluide de coupe de la machine doit être remplacer régulièrement et aussi souvent que nécessaire. | O27: Il conviendra de réaliser le remplacement ou l’enlèvement du fluide de coupe avant toute période de congé des opérateurs ou mise en chômage de la machine, afin d’éviter la stagnation de celui-ci et sa pollution par des bactéries et /ou particules de métaux et huiles. | P27: Bon de ferraillage 09/03/2018 | Q27: JRL | R27: DAR | S27: 44926 | T27: 43168 | U27: Terminée | V27: Démonté et sortie du parc machine | W27: DRA | X27: Oui
A28: 85 | B28: 021 | C28: 42786 | D28: Sécurité | E28: Ch22 | F28: 251 | G28: BM225 TOUR vertical | H28: Société ANCANTHE R01565_06002-1a | I28: Page 15 Obs. n° 6 | J28: U 3 | K28: Indication | L28: C. trav | M28: R4324-17 | N28: Absence d’indication claires sur les vitesses maximales admissibles. | O28: Afficher clairement et lisiblement les vitesses maximales de travail du plateau . | P28: Bon de ferraillage 09/03/2018 | Q28: JRL | R28: DAR | S28: 44926 | T28: 43168 | U28: Terminée | V28: Démonté et sortie du parc machine | W28: DRA | X28: Oui
A29: 82 | B29: 022 | C29: 42786 | D29: Sécurité | E29: Ch22 | F29: 586 | G29: DUFIEUX CN PERCEUSE | H29: Société ANCANTHE R01565_06002-1a | I29: Page 17 Obs. n° 1 | J29: U 1 | K29: Mécanique | L29: C. trav | M29: R4324-2 | N29: Absence de protection de la zone de travail. | O29: Interdire l’accès à la zone de perçage, à la table et aux axes de déplacement de l’outil pendant les fonctionnements en mode automatique. Nous vous conseillons la mise en place d’une enceinte autour de la table avec portillon interverrouillé électriquement au niveau du poste de conduite (catégorie 3, avec un niveau de performance « d »). Un mode manuel, avec portillon d’accès ouvert, pourra être mis en œuvre, ce mode ne devra être accessible que par sélecteur à clef ou équivalent, câblé suivant la catégorie 1 avec un niveau de performance « c ». Les conditions suivantes devront être mises en œuvre : • commandes des mouvement par appui maintenu de l’opérateur, sur la CN ou la manivelle électronique en mode manuel ou incrémental, • mouvements des axes de déplacement de la broche à vitesse réduite (2m/min maxi) avec surveillance câblée suivant la catégorie 3 avec un niveau de performance « d », • mouvements du changeur d’outil interdit, • la rotation du plateau pourra être autorisé à vitesse réduite (dépendante du temps et de la distance d’arrêt), si l’opérateur peut se maintenir debout à proximité des zones d’usinage sans être exposé directement. | Q29: JRL | R29: ACTEMIUM AUXERRE | S29: 44926 | U29: A faire | V29: Consultation le 04/07/2018
A30: 82 | B30: 023 | C30: 42786 | D30: Sécurité | E30: Ch22 | F30: 586 | G30: DUFIEUX CN PERCEUSE | H30: Société ANCANTHE R01565_06002-1a | I30: Page 17 Obs. n° 2 | J30: U 1 | K30: Mécanique | L30: C. trav | M30: R4324-5 | N30: La protection des opérateurs contre les risques d’éclatement ou de projection des outils et copeaux suite à une rupture ou erreur de manipulation n’est pas correctement réalisée. | O30: Mise en conformité selon les prescriptions de l'article R4324-2 du code du travail. | Q30: JRL | R30: ACTEMIUM AUXERRE | S30: 44926 | U30: A faire | V30: Consultation le 04/07/2018
A31: 82 | B31: 024 | C31: 42786 | D31: Sécurité | E31: Ch22 | F31: 586 | G31: DUFIEUX CN PERCEUSE | H31: Société ANCANTHE R01565_06002-1a | I31: Page 18 Obs. n° 3 | J31: U 1 | K31: Circuit de commande | L31: C. trav | M31: R4324-8 | N31: La protection contre les démarrages intempestifs ou non arrêt suite à des défauts d’isolement n’est pas correctement réalisée sur tous les circuits de télécommande. | O31: Assurer la coupure au premier défaut d’isolement à la sortie de l’alimentation 24 Vcc (entrées et sorties automate + freins). | Q31: JRL | R31: ACTEMIUM AUXERRE | S31: 44926 | U31: A faire | V31: Consultation le 04/07/2018
A32: 82 | B32: 025 | C32: 42786 | D32: Sécurité | E32: Ch22 | F32: 586 | G32: DUFIEUX CN PERCEUSE | H32: Société ANCANTHE R01565_06002-1a | I32: Page 18 Obs. n° 3 | J32: U 1 | K32: Circuit de commande | L32: C. trav | M32: R4324-8 | N32: Le circuit d’arrêt d’urgence tel que câblé n’a pas le niveau de sureté requis par ce type de machine (action en SOFT par l’automate). | O32: Recâbler le circuit d’arrêt d’urgence suivant la catégorie 3, avec un niveau de performance « d ». | Q32: JRL | R32: GUM Actémuim | S32: 43465 | U32: A faire
A33: 82 | B33: 026 | C33: 42786 | D33: Sécurité | E33: Ch22 | F33: 586 | G33: DUFIEUX CN PERCEUSE | H33: Société ANCANTHE R01565_06002-1a | I33: Page 18 nota n° 1 | J33: U 2 | K33: Autre | L33: C. trav | M33: R4324-9 | N33: Le fluide de coupe de la machine doit être remplacer régulièrement et aussi souvent que nécessaire. | O33: Il conviendra de réaliser le remplacement ou l’enlèvement du fluide de coupe avant toute période de congé des opérateurs ou mise en chômage de la machine, afin d’éviter la stagnation de celui-ci et sa pollution par des bactéries et /ou particules de métaux et huiles. | P33: Instructions de contrôles Bon de vidange | Q33: JRL | R33: NIP | S33: 43373 | T33: 43341 | U33: Terminée | V33: Courriel fait à Nicolas le 14/08/2018, qui devrait pouvoir me fournir les plannings de vidange des fluides de coupes et les BSD. TPM200, analyse… | W33: JED | X33: Oui
A34: 82 | B34: 027 | C34: 42786 | D34: Sécurité | E34: Ch22 | F34: 586 | G34: DUFIEUX CN PERCEUSE | H34: Société ANCANTHE R01565_06002-1a | I34: Page 19 Obs. n° 6 | J34: U 3 | K34: Indication | L34: C. trav | M34: R4324-17 | N34: Absence d’indication claires sur les diamètres et vitesses maximales admissibles au niveau de la broche. | O34: Afficher clairement et lisiblement les vitesses et diamètre maximaux. | P34: Instruction, diffusion et photo | Q34: JRL | R34: SAS | S34: 43373 | T34: 43402 | U34: Terminée | V34: Je crée des étiquettes d'identifications et consulte Samuel (courriel du 16/08/2108) pour obtenir les informations non trouvées dans le dossier machine sur Lotus. Les informations ont été communiquées par le service Méthode, j'ai rédigé l'IT0639 et fait une info TV.
A35: 80 | B35: 028 | C35: 42786 | D35: Sécurité | E35: Ch22 | F35: 3546 | G35: SOMEX PERCEUSE horizontale | H35: Société ANCANTHE R01565_06002-1a | I35: Page 20 Obs. n° 2 | J35: U 3 | K35: Indication | L35: DIRECTIVE 98/37/CE ANNEXE I | M35: 1.7.4 | N35: La notice d’instructions ne nous a pas été présentée | O35: Vous procurez auprès du fabricant la notice d’instructions. | P35: Notice d'utilisation | Q35: JRL | R35: JRL | S35: 31//10/2018 | T35: 43314 | U35: Terminée | V35: Nous disposons de la notice d'instruction version papier au local maintenance (armoire dossier machine) Qui plus est tous les dossiers machines sont en cours de numérisation. Communiquer la notice d'utilisation au prochain tiers expert afin qu'il finalise la vérification de conformité J'ai échangé avec le fabricant, qui ne peut nous fournir plus, du fait que la machine à plus de 10 ans et que les personnels chargés du projet à l'époque ne sont plus en activité. La société ne fabrique plus de machine spéciale comme la notre. | W35: JRL | X35: En attente de mesure complémentaire
A36: 3 | B36: 029 | C36: 42786 | D36: Sécurité | E36: Ch16 | F36: 742 | G36: MONTAGE C11 n° 126 TABLE DE MONTAGE ROULEMENTS | H36: Société ANCANTHE R01565_06002-2a | I36: Page 7 Obs. n° 1 | J36: U 1 | K36: Mécanique | L36: C. trav | M36: R4324-1 R4324-3 | N36: La protection contre l'accès aux éléments mobiles de transmission est incomplète sous la table. | O36: Protéger l'accès au pignon et moteur. | Q36: JRL | R36: MAM | S36: 43404 | U36: A faire
A37: 3 | B37: 030 | C37: 42786 | D37: Sécurité | E37: Ch16 | F37: 742 | G37: MONTAGE C11 n° 126 TABLE DE MONTAGE ROULEMENTS | H37: Société ANCANTHE R01565_06002-2a | I37: Page 7 Obs. n° 2 | J37: U 1 | K37: Mécanique | L37: C. trav | M37: R4324-2 R4324-3 | N37: La protection contre l'accès aux éléments mobiles des pignons pendant la rotation de la table est incomplète. | O37: Disposer un protecteur mobile verrouillé par un capteur de sécurité. | Q37: JRL | R37: GUM Actémuim | S37: 43404 | U37: A faire
A38: 3 | B38: 031 | C38: 42786 | D38: Sécurité | E38: Ch16 | F38: 742 | G38: MONTAGE C11 n° 126 TABLE DE MONTAGE ROULEMENTS | H38: Société ANCANTHE R01565_06002-2a | I38: Page 7 Obs. n° 3 | J38: U 3 | K38: Circuit de commande | L38: C. trav | M38: R4324-8 | N38: L'absence de schéma ne permet pas de valider les fonctions de sécurité. | O38: Avoir ou faire faire le schéma électrique de la table, si non disponible. | Q38: JRL | R38: GUM Actémuim | S38: 43404 | U38: A faire | V38: Communiquer le schéma électrique au prochain tiers expert afin qu'il valide les fonctions de sécurité. | X38: En attente de mesure complémentaire
A39: 3 | B39: 032 | C39: 42786 | D39: Sécurité | E39: Ch16 | F39: 742 | G39: MONTAGE C11 n° 126 TABLE DE MONTAGE ROULEMENTS | H39: Société ANCANTHE R01565_06002-2a | I39: Page 8 Obs. n° 4 | J39: U 3 | K39: Conduite de la machine | L39: C. trav | M39: R4324-9 | N39: Marche en vert ou noir voyant sous tension en blanc. | O39: Identifier les organes de commande de façon durable et avec les voyants de bonne couleur. | Q39: JRL | R39: GUM Actémuim | S39: 43404 | U39: A faire
A40: 3 | B40: 033 | C40: 42786 | D40: Sécurité | E40: Ch16 | F40: 742 | G40: MONTAGE C11 n° 126 TABLE DE MONTAGE ROULEMENTS | H40: Société ANCANTHE R01565_06002-2a | I40: Page 8 Obs. n° 5 | J40: U 1 | K40: Conduite de la machine | L40: C. trav | M40: R4324-8 R4324-15 | N40: Arrêt d'urgence commande bimanuelle défaillant. | O40: Remplacer le Bouton Poussoir Arrêt d'urgence de la commande bimanuelle. | Q40: JRL | R40: GUM Actémuim | S40: 43404 | U40: A faire
A41: 3 | B41: 034 | C41: 42786 | D41: Sécurité | E41: Ch16 | F41: 742 | G41: MONTAGE C11 n° 126 TABLE DE MONTAGE ROULEMENTS | H41: Société ANCANTHE R01565_06002-2a | I41: Page 8 Obs. n° 6 | J41: U 3 | K41: Autre | L41: C. trav | M41: R4324-9 | N41: Pédale cassée. | O41: Supprimer la pédale ne fonctionnant pas. | Q41: JRL | R41: GUM Actémuim | S41: 43404 | U41: A faire
A42: 8 | B42: 035 | C42: 42786 | D42: Sécurité | E42: Ch13 | F42: 712 | G42: MONTAGE C13 n° 135 TABLE DE MONTAGE ROULEMENTS | H42: Société ANCANTHE R01565_06002-2a | I42: Page 10 Obs. n° 1 | J42: U 1 | K42: Mécanique | L42: C. trav | M42: R4324-1 R4324-3 | N42: La protection contre l'accès aux éléments mobiles de transmission est incomplète sous la table. | O42: Protéger l'accès au pignon et moteur. | P42: Bon de ferraillage 19/12/2018 | Q42: JRL | R42: MAM | S42: 43404 | T42: 43453 | U42: Terminée | V42: Démonté et sortie du parc machine | W42: DRA | X42: Oui
A43: 8 | B43: 036 | C43: 42786 | D43: Sécurité | E43: Ch13 | F43: 712 | G43: MONTAGE C13 n° 135 TABLE DE MONTAGE ROULEMENTS | H43: Société ANCANTHE R01565_06002-2a | I43: Page 11 Obs. n° 2 | J43: U 1 | K43: Mécanique | L43: C. trav | M43: R4324-2 R4324-3 | N43: La protection contre l'accès aux éléments mobiles des pignons pendant la rotation de la table est incomplète et la rotation par une pédale non de sécurité. | O43: Disposer un protecteur mobile verrouillé par un capteur de sécurité. | P43: Bon de ferraillage 19/12/2018 | Q43: JRL | R43: GUM Actémuim | S43: 43404 | T43: 43453 | U43: Terminée | V43: Démonté et sortie du parc machine | W43: DRA | X43: Oui
A44: 8 | B44: 037 | C44: 42786 | D44: Sécurité | E44: Ch13 | F44: 712 | G44: MONTAGE C13 n° 135 TABLE DE MONTAGE ROULEMENTS | H44: Société ANCANTHE R01565_06002-2a | I44: Page 11 Obs. n° 2 | J44: U 1 | K44: Mécanique | L44: C. trav | M44: R4324-2 R4324-3 | N44: La protection contre l'accès aux éléments mobiles des pignons pendant la rotation de la table est incomplète et la rotation par une pédale non de sécurité. | O44: Et disposer des pédales de sécurité pour la rotation de la table. | P44: Bon de ferraillage 19/12/2018 | Q44: JRL | R44: GUM Actémuim | S44: 43404 | T44: 43453 | U44: Terminée | V44: Démonté et sortie du parc machine | W44: DRA | X44: Oui
A45: 8 | B45: 038 | C45: 42786 | D45: Sécurité | E45: Ch13 | F45: 712 | G45: MONTAGE C13 n° 135 TABLE DE MONTAGE ROULEMENTS | H45: Société ANCANTHE R01565_06002-2a | I45: Page 11 Obs. n° 3 | J45: U 3 | K45: Circuit de commande | L45: C. trav | M45: R4324-8 | N45: L'absence de schéma ne permet pas de valider les fonctions de sécurité. | O45: Avoir / faire faire le schéma électrique de la table. | P45: Bon de ferraillage 19/12/2018 | Q45: JRL | R45: GUM Actémuim | S45: 43404 | T45: 43453 | U45: Terminée | V45: Démonté et sortie du parc machine | W45: DRA | X45: Oui
A46: 8 | B46: 039 | C46: 42786 | D46: Sécurité | E46: Ch13 | F46: 712 | G46: MONTAGE C13 n° 135 TABLE DE MONTAGE ROULEMENTS | H46: Société ANCANTHE R01565_06002-2a | I46: Page 11 Obs. n° 4 | J46: U 1 | K46: Circuit de commande | L46: C. trav | M46: R4324-8 | N46: La protection contre les contacts indirects est incomplète sur le circuit 24V. | O46: Relier le point 0V du circuit de télécommande au circuit de protection. | P46: Bon de ferraillage 19/12/2018 | Q46: JRL | R46: GUM Actémuim | S46: 43404 | T46: 43453 | U46: Terminée | V46: Démonté et sortie du parc machine | W46: DRA | X46: Oui
A47: 8 | B47: 040 | C47: 42786 | D47: Sécurité | E47: Ch13 | F47: 712 | G47: MONTAGE C13 n° 135 TABLE DE MONTAGE ROULEMENTS | H47: Société ANCANTHE R01565_06002-2a | I47: Page 11 Obs. n° 5 | J47: U 1 | K47: Circuit de commande | L47: C. trav | M47: R4324-15 | N47: Arrêt d'urgence. | O47: Rajouter un Bouton Poussoir d'Arrêt d'Urgence au poste opérateur. | P47: Bon de ferraillage 19/12/2018 | Q47: JRL | R47: GUM Actémuim | S47: 43404 | T47: 43453 | U47: Terminée | V47: Démonté et sortie du parc machine | W47: DRA | X47: Oui
A48: 8 | B48: 041 | C48: 42786 | D48: Sécurité | E48: Ch13 | F48: 712 | G48: MONTAGE C13 n° 135 TABLE DE MONTAGE ROULEMENTS | H48: Société ANCANTHE R01565_06002-2a | I48: Page 11 Obs. n° 6 | J48: U 3 | K48: Conduite de la machine | L48: C. trav | M48: R4324-9 | N48: Organe de commande. | O48: Identifier les organes de commande de façon durable. | P48: Bon de ferraillage 19/12/2018 | Q48: JRL | R48: GUM Actémuim | S48: 43404 | T48: 43453 | U48: Terminée | V48: Démonté et sortie du parc machine | W48: DRA | X48: Oui
A49: 8 | B49: 042 | C49: 42786 | D49: Sécurité | E49: Ch13 | F49: 712 | G49: MONTAGE C13 n° 135 TABLE DE MONTAGE ROULEMENTS | H49: Société ANCANTHE R01565_06002-2a | I49: Page 11 Obs. n° 6 | J49: U 2 | K49: Electrique | L49: C. trav | M49: R4324-21 | N49: Coffret électrique. | O49: Refixer le matériel électrique dans le coffret. | P49: Bon de ferraillage 19/12/2018 | Q49: JRL | R49: GUM Actémuim | S49: 43404 | T49: 43453 | U49: Terminée | V49: Démonté et sortie du parc machine | W49: DRA | X49: Oui
A50: 75 & 76 | B50: 043 | C50: 42786 | D50: Sécurité | E50: Ch22 | F50: 7102 | G50: MONTAGE C22 TABLE DE MONTAGE ROULEMENT n° C6395 | H50: Société DEKRA A7007723 /0901 Ind. 3 | I50: Page 9 Obs. n° 8 | J50: U 1 | K50: Mécanique | L50: C. trav | M50: R4312-1 R4312-2 | N50: La sangle de balisage empêche l’accès à l’armoire électrique (manœuvre de sectionnement) ainsi que l’accès au bac rince œil. | O50: Modifier le premier point d’ancrage de la sangle de balisage pour conserver l’accès à cette zone | Q50: JRL | R50: GUM Actémuim | S50: 43465 | U50: A faire
A51: 75 & 76 | B51: 044 | C51: 42786 | D51: Sécurité | E51: Ch22 | F51: 7102 | G51: MONTAGE C22 TABLE DE MONTAGE ROULEMENT n° C6395 | H51: Société DEKRA A7007723 /0901 Ind. 3 | I51: Page 9 Obs. n° 8 | J51: U 3 | K51: Indication | L51: C. trav | M51: R4313-59 R4313-60 | N51: Seul la déclaration de conformité provisoire a été présentée. | O51: Obtenir de la part du fournisseur la déclaration de conformité officielle et définitive. | P51: Déclaration de conformité | Q51: JRL | R51: JRL | S51: 43373 | T51: 43326 | U51: Terminée | V51: Dans dossier machine Atelier maintenance. | W51: JRL | X51: Oui
A52: 75 & 76 | B52: 045 | C52: 42786 | D52: Sécurité | E52: Ch22 | F52: 7102 | G52: MONTAGE C22 TABLE DE MONTAGE ROULEMENT n° C6395 | H52: Société ANCANTHE R01565_06002-2a | I52: Page 14 Obs. n° 1 | J52: U 1 | K52: Mécanique | L52: DIRECTIVE 98/37/CE ANNEXE I | M52: 1.3.7 | N52: La protection contre l'accès aux éléments mobile n'est pas (plus) assurée. | O52: Remettre en service les sécurités tel que recommandé dans la notice ou disposer une protection immatérielle neutralisant les mouvements. | Q52: JRL | R52: GUM Actémuim | S52: 43465 | U52: A faire
A53: 75 & 76 | B53: 046 | C53: 42786 | D53: Sécurité | E53: Ch22 | F53: 7102 | G53: MONTAGE C22 TABLE DE MONTAGE ROULEMENT n° C6395 | H53: Société ANCANTHE R01565_06002-2a | I53: Page 14 Obs. n° 2 | J53: U 1 | K53: Mécanique | L53: DIRECTIVE 98/37/CE ANNEXE I | M53: 1.2.5 1.3.7 | N53: La protection en mode réglage comparateur n'est pas assurée (rotation de l'arbre central avec un opérateur à l'intérieur). | O53: Revoir l'analyse de risques avec une vitesse adéquat et vérine clignotante. | Q53: JRL | R53: GUM Actémuim | S53: 43465 | U53: A faire
A54: 75 & 76 | B54: 047 | C54: 42786 | D54: Sécurité | E54: Ch22 | F54: 7102 | G54: MONTAGE C22 TABLE DE MONTAGE ROULEMENT n° C6395 | H54: Société ANCANTHE R01565_06002-2a | I54: Page 15 Obs. n° 3 | J54: U 3 | K54: Electrique | L54: DIRECTIVE 98/37/CE ANNEXE I | M54: 1.5.1 | N54: Schéma électrique. | O54: Mettre à jour le schéma électrique. | Q54: JRL | R54: GUM Actémuim | S54: 43465 | U54: A faire
A55: 75 & 76 | B55: 048 | C55: 42786 | D55: Sécurité | E55: Ch22 | F55: 7102 | G55: MONTAGE C22 TABLE DE MONTAGE ROULEMENT n° C6395 | H55: Société ANCANTHE R01565_06002-2a | I55: Page 15 Obs. n° 4 | J55: U 3 | K55: Electrique | L55: DIRECTIVE 98/37/CE ANNEXE I | M55: 1.5.1 | N55: Identification du risque électrique. | O55: Apposer un pictogramme risque électrique sur l'armoire. | P55: Photos Armoires et Pictogrammes | Q55: JRL | R55: JRL | S55: 43373 | T55: 43344 | U55: Terminée | V55: Valider les achats de pictogrammes avec FRC. Cde passée le 29/08/2018 chez Signals, en attente de réception | W55: JRL | X55: Oui
A56: 75 & 76 | B56: 049 | C56: 42786 | D56: Sécurité | E56: Ch22 | F56: 7102 | G56: MONTAGE C22 TABLE DE MONTAGE ROULEMENT n° C6395 | H56: Société ANCANTHE R01565_06002-2a | I56: Page 15 Obs. n° 5 | J56: U 1 | K56: Autre | L56: DIRECTIVE 98/37/CE ANNEXE I | M56: 1.5.15 | N56: Limiter le risque de chutes entre les poutrelles. | O56: Disposer des caillebotis. | Q56: JRL | R56: MAM | S56: 43496 | U56: A faire
A57: 47 | B57: 050 | C57: 42786 | D57: Sécurité | E57: Ch14 | F57: ASSEMB01 | G57: MONTAGE C14 TABLE DE MONTAGE n°D060038 | H57: Société ANCANTHE R01565_06002-2a | I57: Page 18 Obs. n° 1 | J57: U 1 | K57: Mécanique | L57: DIRECTIVE 98/37/CE ANNEXE I | M57: 1.3.7 | N57: La protection contre l'accès aux éléments mobiles n'est pas assurée à l'arrière et sur le côté gauche. | O57: Remplacer les rambardes par des protecteurs fixes grillagés | Q57: JRL | R57: MAM | S57: 43404 | U57: A faire
A58: 47 | B58: 051 | C58: 42786 | D58: Sécurité | E58: Ch14 | F58: ASSEMB01 | G58: MONTAGE C14 TABLE DE MONTAGE n°D060038 | H58: Société ANCANTHE R01565_06002-2a | I58: Page 19 Obs. n° | J58: U 1 | K58: Mécanique | L58: DIRECTIVE 98/37/CE ANNEXE I | M58: 1.3.7 | N58: La protection contre l'accès aux éléments mobiles à l'arrière du système de graissage | O58: Disposer un écran fixe empêchant l'accès dans la zone | Q58: JRL | R58: MAM | S58: 43465 | U58: A faire | V58: Consultation le 04/07/2018
A59: 47 | B59: 052 | C59: 42786 | D59: Sécurité | E59: Ch14 | F59: ASSEMB01 | G59: MONTAGE C14 TABLE DE MONTAGE n°D060038 | H59: Société ANCANTHE R01565_06002-2a | I59: Page 19 Obs. n° 2 | J59: U 1 | K59: Mécanique | L59: DIRECTIVE 98/37/CE ANNEXE I | M59: 1.2.5 1.3.7 | N59: La protection en mode réglage comparateur n'est pas assurée (rotation de l'arbre avec un opérateur à l'intérieure). | O59: Revoir l'analyse de risques avec une vitesse adéquat et vérine clignotante. | Q59: JRL | R59: GUM Actémuim | S59: 43465 | U59: A faire
A60: 47 | B60: 053 | C60: 42786 | D60: Sécurité | E60: Ch14 | F60: ASSEMB01 | G60: MONTAGE C14 TABLE DE MONTAGE n°D060038 | H60: Société ANCANTHE R01565_06002-2a | I60: Page 19 Obs. n° 3 | J60: U 1 | K60: Electrique | L60: DIRECTIVE 98/37/CE ANNEXE I | M60: 1.5.1 | N60: La protection contre les contacts indirects n'est pas assurée sur le neutre. | O60: Disposer des disjoncteurs avec protection du neutre sur les départs avec le neutre. | Q60: JRL | R60: GUM Actémuim | S60: 43465 | U60: A faire
A61: 47 | B61: 054 | C61: 42786 | D61: Sécurité | E61: Ch14 | F61: ASSEMB01 | G61: MONTAGE C14 TABLE DE MONTAGE n°D060038 | H61: Société ANCANTHE R01565_06002-2a | I61: Page 19 Obs. n° 4 | J61: U 3 | K61: Electrique | L61: DIRECTIVE 98/37/CE ANNEXE I | M61: 1.5.1 | N61: Identification du risque électrique. | O61: Apposer un pictogramme risque électrique sur l'armoire. | P61: Photos Armoires et Pictogrammes | Q61: JRL | R61: JRL | S61: 43373 | T61: 43344 | U61: Terminée | V61: Valider les achats de pictogrammes avec FRC. Cde passée le 29/08/2018 chez Signals, en attente de réception | W61: JRL | X61: Oui
A62: 6 | B62: 055 | C62: 42786 | D62: Sécurité | E62: Ch16 | F62: 353 | G62: FOUR SAT | H62: Société ANCANTHE R01565_06002-2a | I62: Page 22 Obs. n° 1 | J62: U 1 | K62: Mécanique | L62: C. trav | M62: R4324-2 R4324-3 R4324-12 | N62: La protection contre l'accès aux éléments mobiles n'est pas assurée sur les mouvements des portes. | O62: Prévoir une enceinte de protection immatérielle. Le franchissement provoque un arrêt immédiat des mouvements sauf de la chauffe du four. | Q62: JRL | R62: ACTEMIUM AUXERRE | S62: 43465 | U62: A faire | V62: Consultation le 04/07/2018
A63: 6 | B63: 056 | C63: 42786 | D63: Sécurité | E63: Ch16 | F63: 353 | G63: FOUR SAT | H63: Société ANCANTHE R01565_06002-2a | I63: Page 22 Obs. n° 2 | J63: U 1 | K63: Mécanique | L63: C. trav | M63: R4324-2 R4324-3 | N63: La protection contre l'accès aux éléments mobiles n'est pas assurée lors du mouvement des chariots en l'absence de visibilité. | O63: Prévoir une enceinte de protection immatérielle. Le franchissement provoque un arrêt immédiat des mouvements sauf de la chauffe du four. | Q63: JRL | R63: ACTEMIUM AUXERRE | S63: 43465 | U63: A faire | V63: Consultation le 04/07/2018
A64: 6 | B64: 057 | C64: 42786 | D64: Sécurité | E64: Ch16 | F64: 353 | G64: FOUR SAT | H64: Société ANCANTHE R01565_06002-2a | I64: Page 22 Obs. n° 3 | J64: U 1 | K64: Circuit de commande | L64: C. trav | M64: R4324-8 R4324-15 | N64: Les fonctions des portes et chariots ne sont pas équipés d'une commande d'arrêt d'urgence et de blocage. | O64: Disposer un BP AU pilotant une EV d'air générale et neutralisant les portes. | Q64: JRL | R64: ACTEMIUM AUXERRE | S64: 43465 | U64: A faire | V64: Consultation le 04/07/2018
A65: 6 | B65: 058 | C65: 42786 | D65: Sécurité | E65: Ch16 | F65: 353 | G65: FOUR SAT | H65: Société ANCANTHE R01565_06002-2a | I65: Page 22 Obs. n° 4 | J65: U 2 | K65: Circuit de commande | L65: C. trav | M65: R4324-8 R4324-15 | N65: Absence de dispositif arrêt machine. | O65: Disposer un bouton arrêt neutralisant la machine en l'état. | Q65: JRL | R65: ACTEMIUM AUXERRE | S65: 43465 | U65: A faire | V65: Consultation le 04/07/2018
A66: 6 | B66: 059 | C66: 42786 | D66: Sécurité | E66: Ch16 | F66: 353 | G66: FOUR SAT | H66: Société ANCANTHE R01565_06002-2a | I66: Page 22 Obs. n° 4 | J66: U 2 | K66: Conduite de la machine | L66: C. trav | M66: R4324-19 R4324-20 | N66: Absence de vanne d'air cadenassable. | O66: Mettre en place des systèmes cadenassables. | Q66: JRL | R66: GUM Actémuim | S66: 43373 | U66: A faire
A67: 6 | B67: 060 | C67: 42786 | D67: Sécurité | E67: Ch16 | F67: 353 | G67: FOUR SAT | H67: Société ANCANTHE R01565_06002-2a | I67: Page 22 Obs. n° 5 | J67: U 2 | K67: Conduite de la machine | L67: C. trav | M67: R4324-19 | N67: L'interrupteur général n'est pas accessible. | O67: Rendre accessible l'interrupteur général < 1,90 m. | Q67: JRL | R67: GUM Actémuim | S67: 43373 | U67: A faire
A68: 81 | B68: 061 | C68: 42786 | D68: Sécurité | E68: Ch22 | F68: 511 | G68: VR8 PERCEUSE | H68: Société ANCANTHE R01565_06002-2a | I68: Page 25 Obs. n° 1 | J68: U 1 | K68: Mécanique | L68: C. trav | M68: R4324-2 R4324-3 | N68: La protection contre l'accès aux éléments mobile n'est pas (plus) assurée. | O68: Compte tenu de l'utilisation mettre un écran mobile à disposition de l'opérateur. | P68: Bon de ferraillage 19/12/2018 | Q68: JRL | R68: MAM | S68: 43465 | T68: 43453 | U68: Terminée | V68: Démonté et sortie du parc machine | W68: DRA | X68: Oui
A69: 81 | B69: 062 | C69: 42786 | D69: Sécurité | E69: Ch22 | F69: 511 | G69: VR8 PERCEUSE | H69: Société ANCANTHE R01565_06002-2a | I69: Page 25 Obs. n° 3 | J69: U 1 | K69: Circuit de commande | L69: C. trav | M69: R4324-8 | N69: Les fonctions d'AU ne coupe pas la rotation de la couronne pour roulement ? | O69: Disposer un contacteur pilotant le moteur. | P69: Bon de ferraillage 19/12/2018 | Q69: JRL | R69: GUM Actémuim | S69: 43434 | T69: 43453 | U69: Terminée | V69: Démonté et sortie du parc machine | W69: DRA | X69: Oui
A70: 81 | B70: 063 | C70: 42786 | D70: Sécurité | E70: Ch22 | F70: 511 | G70: VR8 PERCEUSE | H70: Société ANCANTHE R01565_06002-2a | I70: Page 25 Obs. n° 3 | J70: U 3 | K70: Electrique | L70: C. trav | M70: R4324-21 | N70: Identification du risque électrique. | O70: Apposer un pictogramme risque électrique sur l'armoire. | P70: Photos Armoires et Pictogrammes | Q70: JRL | R70: JRL | S70: 43373 | T70: 43344 | U70: Terminée | V70: Valider les achats de pictogrammes avec FRC. Cde passée le 29/08/2018 chez Signals, en attente de réception | W70: JRL | X70: Oui
A71: 81 | B71: 064 | C71: 42786 | D71: Sécurité | E71: Ch22 | F71: 511 | G71: VR8 PERCEUSE | H71: Société ANCANTHE R01565_06002-2a | I71: Page 25 Obs. n° 4 | J71: U 3 | K71: Electrique | L71: C. trav | M71: R4324-21 | N71: Relier le point 0V sur les circuits aval des transformateurs | O71: Relier le point 0V sur les circuits aval des transformateurs | P71: Bon de ferraillage 19/12/2018 | Q71: JRL | R71: GUM Actémuim | S71: 43434 | T71: 43453 | U71: Terminée | V71: Démonté et sortie du parc machine | W71: DRA | X71: Oui
A72: 84 | B72: 065 | C72: 42914 | D72: Sécurité | E72: Ch22 | F72: TOUAS60 | G72: AS60 TOUR VERTICAL / PERCEUSE / RECTIFIEUSE | H72: Société ANCANTHE R01565_06002-3a | I72: Page 8 Obs. n° 2 | J72: U 1 | K72: Mécanique | L72: DIRECTIVE 98/37/CE ANNEXE I | M72: 1.4.2.1 | N72: La protection de l'opérateur contre les risques liés aux éléments mobiles de travail et transmission est incomplète du fait : • de l'absence de dispositif d'interverrouillage sur la porte de chargement des pièces, • de l'absence de dispositif permettant une limitation fiable des vitesses des axes X et Z en mode manuel, • de l'absence de dispositif fiable permettant le contrôle et l'arrêt fiables de la table en mode manuel. | O72: Les système d’interverrouillage des portes d'accès opérateur, chargement pièce et magasin d'outils devront être câblés suivant les principe de la catégorie « 3 » avec un niveau de performance « d ». Un mode manuel, avec protecteur de la zone du plateau ouvert, pourra être mis en œuvre, ce mode ne devra être accessible que par sélecteur à clef ou équivalent câblé suivant la catégorie 1 avec un niveau de performance « c ». Les conditions suivantes devront être mises en œuvre : • commandes des mouvement par appui maintenu de l’opérateur, sur la CN ou la manivelle électronique en mode manuel ou incrémental, • mouvements des axes (uniquement X, Z ) à vitesse réduite (2m/min maxi) avec surveillance câblée suivant la catégorie 3 avec un niveau de performance « d », • rotation de la table à vitesse réduite (en fonction du temps d'arrêt) • rotation de la broche porte meule interdite, • dressage de la meule et changement d’outils interdit. | Q72: JRL | R72: ACTEMIUM AUXERRE | S72: 44926 | U72: A faire | V72: Consultation le 04/07/2018
A73: 84 | B73: 066 | C73: 42914 | D73: Sécurité | E73: Ch22 | F73: TOUAS60 | G73: AS60 TOUR VERTICAL / PERCEUSE / RECTIFIEUSE | H73: Société ANCANTHE R01565_06002-3a | I73: Page 8 Obs. n° 1 | J73: U 1 | K73: Circuit de commande | L73: DIRECTIVE 98/37/CE ANNEXE I | M73: 1.2.1 | N73: Le niveau de sureté des fonctions de sécurité (surveillance de portes et arrêt d'urgence est insuffisant compte tenu de leur gestion en soft ou de l'architecture du câblage. | O73: Recâbler la fonction d'arrêt d'urgence suivant la catégorie 3 avec niveau de performance "d". La chaine d'arrêt d'urgence doit provoquer un arrêt fiable puis une mise hors énergie générale de tous les éléments mobiles. Recâbler les chaînes de sécurité des portes tel que décrit au point ci-dessus. | Q73: JRL | R73: ACTEMIUM AUXERRE | S73: 44926 | U73: A faire | V73: Consultation le 04/07/2018
A74: 84 | B74: 067 | C74: 42914 | D74: Sécurité | E74: Ch22 | F74: TOUAS60 | G74: AS60 TOUR VERTICAL / PERCEUSE / RECTIFIEUSE | H74: Société ANCANTHE R01565_06002-3a | I74: Page 9 Obs. n° 3 | J74: U 1 | K74: Electrique | L74: DIRECTIVE 98/37/CE ANNEXE I | M74: 1.5.1 | N74: La protection contre les contacts indirects est assurée au secondaire des transformateurs 83T (3x200 V) et 86T (3x460 V) du fait de l'absence de contrôleurs permanent d'isolement. | O74: Nous vous conseillons le passage en schéma TN avec mise à la terre du neutre directement à la sortie de chaque secondaire des transformateurs. | Q74: JRL | R74: GUM Actémuim | S74: 43465 | U74: A faire
A75: 84 | B75: 068 | C75: 42914 | D75: Sécurité | E75: Ch22 | F75: TOUAS60 | G75: AS60 TOUR VERTICAL / PERCEUSE / RECTIFIEUSE | H75: Société ANCANTHE R01565_06002-3a | I75: Page 9 Obs. n° 4 | J75: U 1 | K75: Autre | L75: DIRECTIVE 98/37/CE ANNEXE I | M75: 1.5.15 | N75: La protection contre les chute de hauteur est incomplètement réalisée au niveau de l'échelle à crinoline d'accès à la partie supérieure de la machine. | O75: Installer un portillon à fermeture automatique au niveau de la partie haute de l'échelle à crinoline. | P75: Photo portillon et PV réception installation | Q75: JRL | R75: JRL | S75: 43403 | T75: 43378 | U75: Terminée | V75: Chiffrage réalisé, courriel du 01/08/2018 en attente de validation budget pour cde. (Sté JOUSSOT) Cde validée et passée | W75: JRL | X75: Oui
A76: 84 | B76: 069 | C76: 42914 | D76: Sécurité | E76: Ch22 | F76: TOUAS60 | G76: AS60 TOUR VERTICAL / PERCEUSE / RECTIFIEUSE | H76: Société ANCANTHE R01565_06002-3a | I76: Page 9 nota n° 1 | J76: U 2 | K76: Autre | L76: C. trav | M76: R4323-9 | N76: Le fluide de coupe de la machine doit être remplacer régulièrement et aussi souvent que nécessaire. | O76: Il conviendra de réaliser le remplacement ou l’enlèvement du fluide de coupe avant toute période de congé des opérateurs ou mise en chômage de la machine, afin d’éviter la stagnation de celui-ci et sa pollution par des bactéries et /ou particules de métaux et huiles. | P76: Instructions de contrôles Bon de vidange | Q76: JRL | R76: NIP | S76: 43373 | T76: 43340 | U76: Terminée | V76: Courriel fait à Nicolas le 14/08/2018, qui devrait pouvoir me fournir les plannings de vidange des fluides de coupes et les BSD. TPM200, analyse… | W76: JED | X76: Oui
A77: 77 | B77: 070 | C77: 42914 | D77: Sécurité | E77: Ch22 | F77: 302 | G77: PEDDINGHAUS MACHINE DE TREMPE PISTE & DENTURE | H77: Société ANCANTHE R01565_06002-3a | I77: Page 12 Obs. n° 1, 2 et 3 | J77: U 1 | K77: Mécanique | L77: C. trav | M77: R4324-1 R4324-2 R4324-3 | N77: Absence de protection de la zone de travail en mode automatique. | O77: Interdire l'accès de l'opérateur aux éléments mobiles en mouvement par mise en place d'une enceinte de protection avec portes interverrouillées. L'enceinte devra permette une circulation et un chargement aisé aisée autour des pièces à traiter. Pour réaliser celle-ci, nous vous conseillons de remplacer les garde-corps périphériques de la fosse et de la partie arrière de la machine, par des protecteurs d'une hauteur minimale de 1.4 m avec porte interverrouillée côté allées de circulation pour permettre le chargement des pièces et de créer un SAS en zone latérale côté poste de conduite avec porte interverrouillée pour l'accès de l'opérateur à la zone de travail de la machine. Réaliser un mode réglage (positionnement, sans induction et sans fluide) avec commandes de tous les mouvements par appui maintenu de l'opérateur (en tenant compte de l'éloignement de celui-ci et du temps d'arrêt des organes en mouvement). La vitesse de rotation du plateau devra être bridée de manière à ne pas provoquer de risque de chute, de heurt ou de coincement pour l'opérateur même lorsqu'il est sur le plateau. | Q77: JRL | R77: ACTEMIUM AUXERRE | S77: 44926 | U77: A faire
A78: 77 | B78: 071 | C78: 42914 | D78: Sécurité | E78: Ch22 | F78: 302 | G78: PEDDINGHAUS MACHINE DE TREMPE PISTE & DENTURE | H78: Société ANCANTHE R01565_06002-3a | I78: Page 12 Obs. n° 1, 2 et 3 | J78: U 2 | K78: Mécanique | L78: C. trav | M78: R4324-1 R4324-2 R4324-3 | N78: Le réglage de la machine n'est pas possible en mode manuel (trempe des pistes) compte tenu de l'obligation d'ajustement des jets de refroidisseur et du re-réglage de la tête d'induction (décalage) liés aux déformations. | O78: En attendant la modification des outils d'arrosage, la mise en place de systèmes de vision et de motorisations des axes permettant d'ajuster à distance la tête d'induction. Les opérations doivent être réalisées par de personnes reconnues compétentes et dument formées. Celles-ci devront disposer les équipements de protection individuel adaptés et intervenir suivant des consignes et des modes opératoires établis. Des systèmes d'arrêt d'urgence devront être clairement visibles et accessibles au niveau de la zone d'intervention. | Q78: JRL | R78: ACTEMIUM AUXERRE | S78: 44926 | U78: A faire
A79: 77 | B79: 072 | C79: 42914 | D79: Sécurité | E79: Ch22 | F79: 302 | G79: PEDDINGHAUS MACHINE DE TREMPE PISTE & DENTURE | H79: Société ANCANTHE R01565_06002-3a | I79: Page 13 Obs. n° 4 | J79: U 1 | K79: Circuit de commande | L79: C. trav | M79: R4324-8 | N79: La protection contre les marches intempestives liées à des défauts d'isolement n'est pas assuré sur les circuits suivants : • Télécommande 220 Vca de l'inducteur, • Circuits 24 Vcc de la CN (EV et freins). | O79: Assurer la coupure au premier défaut d'isolement sur tous les circuits de télécommande. | Q79: JRL | R79: GUM Actémuim | S79: 43465 | U79: A faire
A80: 77 | B80: 073 | C80: 42914 | D80: Sécurité | E80: Ch22 | F80: 302 | G80: PEDDINGHAUS MACHINE DE TREMPE PISTE & DENTURE | H80: Société ANCANTHE R01565_06002-3a | I80: Page 13 Obs. n° 4 | J80: U 1 | K80: Circuit de commande | L80: C. trav | M80: R4324-8 | N80: Le câblage des fonctions d'arrêt d'urgence de la CN et du générateur d'induction n'a pas le niveau de sécurité requis vis-à-vis des risques présentés. | O80: Nous vous conseillons de recâbler les fonctions d'arrêt d'urgence suivant la catégorie 2 avec un niveau de performance "c". | Q80: JRL | R80: GUM Actémuim | S80: 43465 | U80: A faire
A81: 77 | B81: 074 | C81: 42914 | D81: Sécurité | E81: Ch22 | F81: 302 | G81: PEDDINGHAUS MACHINE DE TREMPE PISTE & DENTURE | H81: Société ANCANTHE R01565_06002-3a | I81: Page 13 Obs. n° 6 | J81: U 1 | K81: Electrique | L81: C. trav | M81: R4324-21 | N81: La protection contre les contacts directs est incomplète au niveau de l'inducteur. La protection contre les contacts indirects est mal assurée sur le circuit de télécommande de l'inducteur (actuellement IT sans contrôleur permanent l'isolement). | O81: Assurer la protection contre les contacts directs au niveau de l'inducteur par mise en place de système assurant la mise hors tension de celui-ci en cas de présence d'un opérateur dans la zone de travail. Compléter la protection contre les contacts indirects soit : • suivant le principe du schéma TN, • soit par mise en place d'un contrôleur permanent d'isolement. | Q81: JRL | R81: GUM Actémuim | S81: 43465 | U81: A faire
A82: 77 | B82: 075 | C82: 42914 | D82: Sécurité | E82: Ch22 | F82: 302 | G82: PEDDINGHAUS MACHINE DE TREMPE PISTE & DENTURE | H82: Société ANCANTHE R01565_06002-3a | I82: Page 14 Obs. n° 5 | J82: U 2 | K82: Indication | L82: C. trav | M82: R4324-16 | N82: Absence de signalisation clair des risques résiduels de brûlure. | O82: Signaler clairement au poste de travail le risque résiduel de brûlure et l'obligation de port des EPI adaptés de protection. | P82: Photos et Instruction de Travail / Fiche au poste | Q82: JRL | R82: JED FRS | S82: 43373 | T82: 43343 | U82: Terminée | V82: Indication réalisée sur l'IT n°0343 Fiche au poste Environnement / Sécurité. Faire approuvé par FRS la dernière version et diffuser. IT Approuvée le 31/08/2018. | W82: JRL | X82: Oui
A83: 77 | B83: 076 | C83: 42914 | D83: Sécurité | E83: Ch22 | F83: 302 | G83: PEDDINGHAUS MACHINE DE TREMPE PISTE & DENTURE | H83: Société ANCANTHE R01565_06002-3a | I83: Page 14 Obs. n° 5 | J83: U 2 | K83: Indication | L83: C. trav | M83: R4324-16 | N83: Absence de signalisation claire sur le port des EPI obligatoires pour la manipulation et l'approche du fluide d'induction. | O83: Signaler par affichage au poste de travail le port obligatoire des EPI adapté pour le produit AQUA QUENCH 200S (tenue, gants, protection des yeux et du visage) | P83: Photos et Instruction de Travail / Fiche au poste. Fiche de Sécurité Produit Aqua Quench 200S | Q83: JRL | R83: JED FRS | S83: 43373 | T83: 43314 | U83: Terminée | V83: Affichage de notre Fiche de Sécurité Produit AQUA QUENCH 200S. Indication réalisée sur l'IT n°0343 Fiche au poste Environnement / Sécurité. Faire approuvé par FRS la dernière version et diffuser. IT Approuvée le 31/08/2018. | W83: JRL | X83: Oui
A84: 77 | B84: 077 | C84: 42914 | D84: Sécurité | E84: Ch22 | F84: 302 | G84: PEDDINGHAUS MACHINE DE TREMPE PISTE & DENTURE | H84: Société ANCANTHE R01565_06002-3a | I84: Page 14 Obs. n° 5 | J84: U 2 | K84: Indication | L84: C. trav | M84: R4324-16 | N84: Absence d'affichage de la présence de champ magnétiques intenses sur les différents points d'accès, situés sur la périphérie de la machine. | O84: Signaler la présence du champ magnétique intense sur tous les point d'accès à la zone de travail. | P84: Photos et Instruction de Travail / Fiche au poste | Q84: JRL | R84: JED FRS MAM | S84: 43373 | T84: 43340 | U84: Terminée | V84: Indication réalisée sur l'IT n°0343 Fiche au poste Environnement / Sécurité. Faire approuvé par FRS la dernière version et diffuser. Affichage du risque aux différents accès de la machine .IT Approuvée le 31/08/2018. Retraçage au sol de la zone concernée (mon courriel du 10/08/2018). | W84: JRL | X84: En attente de mesure complémentaire
A85: 69 | B85: 078 | C85: 42914 | D85: Sécurité | E85: Ch22 | F85: 355 | G85: FOUR CFI | H85: Société ANCANTHE R01565_06002-3a | I85: Page 17 Obs. n° 1 | J85: U 1 | K85: Mécanique | L85: C. trav | M85: R4324-1 | N85: La protection des arbres de transmission (montée et descente cloche) est incomplète au niveau des extrémité des arbres horizontaux ceux-ci n'étant pas lisses. | O85: Manchonner l'extrémité de l'arbre ou la rendre inaccessible par mise en place d'un protecteur fixe. | P85: Photos mise en place protecteur fixe | Q85: JRL | R85: MAM | S85: 43465 | T85: 30/102018 | U85: Terminée | V85: En attente de levées d'observation par DEKRA prévues le 31/01/2019 | W85: DEKRA
A86: 69 | B86: 079 | C86: 42914 | D86: Sécurité | E86: Ch22 | F86: 355 | G86: FOUR CFI | H86: Société ANCANTHE R01565_06002-3a | I86: Page 17 Obs. n° 2 | J86: U 1 | K86: Mécanique | L86: C. trav | M86: R4324-1 | N86: La protection d'un boggie n'est plus correctement réalisée du fait de la dépose du protecteur fixe frontal. | O86: Remettre en place la protection frontale. | P86: Photo obturation accès boggie | Q86: JRL | R86: MAM | S86: 43373 | T86: 43402 | U86: Terminée | V86: En attente de levées d'observation par DEKRA prévues le 31/01/2019 | W86: DEKRA
A87: 69 | B87: 080 | C87: 42914 | D87: Sécurité | E87: Ch22 | F87: 355 | G87: FOUR CFI | H87: Société ANCANTHE R01565_06002-3a | I87: Page 17 Obs. n° 3 | J87: U 1 | K87: Circuit de commande | L87: C. trav | M87: R4324-8 | N87: La coupure au premier défaut d'isolement n'est pas réalisée sur le circuit de télécommande de l'armoire de contrôle de translation et élévation de la cloche du four. | O87: Relier le point commun des bobines au circuit de protection directement à la sortie du transformateur 24Vca. | P87: Photo et courriel commun des bobines | Q87: JRL | R87: GUM Actémuim | S87: 43373 | T87: 43488 | U87: Terminée | V87: En attente de levées d'observation par DEKRA prévues le 31/01/2019 | W87: DEKRA
A88: 69 | B88: 081 | C88: 42914 | D88: Sécurité | E88: Ch22 | F88: 355 | G88: FOUR CFI | H88: Société ANCANTHE R01565_06002-3a | I88: Page 18 à 20 Obs. n° 4 | J88: U 2 | K88: Electrique | L88: C. trav | M88: R4324-21 | N88: Les installations électriques sont vétustes. Par ailleurs : • nombre de passage de câbles sur les différentes armoires et coffrets sont mal réalisées, • des trous sont non obturés dans les coffrets ainsi que sur les fins de course de translation, | O88: • Obturer les passages de câble inutilisés et refaire les fixations des câbles dans le coffret de connexion situé sur la cloche (armoire régulation - cloche) et câble du pendant de commande de mouvement de la cloche. • Obturer tous les passages de câble inutilisé sur les deux fins de cours de translation cloche. | P88: Photos obturations des passages de câbles | Q88: JRL | R88: GUM Actémuim | S88: 43373 | T88: 43402 | U88: Terminée | V88: En attente de levées d'observation par DEKRA prévues le 31/01/2019 | W88: DEKRA
A89: 69 | B89: 082 | C89: 42914 | D89: Sécurité | E89: Ch22 | F89: 355 | G89: FOUR CFI | H89: Société ANCANTHE R01565_06002-3a | I89: Page 18 à 20 Obs. n° 4 | J89: U 1 | K89: Electrique | L89: C. trav | M89: R4324-21 | N89: • le plastron de protection du jeu de barre dans l'armoire de régulation de chauffe est déposé, | O89: • Remettre en place un plastron de protection. | P89: Photo mise en place plastron | Q89: JRL | R89: GUM Actémuim | S89: 43373 | T89: 43402 | U89: Terminée | V89: En attente de levées d'observation par DEKRA prévues le 31/01/2019 | W89: DEKRA
A90: 69 | B90: 083 | C90: 42914 | D90: Sécurité | E90: Ch22 | F90: 355 | G90: FOUR CFI | H90: Société ANCANTHE R01565_06002-3a | I90: Page 18 à 20 Obs. n° 4 | J90: U 2 | K90: Electrique | L90: C. trav | M90: R4324-21 | N90: • de l'appareillage électrique n'est plus correctement fixé dans l'armoire manutention de la cloche, | O90: • Refixer l'appareillage ou déposer celui-ci s'il est non utilisé. | P90: Photo fixation appareillage électrique | Q90: JRL | R90: GUM Actémuim | S90: 43373 | T90: 43402 | U90: Terminée | V90: En attente de levées d'observation par DEKRA prévues le 31/01/2019 | W90: DEKRA
A91: 69 | B91: 084 | C91: 42914 | D91: Sécurité | E91: Ch22 | F91: 355 | G91: FOUR CFI | H91: Société ANCANTHE R01565_06002-3a | I91: Page 18 à 20 Obs. n° 4 | J91: U 1 | K91: Electrique | L91: C. trav | M91: R4324-21 | N91: • La connexion du conducteur de protection électrique du câble d'alimentation du brasseur d'air est mal réalisée. | O91: • Reprendre le conducteur sur la barre de terre situé en dessous de la borne de terre. | P91: Photo de reprise du conducteur de terre | Q91: JRL | R91: GUM Actémuim | S91: 43373 | T91: 43402 | U91: Terminée | V91: En attente de levées d'observation par DEKRA prévues le 31/01/2019 | W91: DEKRA
A92: 68 | B92: 085 | C92: 42915 | D92: Sécurité | E92: Ch21 | F92: TOUTITAN | G92: TITAN TOUR VERTICAL / PERCEUSE / RECTIFIEUSE | H92: Société ANCANTHE R01565_06002-4a | I92: Page 8 Obs. n° 2 | J92: U 1 | K92: Mécanique | L92: DIRECTIVE 98/37/CE ANNEXE I | M92: 1.4.2.2 | N92: Les systèmes d'interverrouillage des portes de l'enceinte d'usinage n'agissent pas suivant la règle de la sécurité positive et sont aisément fraudables. | O92: Remplacer ces dispositifs par des dispositifs d'interverrouillage de sécurité. | Q92: JRL | R92: ACTEMIUM AUXERRE | S92: 44926 | U92: A faire | V92: Consultation le 04/07/2018 Vérifier si inter-verrouillage de sécurité.
A93: 68 | B93: 086 | C93: 42915 | D93: Sécurité | E93: Ch21 | F93: TOUTITAN | G93: TITAN TOUR VERTICAL / PERCEUSE / RECTIFIEUSE | H93: Société ANCANTHE R01565_06002-4a | I93: Page 8 Obs. n° 2 | J93: U 1 | K93: Mécanique | L93: DIRECTIVE 98/37/CE ANNEXE I | M93: 1.4.2.2 | N93: Le capteur de sécurité de la porte du magasin d'outils est intentionnellement fraudé. | O93: Remettre en service le capteur de sécurité. | P93: Bon de maintenance n° 43413 du 09/07/2018 Photos | Q93: JRL | R93: GUM Actémuim | S93: 43291 | T93: 43307 | U93: Terminée | V93: le capteur de sécurité a été repositionné. | W93: DEKRA | X93: Oui
A94: 68 | B94: 087 | C94: 42915 | D94: Sécurité | E94: Ch21 | F94: TOUTITAN | G94: TITAN TOUR VERTICAL / PERCEUSE / RECTIFIEUSE | H94: Société ANCANTHE R01565_06002-4a | I94: Page 8 nota n° 1 | J94: U 2 | K94: Circuit de commande | L94: DIRECTIVE 98/37/CE ANNEXE I | M94: 1.2.1 | N94: Le rapport de contrôle du "SAFETY INTEGRED" de la CN ne nous a pas été communiqué. | O94: En l'absence de ce rapport nous ne pouvons-nous prononcer sur la conformité des circuits de sécurité. | P94: Nota 1, commentaire 2 du rapport de levée de réserves B9655001-1801 R007 V1 | Q94: JRL | R94: JRL | S94: 43373 | T94: 43431 | U94: Terminée | V94: Courriel du 16/08/2018 à Samuel afin qu'il me procure ce rapport ou m'indique ou le récupérer. Communiquer le rapport de contrôle du "safety integrated" au prochain tiers expert afin qu'il finalise la vérification de conformité. | W94: DEKRA | X94: Oui
A95: 68 | B95: 088 | C95: 42915 | D95: Sécurité | E95: Ch21 | F95: TOUTITAN | G95: TITAN TOUR VERTICAL / PERCEUSE / RECTIFIEUSE | H95: Société ANCANTHE R01565_06002-4a | I95: Page 8 Obs. n° 1 | J95: U 2 | K95: Conduite de la machine | L95: DIRECTIVE 98/37/CE ANNEXE I | M95: 1.2.2 | N95: Le poste de commande y compris arrêt d'urgence du convoyeur à copeaux est masqué par le bureau de l'opérateur. L'arrêt d'urgence de la zone arrière de la machine côté magasin est difficilement accessible et visible du fait de la présence d'une armoire. | O95: Repositionner ces organes de commande de manière à permettre un accès aisé à ceux-ci. | P95: Photos | Q95: JRL | R95: JRL | S95: 43343 | T95: 43329 | U95: Terminée | V95: Voir avec la production, si le déplacement réalisé est fonctionnel et durable. Mon courriel à PHD du 17/08/2018. Le 30/09/2018 pas de retour, l'action est donc clôturée. | W95: DEKRA | X95: Oui
A96: 68 | B96: 089 | C96: 42915 | D96: Sécurité | E96: Ch21 | F96: TOUTITAN | G96: TITAN TOUR VERTICAL / PERCEUSE / RECTIFIEUSE | H96: Société ANCANTHE R01565_06002-4a | I96: Page 9 nota n° 2 | J96: U 2 | K96: Autre | L96: DIRECTIVE 98/37/CE ANNEXE I | M96: 1.5.13 | N96: Le fluide de coupe de la machine doit être remplacer régulièrement et aussi souvent que nécessaire. | O96: Il conviendra de réaliser le remplacement ou l’enlèvement du fluide de coupe avant toute période de congé des opérateurs ou mise en chômage de la machine, afin d’éviter la stagnation de celui-ci et sa pollution par des bactéries et /ou particules de métaux et huiles. | P96: Instructions de contrôles Bon de vidange | Q96: JRL | R96: NIP | S96: 43373 | T96: 43340 | U96: Terminée | V96: Courriel fait à Nicolas le 14/08/2018, qui devrait pouvoir me fournir les plannings de vidange des fluides de coupes et les BSD. TPM200, analyse… | W96: DEKRA | X96: Oui
A97: 68 | B97: 090 | C97: 42915 | D97: Sécurité | E97: Ch21 | F97: TOUTITAN | G97: TITAN TOUR VERTICAL / PERCEUSE / RECTIFIEUSE | H97: Société ANCANTHE R01565_06002-4a | I97: Page 9 Obs. n° 3 | J97: U 1 | K97: Autre | L97: DIRECTIVE 98/37/CE ANNEXE I | M97: 1.5.15 | N97: Absence de portillon à fermeture automatique au niveau de la plateforme d'accès à la partie supérieure de la machine. | O97: Installer un portillon en partie haute de l'échelle à crinoline conformément à la norme ISO 14 122. | P97: Photo portillon et PV réception installation | Q97: JRL | R97: JRL | S97: 43403 | T97: 43378 | U97: Terminée | V97: Chiffrage réalisé, courriel du 01/08/2018 en attente de validation budget pour cde. (Sté JOUSSOT) Cde validée et passée, équipement installé. | W97: DEKRA | X97: Oui
A98: 68 | B98: 091 | C98: 42915 | D98: Sécurité | E98: Ch21 | F98: TOUTITAN | G98: TITAN TOUR VERTICAL / PERCEUSE / RECTIFIEUSE | H98: Société ANCANTHE R01565_06002-4a | I98: Page 9 Obs. n° 4 | J98: U 2 | K98: Indication | L98: DIRECTIVE 98/37/CE ANNEXE I | M98: 1.7.0 | N98: Absence d’indication claires sur les diamètres et vitesses maximales admissibles au niveau de la broche porte meules et du plateau. | O98: Afficher clairement et lisiblement les vitesses et diamètre de meule maximaux autorisés par la machine. | P98: Instruction, diffusion et photo | Q98: JRL | R98: SAS | S98: 43373 | T98: 43402 | U98: Terminée | V98: Je crée des étiquettes d'identifications et consulte Samuel (courriel du 16/08/2108) pour obtenir les informations non trouvées dans le dossier machine sur Lotus. Les informations ont été communiquées par le service Méthode, j'ai rédigé l'IT0639 et fait une info TV. | W98: DEKRA | X98: Oui
A99: 68 | B99: 092 | C99: 42915 | D99: Sécurité | E99: Ch21 | F99: TOUTITAN | G99: TITAN TOUR VERTICAL / PERCEUSE / RECTIFIEUSE | H99: Société ANCANTHE R01565_06002-4a | I99: Page 9 Obs. n° 5 | J99: U 3 | K99: Indication | L99: DIRECTIVE 98/37/CE ANNEXE I | M99: 1.7.3 | N99: Absence de marquage CE. | O99: La machine étant d'origine extra communautaire lors de son achat elle aurait dû subir les procédures de conformité applicables aux machines considérées comme neuve lors de son arrivée en France (soit la directive machine 98/37/CE). | P99: Déclaration de conformité | Q99: JRL | R99: DAR | S99: 43373 | U99: En-cours | V99: J'ai récupéré la déclatation de conformité dans les dossiers machine, pour la plaque CE c'est compliqué, mais j'ai evoiyé un courriel le 05/10/2018 au fabricant, je ne sais s'il exerce toujours. Voir avec Dekra si cela est suffisant et quel moyen nous pouvons répondre à cette observation. J'ai recu une retour du fabricant qui doit m'envoyer une plaque CE pour cette machine par courrier. | X99: En attente de mesure complémentaire
A100: 65 | B100: 093 | C100: 42915 | D100: Sécurité | E100: Ch21 | F100: TOUAC46 | G100: AC46 TOUR VERTICAL / PERCEUSE / RECTIFIEUSE | H100: Société ANCANTHE R01565_06002-4a | I100: Page 13 Obs. n° 1 | J100: U 1 | K100: Mécanique | L100: DIRECTIVE 98/37/CE ANNEXE I | M100: 1.3.7 | N100: Absence de protection des points rentrants au niveau du col de cygne du convoyeur d'évacuation des copeaux. | O100: Interdire l'accès à cette zone pendant le fonctionnement du convoyeur par mise en place d'une enceinte de protection avec porte d'accès verrouillée électriquement. | Q100: JRL | R100: ACTEMIUM AUXERRE | S100: 44926 | U100: A faire
...

Sheet Bilan par Acteurs
F1: SYSTEME DE MANAGEMENT DE L’EHS
A2: Site : | F2: Projet de mise en conformité Machines du site
A3: Manuel EHS Ed
F4: Mise à jour du : 21/01/2019 | M4: Par : Jérôme LACASSAGNE
D8: Etat des actions | H8: Acteurs | O8: TOTAL
H9: G. MAGNIEN | I9: M. MIGNON | J9: JLA | K9: N. PELLETIER | L9: D. RAGOT | M9: S. SERRURIER / JLA | N9: Prest. Externes
D10: Nbre d'actions clôturées dans les délais | H10: 0 | I10: 4 | J10: 17 | K10: 11 | L10: 10 | N10: 1 | O10: =SUM(H10:N10) -> 43
D11: Nbre d'actions clôturées hors délais | H11: 5 | I11: 1 | L11: 10 | M11: 6 | N11: 4 | O11: =SUM(H11:M11) -> 22
D12: Nbre d'actions à clôturées dans les délais | H12: 26 | I12: 5 | L12: 3 | M12: 3 | N12: 24 | O12: =SUM(H12:N12) -> 61
D13: Nbre d'actions à clôturées hors délais | H13: 5 | L13: 1 | M13: 2 | N13: 15 | O13: =SUM(H13:N13) -> 23
D14: Nbre d'actions totales | H14: =SUM(H10:H13) -> 36 | I14: =SUM(I10:I13) -> 10 | J14: =SUM(J10:J13) -> 17 | K14: =SUM(K10:K13) -> 11 | L14: =SUM(L10:L13) -> 24 | M14: =SUM(M10:M13) -> 11 | N14: =SUM(N10:N13) -> 44 | O14: =SUM(H14:N14) -> 153

Sheet Bilan par Acteurs archv
F1: SYSTEME DE MANAGEMENT DE L’EHS
A2: Site : | F2: Projet de mise en conformité Machines du site
A3: Manuel EHS Ed
F4: Mise à jour du : 30/10/2018 | M4: Par : Jérôme LACASSAGNE
D8: Etat des actions | H8: Acteurs | O8: TOTAL
H9: G. MAGNIEN | I9: M. MIGNON | J9: JLA | K9: N. PELLETIER | L9: D. RAGOT | M9: S. SERRURIER | N9: Prest. Externes
D10: Nbre d'actions soldées dans les délais | H10: 0 | I10: 4 | J10: 17 | K10: 11 | L10: 10 | N10: 1 | O10: =SUM(H10:N10) -> 43
D11: Nbre d'actions soldées hors délais | H11: 5 | I11: 1 | L11: 10 | M11: 6 | N11: 4 | O11: =SUM(H11:M11) -> 22
D12: Nbre d'actions à solder dans les délais | H12: 26 | I12: 5 | L12: 3 | M12: 3 | N12: 24 | O12: =SUM(H12:N12) -> 61
D13: Nbre d'actions à solder hors délais | H13: 5 | L13: 1 | M13: 2 | N13: 15 | O13: =SUM(H13:N13) -> 23
D14: Nbre d'actions totales | H14: =SUM(H10:H13) -> 36 | I14: =SUM(I10:I13) -> 10 | J14: =SUM(J10:J13) -> 17 | K14: =SUM(K10:K13) -> 11 | L14: =SUM(L10:L13) -> 24 | M14: =SUM(M10:M13) -> 11 | N14: =SUM(N10:N13) -> 44 | O14: =SUM(H14:N14) -> 153

Sheet Invt Machines
G1: SYSTEME DE MANAGEMENT DE L’EHS
A2: Site : | G2: Inventaire Parc Machines du site
A3: Manuel EHS Ed
G4: Mise à jour du : 24/01/2019 | Z4: Par : Jérôme LACASSAGNE
D6: Examen de vérification de conformité non opportun selon Bureau de contrôle | M6: Données non connues ou vérifiables, ou estimée
D7: En veille ou à l'arrêt, en vue d'une cession ou destruction
D8: Cédée ou détruite et évacuée
A10: N° de lignes | B10: DONNEES MACHINES | N10: DONNEES SUR LOTUS NOTES & SERVEUR DOSSIERS "22 - Maintenance" | X10: VISITES DE CONFORMITE MACHINES | AD10: Dernière observation levée le | AF10: Commentaires
B11: Localisation | E11: N° | F11: MSI | G11: Nom | H11: Marque | I11: Type | J11: FIXE OU PORTATIF | K11: ENERGIE | L11: date_serv ou date_Fab | M11: Puissance (kW) | N11: N° indentification constructeur | O11: Plaque d'identification | Q11: Notice constructeur | R11: PV contrôle mise en service | S11: Déclaration de Conformité | T11: Plans / Schémas | X11: Dates | Y11: Prestataire | Z11: Rapports de visites initiales | AA11: Dates | AB11: Prestataire | AC11: Rapports de visites de levées de réserves
O12: Présente sur machines | P12: CE | T12: Mécanique | U12: Electrique | V12: Hydraulique | W12: pneumatique | AM12: Grosses machines
A13: 1 | B13: Channel | C13: 11 | D13: 16 | E13: PE500 | F13: 3187547 | G13: ARMAY BOREY | H13: ARMAY BOREY | I13: Perceuse | J13: Fixe | K13: E | L13: 36703 | M13: 3 | O13: non | P13: NA | Q13: non | R13: non | S13: non | T13: non | U13: non | V13: non | W13: non
A14: 2 | B14: Channel | C14: 11 | D14: 16 | E14: 742 | G14: MONTAGE C11 N° 118 | H14: RKS | I14: Table de montage | J14: Fixe | K14: E | L14: 32874 | N14: 7111 / 118 | O14: non | P14: NA | Q14: non | R14: non | S14: non | T14: non | U14: non | V14: non | W14: non
A15: 3 | B15: Channel | C15: 11 | D15: 16 | E15: 742 | G15: MONTAGE C11 N° 126 | H15: RKS | I15: Table de montage | J15: Fixe | K15: E | L15: 32874 | N15: 7111 / 126 | O15: non | P15: NA | Q15: non | R15: non | S15: non | T15: non | U15: non | V15: non | W15: non | X15: 42786 | Y15: ACANTHE | Z15: R01565_06002_2a | AA15: 43431 | AB15: DEKRA | AC15: Rapport B9655001-1801 R001 | AF15: Chiffrage en cours. Communiquer le schéma électrique au prochain tiers expert afin qu'il valide les fonctions de sécurité.
A16: 4 | B16: Channel | C16: 11 | D16: 16 | E16: 252 | F16: 3187603 | G16: TFF100 | H16: BERTHIEZ | I16: Tour | J16: Fixe | K16: E | L16: 27576 | M16: 25 | N16: 131120 | O16: oui | P16: NA | Q16: oui | R16: non | S16: non | T16: non | U16: non | V16: non | W16: NA | AF16: non concernée du fait du projet de la sortir du parc
A17: 5 | B17: Channel | C17: 11 | D17: 16 | E17: 3322 | F17: 3187667 | G17: UNIPORT | H17: UNISIGN | I17: Perceuse | J17: Fixe | K17: E | L17: 33815 | M17: 32 | N17: 6278 | O17: oui | P17: NA | Q17: non | R17: non | S17: non | T17: non | U17: non | V17: non | W17: non | AF17: non concernée du fait du projet de la sortir du parc
A18: 6 | B18: Channel | C18: 11 | D18: 16 | E18: 353 | G18: FOUR SAT | H18: SAT | I18: Four | J18: Fixe | K18: E | M18: 175 | N18: 2546042 | O18: oui | P18: non | Q18: non | R18: non | S18: non | T18: non | U18: oui | V18: NON | W18: NA | X18: 42787 | Y18: ACANTHE | Z18: R01565_06002_2a
A19: 7 | B19: Channel | C19: 11 | D19: 16 | E19: 401 | F19: 3186779 | G19: L1500 | H19: LIEBHERR | I19: Tailleuse | J19: Fixe | K19: E | L19: 23774 | M19: 35 | O19: non | P19: NA | Q19: non | R19: non | S19: non | T19: non | U19: non | V19: non | W19: NA | AF19: Sortie du parc. Bon de ferraillage au 25/07/2018 (sortie immob le 14/03/2018)
A20: 8 | B20: Channel | C20: 13 | D20: 16 | E20: 712 | G20: MONTAGE C13 N° 135 | H20: SKF | I20: Table de montage | J20: Fixe | K20: E | L20: 32874 | M20: 7.5 | N20: 2546155 | O20: non | P20: NA | X20: 21//02/2017 | Y20: ACANTHE | Z20: R01565_06002_2a | AF20: Sortie du parc. Bon de ferraillage au 19/12/2018
A21: 9 | B21: Channel | C21: 13 | D21: 16 | E21: 311 | F21: 3188515 | G21: EMA piste | H21: EMA | I21: Trempe piste | J21: Fixe | K21: E | L21: 25903 | M21: 280 | O21: non | Q21: non | R21: non | S21: non | T21: non | U21: non | V21: non | W21: non | AF21: Sortie du parc. Bon de ferraillage au 25/07/2018 (sortie immob le 12/09/2018)
A22: 10 | B22: Channel | C22: 13 | D22: 16 | E22: 313 | F22: 3188323 | G22: EMA Denture | H22: EMA | I22: Trempe denture | J22: Fixe | K22: E | L22: 26969 | M22: 220 | N22: 2546054 | P22: NA | Q22: non | R22: non | S22: non | T22: non | U22: non | V22: non | W22: non | X22: 42916 | Y22: ACANTHE | Z22: R01565_06002_7a
A23: 11 | B23: Channel | C23: 16 | D23: 16 | E23: 316 | F23: 3188075 | G23: EMA Denture | H23: EMA | I23: Trempe denture | J23: Fixe | K23: E | L23: 27303 | M23: 220 | N23: 342 | O23: oui | P23: NA | Q23: non | R23: non | S23: non | T23: non | U23: non | V23: non | W23: non
A24: 12 | B24: Channel | C24: 16 | D24: 16 | E24: 412 | F24: 3187827 | G24: L2000 | H24: LIEBHERR | I24: Tailleuse | J24: Fixe | K24: E | L24: 25812 | M24: 35 | N24: 41926 | O24: oui | P24: NA | Q24: non | R24: non | S24: non | T24: non | U24: non | V24: non | W24: non
A25: 13 | B25: Channel | C25: 16 | D25: 16 | E25: 413 | F25: 3187259 | G25: LS2000 | H25: LIEBHERR | I25: Tailleuse | J25: Fixe | K25: E | L25: 27515 | M25: 90 | N25: 45553 | O25: oui | P25: NA | Q25: à compléter | R25: non | S25: non | T25: non | U25: non | V25: non | W25: ? | X25: 42915 | Y25: ACANTHE | Z25: R01565_06002_5a
A26: 14 | B26: Channel | C26: 13 | D26: 16 | E26: 3270 | F26: 3187755 | G26: SCHIESS CN | H26: SCHIESS | I26: Tailleuse | J26: Fixe | K26: E | L26: 33463 | M26: 170 | O26: non | P26: NA | Q26: oui | R26: non | S26: non | T26: non | U26: non | V26: non | W26: non
A27: 15 | B27: Channel | C27: 16 | D27: 16 | E27: 3069 | F27: 3188595 | G27: AC15 | H27: PIETRO CARNAGHI | I27: Tour vertical / perceuse | J27: Fixe | K27: E | L27: 32507 | M27: 150 | N27: AC15CNC / 88340 | O27: oui | P27: NA | Q27: non | R27: non | S27: non | T27: non | U27: non | V27: 13H49 | W27: NA
A28: 16 | B28: Channel | C28: 13 | D28: 16 | E28: 73 | F28: 3188147 | G28: AC20 | H28: PIETRO CARNAGHI | I28: Tour vertical / perceuse | J28: Fixe | K28: E | L28: 32051 | M28: 154 | N28: 87309 | O28: oui | P28: na | S28: oui | X28: 42916 | Y28: ACANTHE | Z28: R01565_06002_7a | AB28: DEKRA | AC28: En attente du rapport | AF28: Un rétrofit a été réalisé en juillet 2017 et intègre la levée des réserves et une réception par un bureau de contrôle
A29: 17 | B29: Channel | C29: 16 | D29: 16 | E29: 3116 | F29: 3188603 | G29: AC20 | H29: PIETRO CARNAGHI | I29: Tour vertical / perceuse | J29: Fixe | K29: E | L29: 32843 | M29: 150 | N29: AC20CNC / 89348 | O29: oui | P29: NA | Q29: à compléter | R29: non | S29: non | T29: non | U29: non | V29: non | W29: NA | X29: 42912 | Y29: ACANTHE | Z29: R01565_06002_5a | AA29: 43431 | AB29: DEKRA | AC29: Rapport B9655001-1801 R002 V1 | AF29: Chiffrage en cours. Communiquer le schéma électrique au prochain tiers expert afin qu'il valide les fonctions de sécurité.
A30: 18 | B30: Channel | C30: 13 | D30: 16 | E30: 3265 | F30: 3187643 | G30: AC20 | H30: PIETRO CARNAGHI | I30: Tour vertical / perceuse | J30: Fixe | K30: E | L30: 33436 | M30: 150 | N30: 91385 | O30: oui | P30: NA | Q30: non | R30: non | S30: non | T30: non | U30: non | V30: oui | W30: ? | AF30: Un rétrofit est prévu en juillet 2018 et intègrera la levée des réserves et une réception par un bureau de contrôle
A31: 19 | B31: Channel | C31: 13 | D31: 16 | E31: 702 | G31: MACHINE A LAVER | H31: SEMAME | I31: Machine à laver | J31: Fixe | K31: E | L31: 2003 | N31: 8036-102 | O31: oui | P31: oui | Q31: non | R31: non | S31: non | T31: non | U31: non | V31: non | W31: ? | AF31: Sortie du parc. Bon de ferraillage au 01/09/2018 (sortie immob le 12/09/2018)
A32: 20 | B32: Channel | C32: 13 | D32: 16 | E32: 712 | F32: 3195827 | G32: MONTAGE C13 N° 134 | H32: AS2i | I32: Table de montage | J32: Fixe | K32: E | L32: 39457 | M32: 8 | N32: D07C0078 | O32: oui | P32: oui | Q32: non | R32: non | S32: non | T32: non | U32: non | V32: non | W32: ?
A33: 21 | B33: Channel | C33: 13 | D33: 16 | E33: 0014.1 | G33: POSTE EBAVURAGE | H33: ? | I33: Ebavurage | J33: Appareil portatif | K33: E | O33: non | Q33: non | R33: non | S33: non | T33: non | U33: non | V33: non | W33: ? | AF33: Pas opportun selon bureau de contrôle, outil portatif / mobile avec CE en série
A34: 22 | B34: Channel | C34: 13 | D34: 16 | E34: 013 | G34: POSTE DE REDRESSAGE | H34: SKF | I34: Redressage | J34: Fixe | K34: E | O34: non | Q34: non | R34: non | S34: non | T34: non | U34: non | V34: non | W34: ?
A35: 23 | B35: Channel | C35: 16 | D35: 16 | E35: 585 | G35: BRAS TARAUDEUR | H35: POWERTOOLS | I35: Bras taraudeur | J35: Fixe | K35: E | N35: 08395 | O35: oui | P35: oui | Q35: non | R35: non | S35: non | T35: non | U35: non | V35: non | W35: ? | AF35: Sortie du parc. Bon de ferraillage au 29/08/2018
A36: 24 | B36: Channel | C36: 16 | D36: 16 | E36: 561 | F36: 3186763 | G36: CHOMIENNE | H36: CHOMIENNE | I36: Perceuse | J36: Fixe | K36: E | M36: 3 | O36: non | Q36: non | R36: non | S36: non | T36: non | U36: non | V36: non | W36: ? | AF36: Sortie du parc. Bon de ferraillage au 05/01/2018 (sortie immob le 25/01/2018)
A37: 25 | B37: Channel | C37: 16 | D37: 16 | E37: 7221 | G37: CINTREUSE JONCS | H37: ? | I37: Cintreuse | J37: Fixe | K37: E | L37: 31355 | O37: non | P37: NA | Q37: non | R37: non | S37: non | T37: non | U37: non | V37: non | W37: ? | X37: 43382 | Y37: DEKRA
A38: 26 | B38: Channel | C38: 16 | D38: 16 | E38: 048 | G38: TRONCONNEUSE JONCS | H38: SIDAMO | I38: Tronçonneuse | J38: Fixe | K38: E | L38: 42379 | M38: 2.2 | N38: 048 | O38: oui | Q38: oui | R38: non | S38: oui | T38: oui | U38: oui | V38: NA | W38: NA
A39: 27 | B39: Channel | C39: 16 | D39: 16 | E39: 70288 | G39: PERCEUSE A COLONNE (PM17) JONCS | H39: CINCINNATI MILACRON | I39: Perceuse | J39: Fixe | K39: E | L39: 29952 | M39: 0.55 | N39: 70288 | O39: oui | Q39: non | R39: non | S39: non | T39: non | U39: non | V39: non | W39: ? | X39: 43383 | Y39: DEKRA
A40: 28 | B40: Channel | C40: 16 | D40: 16 | G40: GENERATEUR D'IMPLUSION (G100/G0-0,2-20) JONCS | H40: JOLKE | I40: Soudeuse Sac VCI | J40: Appareil portatif | K40: E | N40: 110519 | O40: oui | Q40: oui | R40: non | S40: oui | T40: oui | U40: oui | V40: NA | W40: NA | AF40: Pas opportun selon bureau de contrôle, outil portatif / mobile avec CE en série
A41: 29 | B41: Channel | C41: 16 | D41: 16 | G41: PINCE A SCELLER (SZ 280) JONCS | H41: JOLKE | I41: Soudeuse Sac VCI | J41: Appareil portatif | K41: E | L41: 2011 | N41: 110575 | O41: oui | Q41: oui | R41: non | S41: oui | T41: oui | U41: non | V41: NA | W41: NA | AF41: Pas opportun selon bureau de contrôle, outil portatif / mobile avec CE en série
A42: 30 | B42: Channel | C42: 16 | D42: 16 | G42: MEULEUSE D'ANGLE JONCS (MODELE GWS13-125 CI) | H42: BOSH | I42: Meuleuse | J42: Appareil portatif | K42: E | L42: 2011 | M42: 0.13 | N42: 601 G9E 000 711001440 | O42: oui | Q42: non | R42: non | S42: non | T42: non | U42: NA | V42: NA | W42: non | AF42: Pas opportun selon bureau de contrôle, outil portatif / mobile avec CE en série
A43: 31 | B43: Channel | C43: 16 | D43: 16 | G43: DISQUEUSE D'EXTREMITE FINITION JONCS | H43: SIEMENS | I43: Disqueuse | J43: Appareil portatif en poste fixe | K43: E | M43: 0.055 | N43: 605781401006 | O43: oui | Q43: non | R43: non | S43: non | T43: non | U43: non | V43: NA | W43: NA
A44: 32 | B44: Channel | C44: 16 | D44: 16 | G44: FRAISEUSE EXTREMITE FINITION JONCS (MODELE GGS28LC) | H44: BOSH | I44: Fraiseuse | J44: Appareil portatif en poste fixe | K44: E | L44: 2016 | M44: 0.065 | O44: oui | Q44: non | R44: non | S44: non | T44: non | U44: non | V44: NA | W44: NA
A45: 33 | B45: Channel | C45: 16 | D45: 16 | G45: MEULEUSE D'EXTREMITE FINITION JONCS | H45: ETABLISSEMENT G. RENAULT | I45: Meuleuse | J45: Appareil portatif | K45: P | M45: 15500 Tr/m 6 bars | N45: 2072 | O45: non | Q45: non | R45: non | S45: non | T45: non | U45: NA | V45: NA | W45: non | AF45: Pas opportun selon bureau de contrôle, outil portatif / mobile avec CE en série
A46: 34 | B46: Channel | C46: 16 | D46: 16 | E46: 762.1 | G46: MACHINE A LAVER | H46: FUCHS | I46: Machine à laver | J46: Fixe | K46: E | O46: non | Q46: non | R46: non | S46: non | T46: non | U46: non | V46: non | W46: non | AF46: Pas opportun selon bureau de contrôle, machine/outil avec CE en série
A47: 35 | B47: Channel | C47: 16 | D47: 16 | E47: 7116 | G47: Magnéto | H47: SREM TECHNOLOGIES | I47: Contrôle par magnétoscopie | J47: Appareil mobile | K47: E | O47: non | Q47: oui | R47: non | S47: non | T47: non | U47: non | V47: non | W47: non | AF47: Pas opportun selon bureau de contrôle, outil portatif / mobile avec CE en série
A48: 36 | B48: Channel | C48: 16 | D48: 16 | G48: Rouleau entrainement couronne | H48: SKF | I48: Contrôle par magnétoscopie | J48: FIXE | K48: E | L48: 40546 | O48: non | Q48: non | R48: non | S48: non | T48: non | U48: oui | V48: NA | W48: NA
A49: 37 | B49: Channel | C49: 16 | D49: 16 | E49: 762 | F49: 3195891 | G49: MONTAGE C16 (inclinaison motorisée) | H49: INA | I49: Table de montage | J49: Fixe | K49: E | L49: av 1993 ? | O49: non | P49: non | Q49: non | R49: non | S49: non | T49: non | U49: oui | V49: NA | W49: NA
A50: 38 | B50: Channel | C50: 16 | D50: 16 | E50: 0016 | G50: POSTE EBAVURAGE | H50: ? | I50: Ebavurage | J50: Appareil portatif | K50: E | O50: non | Q50: non | R50: non | S50: non | T50: non | U50: non | V50: non | W50: ? | AF50: Pas opportun selon bureau de contrôle, outil portatif / mobile avec CE en série
A51: 39 | B51: Channel | C51: 16 | D51: 16 | E51: 691 | F51: 3187243 | G51: VGM200 | H51: BERTHIEZ | I51: Rectifieuse | J51: Fixe | K51: E | L51: 25689 | M51: 75 | O51: non | P51: NA | Q51: non | R51: non | S51: non | T51: non | U51: non | V51: non | W51: ? | X51: 42915 | Y51: ACANTHE | Z51: R01565_06002_5a | AF51: Chiffrage en cours
A52: 40 | B52: Channel | C52: 16 | D52: 16 | E52: 692 | F52: 3188555 | G52: ROPC | H52: BERTHIEZ | I52: Rectifieuse | J52: Fixe | K52: E | L52: 28095 | M52: 75 | N52: 297001 | O52: oui | P52: NA | Q52: non | R52: non | S52: non | T52: non | U52: non | V52: non | W52: ?
A53: 41 | B53: Channel | C53: 16 | D53: 16 | E53: 585 | G53: PERCEUSE A COLONNE SIDAMO | H53: SIDAMO | I53: Perceuse | J53: Fixe | K53: E | L53: 40535 | M53: 1.5 | N53: G0909047 | O53: oui | P53: oui | Q53: oui | R53: oui | S53: oui | T53: oui | U53: oui | V53: NA | W53: NA | X53: 40470 | Y53: DEKRA | Z53: A A8514392/1001
A54: 42 | B54: Channel | C54: 16 | D54: 16 | E54: 7221 | G54: TABLE DE TREMPE JONCS | H54: ? | I54: trempe | J54: Fixe | K54: E | L54: ? 25/02/2010 | O54: non | Q54: non | R54: non | S54: non | T54: non | U54: non | V54: non | W54: ? | X54: 43382 | Y54: DEKRA
A55: 43 | B55: Channel | C55: 16 | D55: 16 | E55: 7221 | G55: SABLEUSE Joncs (MODELE VB 75 H) | H55: RÖSLER | I55: Sableuse | J55: Fixe | K55: E | L55: 40326 | O55: oui | Q55: oui | R55: non | S55: non | T55: oui | U55: oui | W55: oui
A56: 44 | B56: Channel | C56: 16 | D56: 16 | E56: 70 | F56: 3186395 | G56: CN | H56: EMA | I56: Trempe denture et piste | J56: Fixe | K56: E | L56: 31717 | M56: 220 | O56: oui | P56: NA | Q56: oui | R56: non | S56: non | T56: non | U56: oui | V56: non | W56: non | X56: 42916 | Y56: ACANTHE | Z56: R01565_06002_5a | AF56: Chiffrage en cours
A57: 45 | B57: Usine | C57: 16 | D57: 16 | E57: 313 | F57: 3635752 | G57: BAC LIQUIDE DE TREMPS (Station de pompage) | H57: OMSAT | I57: Station de pompage | J57: Fixe | K57: E | O57: oui | P57: non | AF57: Au delà de la conformité machine, la sécurisation des accès est commandé à la société Joussot qui doit programmer son intervention avec SKF.
A58: 46 | B58: CMI | C58: CMI | D58: 16 | E58: 762 | G58: TABLE DE CONTRÔLE | H58: ? | I58: Table de contrôle | J58: Fixe | K58: E | O58: non | P58: non
A59: 47 | B59: Channel | C59: 14 | D59: 20 | E59: ASSEMB01 | F59: 3190107 | G59: MONTAGE C14 | H59: AS2i | I59: Table de montage | J59: Fixe | K59: E | L59: 39300 | M59: 10 | N59: D06C0038 | O59: oui | P59: oui | Q59: oui | R59: non | S59: oui | T59: oui | U59: oui | V59: oui | W59: oui | X59: 21//02/2017 | Y59: ACANTHE | Z59: R01565_06002_2a | AF59: Chiffrage en cours
A60: 48 | B60: Channel | C60: 14 | D60: 20 | E60: ASSEMB01 | G60: APPAREIL DE MESURE DE PROFIL | H60: MAHR | I60: Appareil de mesure | J60: Fixe | K60: E | L60: 41151 | N60: 6720810 _ 3040 | O60: oui | P60: oui | Q60: oui | R60: non | S60: non | T60: non | U60: non | V60: non | W60: ?
A61: 49 | B61: Channel | C61: 14 | D61: 20 | E61: FOU36 | F61: 3186043 | G61: FOUR SAT (354) | H61: SAT | I61: Four | J61: Fixe | K61: E | L61: 39498 | M61: 200 | N61: B 1855 A | O61: oui | P61: oui | Q61: oui | R61: oui | S61: oui | T61: oui | U61: oui | V61: ? | W61: oui
A62: 50 | B62: Channel | C62: 14 | D62: 20 | E62: 341 | F62: 3187619 | G62: EMA Piste | H62: EMA | I62: Trempe denture et piste | J62: Fixe | K62: E | X62: En cours | AF62: Rétrofit en cours, réception conditionnée à la conformité par bureau de contrôle. Prévoir en mise en conformité, l'accès sécurisé à la fosse machine
A63: 51 | B63: Channel | C63: 14 | D63: 20 | E63: TAILL3500 | F63: 3188283 | G63: LC3500 | H63: LIEBHERR | I63: Tailleuse | J63: Fixe | K63: E | L63: 39741 | M63: 220 | N63: 3046 | O63: non | P63: non | Q63: oui | R63: oui | S63: oui | T63: oui | U63: oui | V63: oui | W63: oui | X63: 42916 | Y63: ACANTHE | Z63: R01565_06002_6a | AF63: Chiffrage en cours. Communiquer le rapport de contrôle du "safety integrated" au prochain tiers expert afin qu'il finalise la vérification de conformité.
A64: 52 | B64: Channel | C64: 14 | D64: 20 | E64: LAVAG14 | F64: 3635264 | G64: MACHINE A LAVER | H64: BREL (IM Idea Machine) | I64: Machine à laver | J64: Fixe | K64: E | L64: 40878 | N64: DOM11363 | O64: oui | P64: oui | Q64: non | R64: non | S64: oui | T64: oui | U64: oui | V64: oui | W64: oui
A65: 53 | B65: Channel | C65: 14 | D65: 20 | E65: 634 | F65: 3188667 | G65: DRH3200 | H65: Matra Schneider | I65: Rectifieuse | J65: Fixe | K65: E | L65: 38910 | M65: 100 | N65: 101 617/01 | O65: oui | P65: non | AF65: non concernée du fait du projet de la sortir du parc
A66: 54 | B66: Channel | C66: 14 | D66: 20 | E66: TOUAC361 | F66: 3188483 | G66: AC36 TMTM-3200 | H66: PIETRO CARNAGHI | I66: Tour vertical / perceuse et rectif | J66: Fixe | K66: E | L66: 39024 | M66: 219 | N66: 06667 | O66: oui | P66: oui | Q66: non | R66: non | S66: non | T66: à compléter | U66: non | V66: non | W66: non
A67: 55 | B67: Channel | C67: 14 | D67: 20 | E67: TOUAC362 | F67: 3188475 | G67: AC36 TMTM-3200 | H67: PIETRO CARNAGHI | I67: Tour vertical / perceuse et rectif | J67: Fixe | K67: E | L67: 39024 | M67: 219 | N67: 06668 | O67: oui | P67: oui | X67: 42916 | Y67: ACANTHE | Z67: R01565_06002_6a | AF67: Communiquer le rapport de contrôle du "safety integrated" au prochain tiers expert afin qu'il finalise la vérification de conformité.
A68: 56 | B68: Channel | C68: 14 | D68: 20 | E68: PERC3500 | F68: 3188499 | G68: IBARMIA | H68: IBARMIA INNOVATER | I68: Perceuse | J68: Fixe | K68: E | L68: 39780 | M68: 95 | N68: 7626 | O68: oui | P68: oui | Q68: oui | R68: non | S68: non | T68: oui | U68: oui | V68: oui | W68: ? | AF68: non concernée du fait du projet de la sortir du parc
A69: 57 | B69: Channel | C69: 14 | D69: 20 | E69: 0014.4 | G69: POSTE EBAVURAGE | H69: ? | I69: Ebavurage | J69: Appareil portatif | K69: E | O69: non | Q69: non | R69: non | S69: non | T69: non | U69: non | V69: non | W69: ? | AF69: Pas opportun selon bureau de contrôle, outil portatif / mobile avec CE en série
A70: 58 | B70: Channel | C70: 21 | D70: 21 | E70: ASSEMB752 | F70: 3197923 | G70: MONTAGE C21 | H70: AS2i/SKF | I70: Table de montage | J70: Fixe | K70: E | L70: 38959 | M70: 10 | N70: D06C0123 | O70: oui | P70: oui | Q70: oui | R70: oui | S70: oui (mais cf. Obs du rapport) | T70: oui | U70: oui | V70: NA | W70: NA | X70: 43165 | Y70: DEKRA | Z70: B84141781801 R001 | AA70: 43412 | AB70: DEKRA | AC70: Rapport B8955268-1801 R001 | AD70: 43412 | AF70: Actémium à réaliser la levée des réserves du rapport de DEKRA. Une visite de réception a été réalisée par DEKRA le 08/11/2018. Seule une observation administrative perdure et n'est pas résolvable. Elle ne caractérise pas de risque pour l'opérateur. La machine est jugée conforme.
A71: 59 | B71: Channel | C71: 21 | D71: 21 | E71: 253 | F71: 3186971 | G71: BM225 | H71: BERTHIEZ | I71: Tour | J71: Fixe | K71: E | L71: 27820 | M71: 90 | N71: 144035 | O71: oui | P71: NA | Q71: non | R71: non | S71: non | T71: non | U71: non | V71: non | W71: ?
A72: 60 | B72: Channel | C72: 21 | D72: 21 | E72: 568 | F72: 3188563 | G72: DUFIEUX TB | H72: DUFIEUX | I72: Perceuse | J72: Fixe | K72: E | L72: 28095 | O72: non | P72: NA | Q72: non | R72: non | S72: non | T72: non | U72: non | V72: non | W72: ? | AF72: Sortie du parc. Bon de ferraillage et sortie immob au 25/07/2017
A73: 61 | B73: Channel | C73: 21 | D73: 16 | E73: PE600 | F73: 3192051 | G73: GSP Radiale 46016 N° 928 | H73: GSP | I73: Perceuse | J73: Fixe | K73: E | L73: 2001 | N73: 629 | O73: oui | P73: oui | Q73: non | R73: ? | S73: ? | T73: non | U73: non | V73: non | W73: ?
A74: 62 | B74: Channel | C74: 21 | D74: 21 | E74: 752 | G74: MACHINE A LAVER | H74: FUCHS | I74: Machine à laver | J74: Fixe | K74: E | O74: non | Q74: non | R74: non | S74: non | T74: non | U74: non | V74: non | W74: non | AF74: Pas opportun selon bureau de contrôle, machine/outil avec CE en série
A75: 63 | B75: Channel | C75: 21 | D75: 21 | E75: 7113 | G75: Magnéto | H75: SREM TECHNOLOGIES | I75: Contrôle par magnétoscopie | J75: Appareil mobile | K75: E | L75: 40546 | O75: non | Q75: oui | R75: non | S75: non | T75: non | U75: oui | V75: NA | W75: NA | AF75: Pas opportun selon bureau de contrôle, outil portatif / mobile avec CE en série
A76: 64 | B76: Channel | C76: 21 | D76: 21 | E76: 13-B | G76: Rouleau entrainement couronne | H76: SKF | I76: Contrôle par magnétoscopie | J76: FIXE | K76: E | L76: av 1993 ? | O76: non | P76: non | Q76: non | R76: non | S76: non | T76: non | U76: oui | V76: NA | W76: NA | AF76: Proto Maréchal
A77: 65 | B77: Channel | C77: 21 | D77: 21 | E77: TOUAC46 | F77: 3187099 | G77: AC46 | H77: PIETRO CARNAGHI | I77: Tour vertical / perceuse et rectif | J77: Fixe | K77: E | L77: ? 09/03/2005 | M77: 174 | N77: 04635 | O77: oui | P77: non | Q77: oui | R77: non | S77: oui | T77: oui | U77: oui | V77: ? | W77: ? | X77: 42914 | Y77: ACANTHE | Z77: R01565_06002_4a | AF77: Chiffrage en cours. Communiquer le rapport de contrôle du "safety integrated" au prochain tiers expert afin qu'il finalise la vérification de conformité.
A78: 66 | B78: Channel | C78: 21 | D78: 21 | E78: 752 | G78: MONTAGE C21 | H78: SKF | I78: Table de montage | J78: Fixe | K78: E | O78: non | Q78: non | R78: non | S78: non | T78: non | U78: non | V78: non | W78: non | AF78: Sortie du parc. Bon de ferraillage 11/06/2018
A79: 67 | B79: Channel | C79: 21 | D79: 21 | E79: TO200 | F79: 3186707 | G79: SPMO | H79: SPMO | I79: Tour vertical / perceuse | J79: Fixe | K79: E | L79: 37257 | M79: 150 | N79: 9705 | O79: oui | P79: oui | Q79: non | R79: non | S79: non | T79: oui | U79: oui | V79: non | W79: non | X79: 42915 | Y79: ACANTHE | Z79: R01565_06002_4a | AF79: Chiffrage en cours. Communiquer le rapport de contrôle du "safety integrated" au prochain tiers expert afin qu'il finalise la vérification de conformité.
A80: 68 | B80: Channel | C80: 21 | D80: 21 | E80: TOUTITAN | F80: 3188491 | G80: TITAN | H80: POPECI | I80: Tour vertical / perceuse et rectif | J80: Fixe | K80: E | L80: 39765 | M80: 200 | O80: non | P80: non | Q80: non | R80: non | S80: oui | T80: non | U80: non | V80: non | W80: non | X80: 42914 | Y80: ACANTHE | Z80: R01565_06002_4a | AA80: 43431 | AB80: DEKRA | AC80: Rapport B9655001-1801 R007 V1 | AF80: Chiffrage en cours.
A81: 69 | B81: Channel | C81: 22 | D81: 22 | E81: 355 | F81: 3186379 | G81: FOUR CFI | H81: CFI | I81: Four | J81: Fixe | K81: E | L81: 28065 | M81: 252 | N81: 75-1605 | O81: oui | P81: NA | Q81: non | R81: non | S81: non | T81: non | U81: non | V81: non | W81: non | X81: 42914 | Y81: ACANTHE | Z81: R01565_06002_3a | AA81: 43496 | AB81: DEKRA | AD81: 43486 | AF81: En attente de visite de levée d'observation par Dekra prévue le 31/01/2019
A82: 70 | B82: Channel | C82: 22 | D82: 22 | E82: 7102 | F82: 3192251 | G82: Laser Tracker | H82: LEICA | I82: Appareil de mesure | J82: Appareil mobile | K82: E | L82: 39326 | O82: non | Q82: non | R82: non | S82: non | T82: non | U82: non | V82: non | W82: non | AF82: Sortie du parc. Bon de ferraillage29/08/2018
A83: 71 | B83: Channel | C83: 22 | D83: 22 | E83: 7102 | G83: Laser Tracker AT960 | H83: LEICA | I83: Appareil de mesure | J83: Mobile | K83: E | L83: 2018
A84: 72 | B84: Channel | C84: 22 | D84: 22 | E84: 7114 | G84: Magnéto | H84: ? | I84: Contrôle par magnétoscopie | J84: Appareil mobile | K84: E | O84: non | Q84: non | R84: non | S84: non | T84: non | U84: non | V84: NA | W84: NA | AF84: Pas opportun selon bureau de contrôle, outil portatif / mobile avec CE en série
A85: 73 | B85: Channel | C85: 22 | D85: 22 | E85: 5T3 | G85: Rouleau entrainement couronne | H85: SKF | I85: Contrôle par magnétoscopie | J85: Fixe | K85: E | L85: av 1993 ? | O85: non | Q85: non | R85: non | S85: non | T85: non | U85: non | V85: NA | W85: NA | AF85: Proto Maréchal
A86: 74 | B86: Channel | C86: 22 | D86: 22 | E86: 471 | F86: 3186819 | G86: MODUL | H86: KombinatsbetrieB MODUL | I86: Tailleuse | J86: Fixe | K86: E | L86: 26330 | M86: 100 | N86: 6076 | O86: oui | P86: NA | Q86: non | R86: non | S86: non | T86: à compléter | U86: non | V86: non | W86: non
A87: 75 | B87: Channel | C87: 22 | D87: 22 | E87: 7102 | F87: 3193483 | G87: MONTAGE C22 | H87: ERI Automation | I87: Table de montage | J87: Fixe | K87: E | L87: 40057 | M87: 34 | N87: C6395 | O87: oui | P87: oui | Q87: oui | R87: oui | S87: oui | T87: à compléter | U87: oui | V87: oui | W87: non | X87: 39986 | Y87: DEKRA | Z87: A7007723 /0901 | AF87: Prestataire racheté par Groupe CFH / BFI
A88: 76 | X88: 42787 | Y88: ACANTHE | Z88: R01565_06002_2a
A89: 77 | B89: Channel | C89: 22 | D89: 22 | E89: 302 | F89: 3186227 | G89: PEDDINGHAUS | H89: PEDDINGHAUS / EMA | I89: Trempe piste et denture | J89: Fixe | K89: E | L89: 33445 | M89: 480 | N89: 1255 | O89: oui | P89: NA | Q89: non | R89: non | S89: non | T89: non | U89: oui | V89: non | W89: non | X89: 42913 | Y89: ACANTHE | Z89: R01565_06002_3a | AF89: Chiffrage en cours
A90: 78 | B90: Channel | C90: 22 | D90: 22 | E90: 0014.3 | G90: POSTE EBAVURAGE | H90: ? | I90: Ebavurage | J90: Appareil portatif | O90: non | Q90: non | R90: non | S90: non | T90: non | U90: non | V90: non | W90: ? | AF90: Pas opportun selon bureau de contrôle, outil portatif / mobile avec CE en série
A91: 79 | B91: Channel | C91: GOUPIL | D91: 22 | E91: 7102 | G91: SCIE | H91: KASTO | I91: Scie | J91: Fixe | K91: E | L91: 1969 | N91: 102 009 1530/14063 | O91: oui | P91: NA | Q91: non | R91: non | S91: non | T91: non | U91: non | V91: non | W91: non
A92: 80 | B92: Channel | C92: 22 | D92: 22 | E92: 3546 | F92: 3186899 | G92: SOMEX | H92: SOMEX | I92: Perceuse | J92: Fixe | L92: 35123 | M92: 8 | N92: MS317 | O92: oui | P92: oui | Q92: oui | R92: non | S92: oui | T92: oui | U92: oui | V92: oui | W92: NA | X92: 42788 | Y92: ACANTHE | Z92: R01565_06002_1a | AB92: DEKRA | AC92: En attente du rapport | AF92: Communiquer la notice d'utilisation au prochain tiers expert afin qu'il finalise la vérification de conformité
A93: 81 | B93: Channel | C93: 22 | D93: 22 | E93: 511 | F93: 3187419 | G93: VR8 | H93: MAS | I93: Perceuse | J93: Fixe | K93: E | L93: 28642 | M93: 10 | N93: 2546063 | O93: oui | P93: NA | Q93: non | R93: non | S93: non | T93: non | U93: non | V93: non | W93: non | X93: 42787 | Y93: ACANTHE | Z93: R01565_06002_2a | AF93: Sortie du parc. Bon de ferraillage au 19/12/2018
A94: 82 | B94: Channel | C94: 22 | D94: 22 | E94: 586 | F94: 3187971 | G94: DUFIEUX CN | H94: DUFIEUX | I94: Perceuse | J94: Fixe | L94: 1984 | M94: 100 | N94: 3187971 | O94: non | P94: NA | Q94: non | R94: non | S94: NA | T94: non | U94: non | V94: non | W94: non | X94: 42788 | Y94: ACANTHE | Z94: R01565_06002_1a | AF94: Chiffrage en cours
A95: 83 | B95: Channel | C95: 22 | D95: 22 | E95: 693 | F95: 3188363 | G95: AS 65 | H95: PIETRO CARNAGHI | I95: Tour / Rectifieuse | J95: Fixe | M95: 300 | N95: 84261 | O95: oui | P95: non | Q95: non | R95: non | S95: non | T95: ? | U95: oui | V95: à compléter | W95: ? | X95: 42787 | Y95: ACANTHE | Z95: R01565_06002_1a | AF95: Chiffrage en cours / IRE validée / doit être réalisée en 2018
